Workbook
Name \a: #REF!
Name \b: #REF!
Name \C: #REF!
Name \d: #REF!
Name \e: #REF!
Name \f: #REF!
Name \G: #REF!
Name \h: #REF!
Name \j: #REF!
Name \k: #REF!
Name \l: #REF!
Name \m: #REF!
Name \n: #REF!
Name \o: #REF!
Name \p: [1]Rates!#REF!
Name \q: #REF!
Name \r: #REF!
Name \s: #REF!
Name \t: #REF!
Name \u: #REF!
Name \w: #REF!
Name \x: #REF!
Name \y: #REF!
Name _4_23_2002: #REF!
Name _4_25_2002: #REF!
Name _5: #REF!
Name _CHA1: #REF!
Name _CHA11: #REF!
Name _CHA12: #REF!
Name _CHA13: #REF!
Name _CHA14: #REF!
Name _CHA2: #REF!
Name _CHA3: #REF!
Name _CHA4: #REF!
Name _CHA5: #REF!
Name _CHA6: #REF!
Name _CHA7: #REF!
Name _MO1: #REF!
Name _MO2: #REF!
Name _MO3: #REF!
Name _MO4: #REF!
Name _NEW1: #REF!
Name _NEW11: #REF!
Name _NEW12: #REF!
Name _NEW13: #REF!
Name _NEW14: #REF!
Name _NEW2: #REF!
Name _NEW3: #REF!
Name _NEW4: #REF!
Name _NEW5: #REF!
Name _NEW6: #REF!
Name _NEW7: #REF!
Name _OLD1: #REF!
Name _OLD11: #REF!
Name _OLD12: #REF!
Name _OLD13: #REF!
Name _OLD14: #REF!
Name _OLD2: #REF!
Name _OLD3: #REF!
Name _OLD4: #REF!

Sheet Retail Rate Impact
F1: Incremental EVs from Dec 31 2020
C2: 2021 | D2: 2022 | E2: =D2+1 -> 2023 | F2: =E2+1 -> 2024 | G2: =F2+1 -> 2025 | H2: =G2+1 -> 2026 | I2: =H2+1 -> 2027 | J2: =I2+1 -> 2028 | K2: =J2+1 -> 2029 | L2: =K2+1 -> 2030
B4: Revenue from EV Charging | C4: ='Net Revenues'!D75*-1 -> -2942403.8 | D4: ='Net Revenues'!E75*-1 -> -8520044.3 | E4: ='Net Revenues'!F75*-1 -> -17015555 | F4: ='Net Revenues'!G75*-1 -> -31045983 | G4: ='Net Revenues'!H75*-1 -> -47644135 | H4: ='Net Revenues'!I75*-1 -> -69745429 | I4: ='Net Revenues'!J75*-1 -> -1.0021438e+08 | J4: ='Net Revenues'!K75*-1 -> -1.4080841e+08 | ... L4: ='Net Revenues'!M75*-1 -> -2.6659429e+08
B5: + Cost to Serve EV Charging | C5: ='Net Revenues'!D76*-1 -> 1159047.8 | D5: ='Net Revenues'!E76*-1 -> 3088523.5 | E5: ='Net Revenues'!F76*-1 -> 7006444.4 | F5: ='Net Revenues'!G76*-1 -> 12976107 | G5: ='Net Revenues'!H76*-1 -> 18830710 | H5: ='Net Revenues'!I76*-1 -> 26129068 | I5: ='Net Revenues'!J76*-1 -> 35656660 | J5: ='Net Revenues'!K76*-1 -> 47063415 | ... L5: ='Net Revenues'!M76*-1 -> 81126908
B6: = Net Revenue from EV Charging (A) | C6: =C4+C5 -> -1783356 | D6: =D4+D5 -> -5431520.8 | E6: =E4+E5 -> -10009110 | F6: =F4+F5 -> -18069876 | G6: =G4+G5 -> -28813424 | H6: =H4+H5 -> -43616361 | I6: =I4+I5 -> -64557719 | J6: =J4+J5 -> -93744997 | ... L6: =L4+L5 -> -1.8546739e+08
B8: Rev Req Filing 1 - 11/1/2023 | F8: 4000000 | G8: 10000000 | H8: 11000000 | I8: 15000000 | J8: =I8 -> 15000000 | K8: =J8 -> 15000000 | L8: =K8 -> 15000000 | N8: from TEP Budget
B9: Rev Req Filing 2 - 1H24 | F9: 2000000 | G9: 15000000 | H9: 25000000 | I9: 37000000 | J9: =I9 -> 37000000 | K9: =J9 -> 37000000 | L9: =K9 -> 37000000 | N9: from TEP Budget
B10: - Operating Revenues | I10: =H10 -> 0 | J10: =I10 -> 0 | K10: =J10 -> 0 | L10: =K10 -> 0 | N10: from TEP Budget
B11: = Total Proposed TEP (B) | F11: =SUM(F8:F10) -> 6000000 | G11: =SUM(G8:G10) -> 25000000 | H11: =SUM(H8:H10) -> 36000000 | I11: =SUM(I8:I10) -> 52000000 | J11: =SUM(J8:J10) -> 52000000 | K11: =SUM(K8:K10) -> 52000000 | L11: =SUM(L8:L10) -> 52000000
B13: Prior Approved TEP Capital | C13: 2383284.3 | D13: 6956748.2 | E13: 7744288.3 | J13: =I13 -> 0 | K13: =J13 -> 0 | L13: =K13 -> 0 | N13: from TEP Budget
B14: + EVSI Deferred Assets | J14: =I14 -> 0 | K14: =J14 -> 0 | L14: =K14 -> 0 | N14: from TEP Budget
B15: + PIM | F15: =$C27 -> 0 | G15: =$C27 -> 0 | H15: =$C27 -> 0 | I15: =$C27 -> 0 | J15: =$C27 -> 0 | K15: =$C27 -> 0 | L15: =$C27 -> 0
B16: = Total Other Related Costs (C) | C16: =SUM(C13:C15) -> 2383284.3 | D16: =SUM(D13:D15) -> 6956748.2 | E16: =SUM(E13:E15) -> 7744288.3 | F16: =SUM(F13:F15) -> 0 | G16: =SUM(G13:G15) -> 0 | H16: =SUM(H13:H15) -> 0 | I16: =SUM(I13:I15) -> 0 | J16: =SUM(J13:J15) -> 0 | ... L16: =SUM(L13:L15) -> 0
B18: = Total Retail Rate Impact (A+B+C) | C18: =C6+C11+C16 -> 599928.31 | D18: =D6+D11+D16 -> 1525227.4 | E18: =E6+E11+E16 -> -2264822 | F18: =F6+F11+F16 -> -12069876 | G18: =G6+G11+G16 -> -3813424.3 | H18: =H6+H11+H16 -> -7616360.7 | I18: =I6+I11+I16 -> -12557719 | J18: =J6+J11+J16 -> -41744997 | ... L18: =L6+L11+L16 -> -1.3346739e+08
B19: ÷ Approximate Total Retail Revenues | C19: =C34 -> 0 | D19: =D34 -> 0 | E19: =E34 -> #DIV/0! | F19: =F34 -> 3.5403871e+09 | G19: =G34 -> 3.6310102e+09 | H19: =H34 -> 3.9232548e+09 | I19: =I34 -> 4.128646e+09 | J19: =J34 -> 0 | ... L19: =L34 -> 0
B20: = Retail Rate Impact - Percentage | C20: =C18/C19 -> #DIV/0! | D20: =D18/D19 -> #DIV/0! | E20: =E18/E19 -> #DIV/0! | F20: =F18/F19 -> -0.0034091968 | G20: =G18/G19 -> -0.0010502378 | H20: =H18/H19 -> -0.0019413372 | I20: =I18/I19 -> -0.0030416072 | J20: =J18/J19 -> #DIV/0! | ... L20: =L18/L19 -> #DIV/0!
B25: Key Assumptions
B27: PIM | C27: 0 | N27: assumption
B29: Retail Rate Inflation % | C29: 0.02 | N29: assumption
B31: Retail Revenue Forecast | C31: =C2 -> 2021 | D31: =D2 -> 2022 | E31: =E2 -> 2023 | F31: =F2 -> 2024 | G31: =G2 -> 2025 | H31: =H2 -> 2026 | I31: =I2 -> 2027 | J31: =J2 -> 2028 | ... L31: =L2 -> 2030
B32: Average Retail Rate ($/kWh) | C32: =C34/C33/1000 -> #DIV/0! | D32: =D34/D33/1000 -> #DIV/0! | E32: =D32*(1+$C$29) -> #DIV/0! | F32: =F34/F33/1000 -> 0.12574137 | G32: =F32*(1+$C$29) -> 0.1282562 | H32: =G32*(1+$C$29) -> 0.13082133 | I32: =H32*(1+$C$29) -> 0.13343775 | J32: =I32*(1+$C$29) -> 0.13610651 | K32: =J32*(1+$C$29) -> 0.13882864 | L32: =K32*(1+$C$29) -> 0.14160521
B33: Total Sales (MWh) | F33: 28156103 | G33: 28310602 | H33: 29989413 | I33: 30940614 | N33: Aug 2023 forecast
B34: Total Retail Revenues ($) | E34: =E32*E33*1000 -> #DIV/0! | F34: 3.5403871e+09 | G34: =G32*G33*1000 -> 3.6310102e+09 | H34: =H32*H33*1000 -> 3.9232548e+09 | I34: =I32*I33*1000 -> 4.128646e+09 | J34: =J32*J33*1000 -> 0 | K34: =K32*K33*1000 -> 0 | L34: =L32*L33*1000 -> 0 | N34: 2024 Ordered Test Year
B44: Summary Table | F44: 2024 | G44: 2025 | H44: 2026 | I44: 2027 | J44: Total
B45: Revenue from EV Charging | F45: =F4 -> -31045983 | G45: =G4 -> -47644135 | H45: =H4 -> -69745429 | I45: =I4 -> -1.0021438e+08 | J45: =SUM(F45:I45) -> -2.4864993e+08
B46: + Cost to Serve EV Charging | F46: =F5 -> 12976107 | G46: =G5 -> 18830710 | H46: =H5 -> 26129068 | I46: =I5 -> 35656660 | J46: =SUM(F46:I46) -> 93592546
B47: = Net Revenue from EV Charging | F47: =SUM(F45:F46) -> -18069876 | G47: =SUM(G45:G46) -> -28813424 | H47: =SUM(H45:H46) -> -43616361 | I47: =SUM(I45:I46) -> -64557719 | J47: =SUM(F47:I47) -> -1.5505738e+08
B48: + TEP Revenue Requirement | F48: =F8+F9+F10 -> 6000000 | G48: =G8+G9+G10 -> 25000000 | H48: =H8+H9+H10 -> 36000000 | I48: =I8+I9+I10 -> 52000000 | J48: =SUM(F48:I48) -> 119000000
B49: + Prior Approved Capital | F49: =F13+F14 -> 0 | G49: =G13+G14 -> 0 | H49: =H13+H14 -> 0 | I49: =I13+I14 -> 0 | J49: =SUM(F49:I49) -> 0
B50: + PIM | F50: =F15 -> 0 | G50: =G15 -> 0 | H50: =H15 -> 0 | I50: =I15 -> 0 | J50: =SUM(F50:I50) -> 0
B51: = Retail Rate Impact | F51: =SUM(F47:F50) -> -12069876 | G51: =SUM(G47:G50) -> -3813424.3 | H51: =SUM(H47:H50) -> -7616360.7 | I51: =SUM(I47:I50) -> -12557719 | J51: =SUM(F51:I51) -> -36057381
B52: ÷ Approximate Total Retail Revenues | F52: =F19 -> 3.5403871e+09 | G52: =G19 -> 3.6310102e+09 | H52: =H19 -> 3.9232548e+09 | I52: =I19 -> 4.128646e+09 | J52: =SUM(F52:I52) -> 1.5223298e+10
B53: = Retail Rate Impact - Percentage | F53: =F51/F52 -> -0.0034091968 | G53: =G51/G52 -> -0.0010502378 | H53: =H51/H52 -> -0.0019413372 | I53: =I51/I52 -> -0.0030416072 | J53: =J51/J52 -> -0.0023685656

Sheet Net Revenues
D1: 2021 | E1: 2022 | F1: 2023 | G1: 2024 | H1: 2025 | I1: 2026 | J1: 2027 | K1: 2028 | L1: 2029 | M1: 2030
B3: System Impacts
B5: Home Charging
B6: Energy (kWh) | D6: ='Rate Revenues'!D34*1000 -> 20643201 | E6: ='Rate Revenues'!E34*1000 -> 52213316 | F6: ='Rate Revenues'!F34*1000 -> 99803025 | G6: ='Rate Revenues'!G34*1000 -> 1.5870093e+08 | H6: ='Rate Revenues'!H34*1000 -> 2.2186444e+08 | I6: ='Rate Revenues'!I34*1000 -> 2.9642586e+08 | J6: ='Rate Revenues'!J34*1000 -> 3.8937e+08 | K6: ='Rate Revenues'!K34*1000 -> 5.0084946e+08 | ... M6: ='Rate Revenues'!M34*1000 -> 7.97492e+08
B7: Coincident Peak (kW) | D7: =D6/8760/'Cost to Serve'!$U$72 -> 1915.1539 | E7: =E6/8760/'Cost to Serve'!$U$72 -> 4844.042 | F7: =F6/8760/'Cost to Serve'!$U$72 -> 9259.133 | G7: =G6/8760/'Cost to Serve'!$U$72 -> 14723.332 | H7: =H6/8760/'Cost to Serve'!$U$72 -> 20583.267 | I7: =I6/8760/'Cost to Serve'!$U$72 -> 27500.634 | J7: =J6/8760/'Cost to Serve'!$U$72 -> 36123.441 | K7: =K6/8760/'Cost to Serve'!$U$72 -> 46465.844 | ... M7: =M6/8760/'Cost to Serve'!$U$72 -> 73986.58
B8: Non-Coincident Peak (kW) | D8: =D6/8760/'Cost to Serve'!$Y$72 -> 4938.9874 | E8: =E6/8760/'Cost to Serve'!$Y$72 -> 12492.293 | F8: =F6/8760/'Cost to Serve'!$Y$72 -> 23878.364 | G8: =G6/8760/'Cost to Serve'!$Y$72 -> 37969.979 | H8: =H6/8760/'Cost to Serve'!$Y$72 -> 53082.158 | I8: =I6/8760/'Cost to Serve'!$Y$72 -> 70921.344 | J8: =J6/8760/'Cost to Serve'!$Y$72 -> 93158.688 | K8: =K6/8760/'Cost to Serve'!$Y$72 -> 119830.7 | ... M8: =M6/8760/'Cost to Serve'!$Y$72 -> 190803.88
B10: Work Charging
B11: Energy (kWh) | D11: ='Rate Revenues'!D41*1000 -> 4076669.5 | E11: ='Rate Revenues'!E41*1000 -> 10006632 | F11: ='Rate Revenues'!F41*1000 -> 18519095 | G11: ='Rate Revenues'!G41*1000 -> 28437138 | H11: ='Rate Revenues'!H41*1000 -> 38276333 | I11: ='Rate Revenues'!I41*1000 -> 49069804 | J11: ='Rate Revenues'!J41*1000 -> 61604008 | K11: ='Rate Revenues'!K41*1000 -> 75390274 | ... M11: ='Rate Revenues'!M41*1000 -> 1.068092e+08
B12: Coincident Peak (kW) | D12: =D11/8760/'Cost to Serve'!$W$72 -> 397.76948 | E12: =E11/8760/'Cost to Serve'!$W$72 -> 976.3688 | F12: =F11/8760/'Cost to Serve'!$W$72 -> 1806.9482 | G12: =G11/8760/'Cost to Serve'!$W$72 -> 2774.6731 | H12: =H11/8760/'Cost to Serve'!$W$72 -> 3734.7047 | I12: =I11/8760/'Cost to Serve'!$W$72 -> 4787.8471 | J12: =J11/8760/'Cost to Serve'!$W$72 -> 6010.8365 | K12: =K11/8760/'Cost to Serve'!$W$72 -> 7355.9924 | ... M12: =M11/8760/'Cost to Serve'!$W$72 -> 10421.605
B13: Non-Coincident Peak (kW) | D13: =D11/8760/'Cost to Serve'!$AA$72 -> 1180.4437 | E13: =E11/8760/'Cost to Serve'!$AA$72 -> 2897.5285 | F13: =F11/8760/'Cost to Serve'!$AA$72 -> 5362.4039 | G13: =G11/8760/'Cost to Serve'!$AA$72 -> 8234.2803 | H13: =H11/8760/'Cost to Serve'!$AA$72 -> 11083.325 | I13: =I11/8760/'Cost to Serve'!$AA$72 -> 14208.692 | J13: =J11/8760/'Cost to Serve'!$AA$72 -> 17838.106 | K13: =K11/8760/'Cost to Serve'!$AA$72 -> 21830.068 | ... M13: =M11/8760/'Cost to Serve'!$AA$72 -> 30927.757
B15: Public Charging
B16: Energy (kWh) | D16: ='Rate Revenues'!D45*1000 -> 1084130.8 | E16: ='Rate Revenues'!E45*1000 -> 4465316.5 | F16: ='Rate Revenues'!F45*1000 -> 11975394 | G16: ='Rate Revenues'!G45*1000 -> 24761548 | H16: ='Rate Revenues'!H45*1000 -> 42983682 | I16: ='Rate Revenues'!I45*1000 -> 69140150 | J16: ='Rate Revenues'!J45*1000 -> 1.0695231e+08 | K16: ='Rate Revenues'!K45*1000 -> 1.5936335e+08 | ... M16: ='Rate Revenues'!M45*1000 -> 3.2861904e+08
B17: Coincident Peak (kW) | D17: =D16/8760/'Cost to Serve'!$V$72 -> 183.40936 | E17: =E16/8760/'Cost to Serve'!$V$72 -> 755.42622 | F17: =F16/8760/'Cost to Serve'!$V$72 -> 2025.9542 | G17: =G16/8760/'Cost to Serve'!$V$72 -> 4189.0699 | H17: =H16/8760/'Cost to Serve'!$V$72 -> 7271.8252 | I17: =I16/8760/'Cost to Serve'!$V$72 -> 11696.883 | J17: =J16/8760/'Cost to Serve'!$V$72 -> 18093.808 | K17: =K16/8760/'Cost to Serve'!$V$72 -> 26960.52 | ... M17: =M16/8760/'Cost to Serve'!$V$72 -> 55594.59
B18: Non-Coincident Peak (kW) | D18: =D16/8760/'Cost to Serve'!$Z$72 -> 207.09225 | E18: =E16/8760/'Cost to Serve'!$Z$72 -> 852.97128 | F18: =F16/8760/'Cost to Serve'!$Z$72 -> 2287.5572 | G18: =G16/8760/'Cost to Serve'!$Z$72 -> 4729.9872 | H18: =H16/8760/'Cost to Serve'!$Z$72 -> 8210.8059 | I18: =I16/8760/'Cost to Serve'!$Z$72 -> 13207.253 | J18: =J16/8760/'Cost to Serve'!$Z$72 -> 20430.186 | K18: =K16/8760/'Cost to Serve'!$Z$72 -> 30441.82 | ... M18: =M16/8760/'Cost to Serve'!$Z$72 -> 62773.289
B20: Total Energy (kWh) | D20: =SUM(D6,D11,D16) -> 25804002 | E20: =SUM(E6,E11,E16) -> 66685265 | F20: =SUM(F6,F11,F16) -> 1.3029751e+08 | G20: =SUM(G6,G11,G16) -> 2.1189962e+08 | H20: =SUM(H6,H11,H16) -> 3.0312445e+08 | I20: =SUM(I6,I11,I16) -> 4.1463581e+08 | J20: =SUM(J6,J11,J16) -> 5.5792632e+08 | K20: =SUM(K6,K11,K16) -> 7.3560308e+08 | ... M20: =SUM(M6,M11,M16) -> 1.2329202e+09
B22: Total Coincident Peak Contribution (kW) | D22: =SUM(D7,D12,D17) -> 2496.3327 | E22: =SUM(E7,E12,E17) -> 6575.837 | F22: =SUM(F7,F12,F17) -> 13092.035 | G22: =SUM(G7,G12,G17) -> 21687.075 | H22: =SUM(H7,H12,H17) -> 31589.797 | I22: =SUM(I7,I12,I17) -> 43985.363 | J22: =SUM(J7,J12,J17) -> 60228.085 | K22: =SUM(K7,K12,K17) -> 80782.356 | ... M22: =SUM(M7,M12,M17) -> 140002.78
B24: Total Non-Coincident Peak Contribution (kW) | D24: =SUM(D8,D13,D18) -> 6326.5234 | E24: =SUM(E8,E13,E18) -> 16242.792 | F24: =SUM(F8,F13,F18) -> 31528.326 | G24: =SUM(G8,G13,G18) -> 50934.246 | H24: =SUM(H8,H13,H18) -> 72376.289 | I24: =SUM(I8,I13,I18) -> 98337.288 | J24: =SUM(J8,J13,J18) -> 131426.98 | K24: =SUM(K8,K13,K18) -> 172102.58 | ... M24: =SUM(M8,M13,M18) -> 284504.93
B27: System Costs
B29: Generation Capacity ($/kW) | D29: 6.85 | E29: 6.96 | F29: 7.08 | G29: 11.84 | H29: =G29*1.02 -> 12.0768 | I29: =H29*1.02 -> 12.318336 | J29: =I29*1.02 -> 12.564703 | K29: =J29*1.02 -> 12.815997 | L29: =K29*1.02 -> 13.072317 | M29: =L29*1.02 -> 13.333763 | N29: CCOSS cell O118
B30: Generation Capaacity ($) | D30: =D$22*D29*12 -> 205198.55 | E30: =E$22*E29*12 -> 549213.9 | F30: =F$22*F29*12 -> 1112299.3 | G30: =G$22*G29*12 -> 3081299.6 | H30: =H$22*H29*12 -> 4578044 | I30: =I$22*I29*12 -> 6501917.8 | J30: =J$22*J29*12 -> 9080975.8 | K30: =K$22*K29*12 -> 12423677 | ... M30: =M$22*M29*12 -> 22401166
B32: Distribution Capacity ($/kW) | D32: =E32/1.02 -> 3.4313725 | E32: 3.5 | F32: =E32*1.02 -> 3.57 | G32: 3.45 | H32: =G32*1.02 -> 3.519 | I32: =H32*1.02 -> 3.58938 | J32: =I32*1.02 -> 3.6611676 | K32: =J32*1.02 -> 3.734391 | L32: =K32*1.02 -> 3.8090788 | M32: =L32*1.02 -> 3.8852603 | N32: CCOSS cell O119
B33: Distribution Capacity ($) | D33: =D$24*D32*12 -> 260503.9 | E33: =E$24*E32*12 -> 682197.28 | F33: =F$24*F32*12 -> 1350673.5 | G33: =G$24*G32*12 -> 2108677.8 | H33: =H$24*H32*12 -> 3056305.9 | I33: =I$24*I32*12 -> 4235638.7 | J33: =J$24*J32*12 -> 5774114.4 | K33: =K$24*K32*12 -> 7712379.9 | ... M33: =M$24*M32*12 -> 13264509
B35: Marginal Energy ($/kWh)
B36: Home | D36: =E36*(0.03425/0.03533) -> 0.026033166 | E36: ='Cost to Serve'!C122 -> 0.026854066 | F36: ='Cost to Serve'!C35 -> 0.033652443 | G36: =F36 -> 0.033652443 | H36: =G36 -> 0.033652443 | I36: =H36 -> 0.033652443 | J36: =I36 -> 0.033652443 | K36: =J36 -> 0.033652443 | L36: =K36 -> 0.033652443 | M36: =L36 -> 0.033652443
B37: Work | D37: =E37*(0.03425/0.03533) -> 0.02965802 | E37: ='Cost to Serve'!E122 -> 0.030593222 | F37: ='Cost to Serve'!E35 -> 0.038315198 | G37: =F37 -> 0.038315198 | H37: =G37 -> 0.038315198 | I37: =H37 -> 0.038315198 | J37: =I37 -> 0.038315198 | K37: =J37 -> 0.038315198 | L37: =K37 -> 0.038315198 | M37: =L37 -> 0.038315198
B38: Public | D38: =E38*(0.03425/0.03533) -> 0.032312957 | E38: ='Cost to Serve'!D122 -> 0.033331877 | F38: ='Cost to Serve'!D35 -> 0.039689152 | G38: =F38 -> 0.039689152 | H38: =G38 -> 0.039689152 | I38: =H38 -> 0.039689152 | J38: =I38 -> 0.039689152 | K38: =J38 -> 0.039689152 | L38: =K38 -> 0.039689152 | M38: =L38 -> 0.039689152
B39: Marginal Energy ($)
B40: Home | D40: =D6*D36 -> 537407.89 | E40: =E6*E36 -> 1402139.8 | F40: =F6*F36 -> 3358615.6 | G40: =G6*G36 -> 5340674.1 | H40: =H6*H36 -> 7466280.3 | I40: =I6*I36 -> 9975454.1 | J40: =J6*J36 -> 13103252 | K40: =K6*K36 -> 16854808 | ... M40: =M6*M36 -> 26837554
B41: Work | D41: =D11*D37 -> 120905.95 | E41: =E11*E37 -> 306135.13 | F41: =F11*F37 -> 709562.8 | G41: =G11*G37 -> 1089574.6 | H41: =H11*H37 -> 1466565.3 | I41: =I11*I37 -> 1880119.3 | J41: =J11*J37 -> 2360369.8 | K41: =K11*K37 -> 2888593.3 | ... M41: =M11*M37 -> 4092415.7
B42: Public | D42: =D16*D38 -> 35031.472 | E42: =E16*E38 -> 148837.38 | F42: =F16*F38 -> 475293.23 | G42: =G16*G38 -> 982764.85 | H42: =H16*H38 -> 1705985.9 | I42: =I16*I38 -> 2744113.9 | J42: =J16*J38 -> 4244846.4 | K42: =K16*K38 -> 6324996.2 | ... M42: =M16*M38 -> 13042611
B43: Total Marginal Energy Costs | D43: =SUM(D40:D42) -> 693345.31 | E43: =SUM(E40:E42) -> 1857112.3 | F43: =SUM(F40:F42) -> 4543471.6 | G43: =SUM(G40:G42) -> 7413013.5 | H43: =SUM(H40:H42) -> 10638831 | I43: =SUM(I40:I42) -> 14599687 | J43: =SUM(J40:J42) -> 19708468 | K43: =SUM(K40:K42) -> 26068397 | ... M43: =SUM(M40:M42) -> 43972581
B45: MISO Costs/KW-yr | G45: 10.178425 | H45: 10.424537 | I45: =H45*(1+'Retail Rate Impact'!C29) -> 10.633027 | J45: =I45*(1+'Retail Rate Impact'!D29) -> 10.633027 | K45: =J45*(1+'Retail Rate Impact'!E29) -> 10.633027 | L45: =K45*(1+'Retail Rate Impact'!F29) -> 10.633027 | M45: =L45*(1+'Retail Rate Impact'!G29) -> 10.633027
B46: MISO Costs ($) | G46: =G45*G22 -> 220740.28 | H46: =H45*H22 -> 329309 | I46: =I45*I22 -> 467697.57 | J46: =J45*J22 -> 640406.88 | K46: =K45*K22 -> 858961 | L46: =L45*L22 -> 1138654.2 | M46: =M45*M22 -> 1488653.3
B48: MISO Reserve Margin $/KW-mon | G48: 6.73 | H48: 6.92 | I48: =H48*(1+'Retail Rate Impact'!$C$29) -> 7.0584 | J48: =I48*(1+'Retail Rate Impact'!$C$29) -> 7.199568
B49: MISO Reserve Margin ($) | G49: =G22*G48*12*8.7% -> 152375.99 | H49: =H22*H48*12*8.7% -> 228219.86 | I49: =I22*I48*12*8.7% -> 324126.81 | J49: =J22*J48*12*8.7% -> 452695.3
B51: Total Cost to Serve | D51: =SUM(D30,D33,D43,D46) -> 1159047.8 | E51: =SUM(E30,E33,E43,E46) -> 3088523.5 | F51: =SUM(F30,F33,F43,F46) -> 7006444.4 | G51: =SUM(G30,G33,G43,G46,G49) -> 12976107 | H51: =SUM(H30,H33,H43,H46,H49) -> 18830710 | I51: =SUM(I30,I33,I43,I46,I49) -> 26129068 | J51: =SUM(J30,J33,J43,J46,J49) -> 35656660 | K51: =SUM(K30,K33,K43,K46) -> 47063415 | L51: =SUM(L30,L33,L43,L46) -> 62208323 | M51: =SUM(M30,M33,M43,M46) -> 81126908
B54: Net Revenues Calculation
B56: Home Charging Revenues
B57: A72, A74 | D57: =SUM('Rate Revenues'!D111:D116) -> 119211.34 | E57: =SUM('Rate Revenues'!E111:E116) -> 1349555.5 | F57: =SUM('Rate Revenues'!F111:F116) -> 7289036.1 | G57: =SUM('Rate Revenues'!G111:G116) -> 17480938 | H57: =SUM('Rate Revenues'!H111:H116) -> 24927178 | I57: =SUM('Rate Revenues'!I111:I116) -> 33970479 | J57: =SUM('Rate Revenues'!J111:J116) -> 45514340 | K57: =SUM('Rate Revenues'!K111:K116) -> 59716333 | ... M57: =SUM('Rate Revenues'!M111:M116) -> 98926491
D58: =SUM('Rate Revenues'!D119:D120) -> 2308571.4 | E58: =SUM('Rate Revenues'!E119:E120) -> 5750474.9 | F58: =SUM('Rate Revenues'!F119:F120) -> 6521296 | G58: =SUM('Rate Revenues'!G119:G120) -> 0 | H58: =SUM('Rate Revenues'!H119:H120) -> 0 | I58: =SUM('Rate Revenues'!I119:I120) -> 0 | J58: =SUM('Rate Revenues'!J119:J120) -> 0 | K58: =SUM('Rate Revenues'!K119:K120) -> 0 | ... M58: =SUM('Rate Revenues'!M119:M120) -> 0
B59: Total Home Charging Revenues ($) | D59: =SUM(D57:D58) -> 2427782.8 | E59: =SUM(E57:E58) -> 7100030.4 | F59: =SUM(F57:F58) -> 13810332 | G59: =SUM(G57:G58) -> 17480938 | H59: =SUM(H57:H58) -> 24927178 | I59: =SUM(I57:I58) -> 33970479 | J59: =SUM(J57:J58) -> 45514340 | K59: =SUM(K57:K58) -> 59716333 | ... M59: =SUM(M57:M58) -> 98926491
B61: Work Charging Revenues
D62: =SUM('Rate Revenues'!D127:D132) -> 0 | E62: =SUM('Rate Revenues'!E127:E132) -> 0 | F62: =SUM('Rate Revenues'!F127:F132) -> 0 | G62: =SUM('Rate Revenues'!G127:G132) -> 0 | H62: =SUM('Rate Revenues'!H127:H132) -> 0 | I62: =SUM('Rate Revenues'!I127:I132) -> 0 | J62: =SUM('Rate Revenues'!J127:J132) -> 0 | K62: =SUM('Rate Revenues'!K127:K132) -> 0 | ... M62: =SUM('Rate Revenues'!M127:M132) -> 0
B63: A10 | D63: =SUM('Rate Revenues'!D135:D136) -> 165168.54 | E63: =SUM('Rate Revenues'!E135:E136) -> 397090.15 | F63: =SUM('Rate Revenues'!F135:F136) -> 2242106.8 | G63: =SUM('Rate Revenues'!G135:G136) -> 3272830.2 | H63: =SUM('Rate Revenues'!H135:H136) -> 4493327.6 | I63: =SUM('Rate Revenues'!I135:I136) -> 5875600.5 | J63: =SUM('Rate Revenues'!J135:J136) -> 7523970.3 | K63: =SUM('Rate Revenues'!K135:K136) -> 9391903.1 | ... M63: =SUM('Rate Revenues'!M135:M136) -> 13843544
D64: =SUM('Rate Revenues'!D139:D145) -> 0 | E64: =SUM('Rate Revenues'!E139:E145) -> 0 | F64: =SUM('Rate Revenues'!F139:F145) -> 0 | G64: =SUM('Rate Revenues'!G139:G145) -> 0 | H64: =SUM('Rate Revenues'!H139:H145) -> 0 | I64: =SUM('Rate Revenues'!I139:I145) -> 0 | J64: =SUM('Rate Revenues'!J139:J145) -> 0 | K64: =SUM('Rate Revenues'!K139:K145) -> 0 | ... M64: =SUM('Rate Revenues'!M139:M145) -> 0
D65: =SUM('Rate Revenues'!D148:D151) -> 299690.01 | E65: =SUM('Rate Revenues'!E148:E151) -> 811604.25 | F65: =SUM('Rate Revenues'!F148:F151) -> 0 | G65: =SUM('Rate Revenues'!G148:G151) -> 0 | H65: =SUM('Rate Revenues'!H148:H151) -> 0 | I65: =SUM('Rate Revenues'!I148:I151) -> 0 | J65: =SUM('Rate Revenues'!J148:J151) -> 0 | K65: =SUM('Rate Revenues'!K148:K151) -> 0 | ... M65: =SUM('Rate Revenues'!M148:M151) -> 0
B66: Total Work Charging Revenues ($) | D66: =SUM(D62:D65) -> 464858.55 | E66: =SUM(E62:E65) -> 1208694.4 | F66: =SUM(F62:F65) -> 2242106.8 | G66: =SUM(G62:G65) -> 3272830.2 | H66: =SUM(H62:H65) -> 4493327.6 | I66: =SUM(I62:I65) -> 5875600.5 | J66: =SUM(J62:J65) -> 7523970.3 | K66: =SUM(K62:K65) -> 9391903.1 | ... M66: =SUM(M62:M65) -> 13843544
B68: Public Charging Revenues
B69: A94 | D69: =SUM('Rate Revenues'!D158:D163) -> 49762.431 | E69: =SUM('Rate Revenues'!E158:E163) -> 211319.5 | F69: =SUM('Rate Revenues'!F158:F163) -> 963115.77 | G69: =SUM('Rate Revenues'!G158:G163) -> 10292216 | H69: =SUM('Rate Revenues'!H158:H163) -> 18223629 | I69: =SUM('Rate Revenues'!I158:I163) -> 29899350 | J69: =SUM('Rate Revenues'!J158:J163) -> 47176070 | K69: =SUM('Rate Revenues'!K158:K163) -> 71700175 | ... M69: =SUM('Rate Revenues'!M158:M163) -> 1.5382426e+08
B70: Total Public Charging Revenues ($) | D70: =SUM(D69) -> 49762.431 | E70: =SUM(E69) -> 211319.5 | F70: =SUM(F69) -> 963115.77 | G70: =SUM(G69) -> 10292216 | H70: =SUM(H69) -> 18223629 | I70: =SUM(I69) -> 29899350 | J70: =SUM(J69) -> 47176070 | K70: =SUM(K69) -> 71700175 | ... M70: =SUM(M69) -> 1.5382426e+08
B72: Total Charging Revenues ($) | D72: =SUM(D59,D66,D70) -> 2942403.8 | E72: =SUM(E59,E66,E70) -> 8520044.3 | F72: =SUM(F59,F66,F70) -> 17015555 | G72: =SUM(G59,G66,G70) -> 31045983 | H72: =SUM(H59,H66,H70) -> 47644135 | I72: =SUM(I59,I66,I70) -> 69745429 | J72: =SUM(J59,J66,J70) -> 1.0021438e+08 | K72: =SUM(K59,K66,K70) -> 1.4080841e+08 | ... M72: =SUM(M59,M66,M70) -> 2.6659429e+08
B75: Total Charging Revenue | D75: =D72 -> 2942403.8 | E75: =E72 -> 8520044.3 | F75: =F72 -> 17015555 | G75: =G72 -> 31045983 | H75: =H72 -> 47644135 | I75: =I72 -> 69745429 | J75: =J72 -> 1.0021438e+08 | K75: =K72 -> 1.4080841e+08 | ... M75: =M72 -> 2.6659429e+08
B76: less Cost to Serve | D76: =D51*-1 -> -1159047.8 | E76: =E51*-1 -> -3088523.5 | F76: =F51*-1 -> -7006444.4 | G76: =G51*-1 -> -12976107 | H76: =H51*-1 -> -18830710 | I76: =I51*-1 -> -26129068 | J76: =J51*-1 -> -35656660 | K76: =K51*-1 -> -47063415 | ... M76: =M51*-1 -> -81126908
B77: Net Revenue Impact from EV Charging ($) | D77: =D75+D76 -> 1783356 | E77: =E75+E76 -> 5431520.8 | F77: =F75+F76 -> 10009110 | G77: =G75+G76 -> 18069876 | H77: =H75+H76 -> 28813424 | I77: =I75+I76 -> 43616361 | J77: =J75+J76 -> 64557719 | K77: =K75+K76 -> 93744997 | ... M77: =M75+M76 -> 1.8546739e+08

Sheet Rate Revenues
D1: 2021 | E1: 2022 | F1: 2023 | G1: 2024 | H1: 2025 | I1: 2026 | J1: 2027 | K1: 2028 | L1: 2029 | M1: 2030
B3: Drivers
B5: EV Count
B6: LDV | D6: =SUMIFS('EV Forecast'!$C$8:$C$17,'EV Forecast'!$B$8:$B$17,D$1) -> 6216 | E6: =SUMIFS('EV Forecast'!$C$8:$C$17,'EV Forecast'!$B$8:$B$17,E$1) -> 18251.612 | F6: =SUMIFS('EV Forecast'!$C$8:$C$17,'EV Forecast'!$B$8:$B$17,F$1) -> 33601.013 | G6: =SUMIFS('EV Forecast'!$C$8:$C$17,'EV Forecast'!$B$8:$B$17,G$1) -> 50402.528 | H6: =SUMIFS('EV Forecast'!$C$8:$C$17,'EV Forecast'!$B$8:$B$17,H$1) -> 65423.879 | I6: =SUMIFS('EV Forecast'!$C$8:$C$17,'EV Forecast'!$B$8:$B$17,I$1) -> 84637.853 | J6: =SUMIFS('EV Forecast'!$C$8:$C$17,'EV Forecast'!$B$8:$B$17,J$1) -> 107301.05 | K6: =SUMIFS('EV Forecast'!$C$8:$C$17,'EV Forecast'!$B$8:$B$17,K$1) -> 135717.64 | ... M6: =SUMIFS('EV Forecast'!$C$8:$C$17,'EV Forecast'!$B$8:$B$17,M$1) -> 215214.16
B7: MDV | D7: =SUMIFS('EV Forecast'!$D$8:$D$17,'EV Forecast'!$B$8:$B$17,D$1) -> 0 | E7: =SUMIFS('EV Forecast'!$D$8:$D$17,'EV Forecast'!$B$8:$B$17,E$1) -> 40.022876 | F7: =SUMIFS('EV Forecast'!$D$8:$D$17,'EV Forecast'!$B$8:$B$17,F$1) -> 129.68761 | G7: =SUMIFS('EV Forecast'!$D$8:$D$17,'EV Forecast'!$B$8:$B$17,G$1) -> 277.47229 | H7: =SUMIFS('EV Forecast'!$D$8:$D$17,'EV Forecast'!$B$8:$B$17,H$1) -> 496.04121 | I7: =SUMIFS('EV Forecast'!$D$8:$D$17,'EV Forecast'!$B$8:$B$17,I$1) -> 796.71544 | J7: =SUMIFS('EV Forecast'!$D$8:$D$17,'EV Forecast'!$B$8:$B$17,J$1) -> 1181.6311 | K7: =SUMIFS('EV Forecast'!$D$8:$D$17,'EV Forecast'!$B$8:$B$17,K$1) -> 1658.6741 | ... M7: =SUMIFS('EV Forecast'!$D$8:$D$17,'EV Forecast'!$B$8:$B$17,M$1) -> 2847.4684
B8: HDV | D8: =SUMIFS('EV Forecast'!$E$8:$E$17,'EV Forecast'!$B$8:$B$17,D$1) -> 0 | E8: =SUMIFS('EV Forecast'!$E$8:$E$17,'EV Forecast'!$B$8:$B$17,E$1) -> 0 | F8: =SUMIFS('EV Forecast'!$E$8:$E$17,'EV Forecast'!$B$8:$B$17,F$1) -> 6.7088307 | G8: =SUMIFS('EV Forecast'!$E$8:$E$17,'EV Forecast'!$B$8:$B$17,G$1) -> 50.513155 | H8: =SUMIFS('EV Forecast'!$E$8:$E$17,'EV Forecast'!$B$8:$B$17,H$1) -> 148.31749 | I8: =SUMIFS('EV Forecast'!$E$8:$E$17,'EV Forecast'!$B$8:$B$17,I$1) -> 332.6806 | J8: =SUMIFS('EV Forecast'!$E$8:$E$17,'EV Forecast'!$B$8:$B$17,J$1) -> 599.63851 | K8: =SUMIFS('EV Forecast'!$E$8:$E$17,'EV Forecast'!$B$8:$B$17,K$1) -> 936.28209 | ... M8: =SUMIFS('EV Forecast'!$E$8:$E$17,'EV Forecast'!$B$8:$B$17,M$1) -> 1868.2689
B9: Total Count | D9: =SUM(D6:D8) -> 6216 | E9: =SUM(E6:E8) -> 18291.635 | F9: =SUM(F6:F8) -> 33737.41 | G9: =SUM(G6:G8) -> 50730.514 | H9: =SUM(H6:H8) -> 66068.238 | I9: =SUM(I6:I8) -> 85767.249 | J9: =SUM(J6:J8) -> 109082.32 | K9: =SUM(K6:K8) -> 138312.59 | ... M9: =SUM(M6:M8) -> 219929.9
B11: MWh Load
B12: LDV | D12: =SUMIFS('EV Forecast'!$I$8:$I$17,'EV Forecast'!$B$8:$B$17,D$1) -> 25398.442 | E12: =SUMIFS('EV Forecast'!$I$8:$I$17,'EV Forecast'!$B$8:$B$17,E$1) -> 65226.938 | F12: =SUMIFS('EV Forecast'!$I$8:$I$17,'EV Forecast'!$B$8:$B$17,F$1) -> 125603.22 | G12: =SUMIFS('EV Forecast'!$I$8:$I$17,'EV Forecast'!$B$8:$B$17,G$1) -> 197589.01 | H12: =SUMIFS('EV Forecast'!$I$8:$I$17,'EV Forecast'!$B$8:$B$17,H$1) -> 270273.2 | I12: =SUMIFS('EV Forecast'!$I$8:$I$17,'EV Forecast'!$B$8:$B$17,I$1) -> 349763.59 | J12: =SUMIFS('EV Forecast'!$I$8:$I$17,'EV Forecast'!$B$8:$B$17,J$1) -> 448015.05 | K12: =SUMIFS('EV Forecast'!$I$8:$I$17,'EV Forecast'!$B$8:$B$17,K$1) -> 569115.56 | ... M12: =SUMIFS('EV Forecast'!$I$8:$I$17,'EV Forecast'!$B$8:$B$17,M$1) -> 913272.3
B13: MDV | D13: =SUMIFS('EV Forecast'!$J$8:$J$17,'EV Forecast'!$B$8:$B$17,D$1) -> 0 | E13: =SUMIFS('EV Forecast'!$J$8:$J$17,'EV Forecast'!$B$8:$B$17,E$1) -> 1052.7673 | F13: =SUMIFS('EV Forecast'!$J$8:$J$17,'EV Forecast'!$B$8:$B$17,F$1) -> 3411.3209 | G13: =SUMIFS('EV Forecast'!$J$8:$J$17,'EV Forecast'!$B$8:$B$17,G$1) -> 7298.6695 | H13: =SUMIFS('EV Forecast'!$J$8:$J$17,'EV Forecast'!$B$8:$B$17,H$1) -> 13047.937 | I13: =SUMIFS('EV Forecast'!$J$8:$J$17,'EV Forecast'!$B$8:$B$17,I$1) -> 20956.913 | J13: =SUMIFS('EV Forecast'!$J$8:$J$17,'EV Forecast'!$B$8:$B$17,J$1) -> 31081.788 | K13: =SUMIFS('EV Forecast'!$J$8:$J$17,'EV Forecast'!$B$8:$B$17,K$1) -> 43629.992 | ... M13: =SUMIFS('EV Forecast'!$J$8:$J$17,'EV Forecast'!$B$8:$B$17,M$1) -> 74900.203
B14: HDV | D14: =SUMIFS('EV Forecast'!$K$8:$K$17,'EV Forecast'!$B$8:$B$17,D$1) -> 405.55962 | E14: =SUMIFS('EV Forecast'!$K$8:$K$17,'EV Forecast'!$B$8:$B$17,E$1) -> 405.55962 | F14: =SUMIFS('EV Forecast'!$K$8:$K$17,'EV Forecast'!$B$8:$B$17,F$1) -> 1282.9763 | G14: =SUMIFS('EV Forecast'!$K$8:$K$17,'EV Forecast'!$B$8:$B$17,G$1) -> 7011.9394 | H14: =SUMIFS('EV Forecast'!$K$8:$K$17,'EV Forecast'!$B$8:$B$17,H$1) -> 19803.313 | I14: =SUMIFS('EV Forecast'!$K$8:$K$17,'EV Forecast'!$B$8:$B$17,I$1) -> 43915.304 | J14: =SUMIFS('EV Forecast'!$K$8:$K$17,'EV Forecast'!$B$8:$B$17,J$1) -> 78829.483 | K14: =SUMIFS('EV Forecast'!$K$8:$K$17,'EV Forecast'!$B$8:$B$17,K$1) -> 122857.53 | ... M14: =SUMIFS('EV Forecast'!$K$8:$K$17,'EV Forecast'!$B$8:$B$17,M$1) -> 244747.74
B15: Total MWh Load | D15: =SUM(D12:D14) -> 25804.002 | E15: =SUM(E12:E14) -> 66685.265 | F15: =SUM(F12:F14) -> 130297.51 | G15: =SUM(G12:G14) -> 211899.62 | H15: =SUM(H12:H14) -> 303124.45 | I15: =SUM(I12:I14) -> 414635.81 | J15: =SUM(J12:J14) -> 557926.32 | K15: =SUM(K12:K14) -> 735603.08 | ... M15: =SUM(M12:M14) -> 1232920.2
B17: % Load by Location
B18: Home | D18: 0.8 | E18: =D18+(($M18-$D18)/9) -> 0.78298131 | F18: =E18+(($M18-$D18)/9) -> 0.76596262 | G18: =F18+(($M18-$D18)/9) -> 0.74894393 | H18: =G18+(($M18-$D18)/9) -> 0.73192524 | I18: =H18+(($M18-$D18)/9) -> 0.71490655 | J18: =I18+(($M18-$D18)/9) -> 0.69788786 | K18: =J18+(($M18-$D18)/9) -> 0.68086917 | L18: =K18+(($M18-$D18)/9) -> 0.66385048 | M18: 0.64683179 | O18: 2021 values based on actuals; 2030 values from GuideHouse forecast
B19: Work | D19: =1-D18-D20 -> 0.15798594 | E19: =D19+(($M19-$D19)/9) -> 0.15005762 | F19: =E19+(($M19-$D19)/9) -> 0.1421293 | G19: =F19+(($M19-$D19)/9) -> 0.13420099 | H19: =G19+(($M19-$D19)/9) -> 0.12627267 | I19: =H19+(($M19-$D19)/9) -> 0.11834435 | J19: =I19+(($M19-$D19)/9) -> 0.11041603 | K19: =J19+(($M19-$D19)/9) -> 0.10248771 | L19: =K19+(($M19-$D19)/9) -> 0.09455939 | M19: 0.086631071 | O19: 2021 values based on actuals; 2030 values from GuideHouse forecast
B20: Public | D20: =6644.47553004996/'EV Forecast'!$X$64 -> 0.042014057 | E20: =D20+(($M20-$D20)/9) -> 0.066961066 | F20: =E20+(($M20-$D20)/9) -> 0.091908076 | G20: =F20+(($M20-$D20)/9) -> 0.11685509 | H20: =G20+(($M20-$D20)/9) -> 0.14180209 | I20: =H20+(($M20-$D20)/9) -> 0.1667491 | J20: =I20+(($M20-$D20)/9) -> 0.19169611 | K20: =J20+(($M20-$D20)/9) -> 0.21664312 | L20: =K20+(($M20-$D20)/9) -> 0.24159013 | M20: 0.26653714 | O20: 2021 values based on actuals; 2030 values from GuideHouse forecast
B22: MWh Load by Location
B23: Home | D23: =D$15*D18 -> 20643.201 | E23: =E$15*E18 -> 52213.316 | F23: =F$15*F18 -> 99803.025 | G23: =G$15*G18 -> 158700.93 | H23: =H$15*H18 -> 221864.44 | I23: =I$15*I18 -> 296425.86 | J23: =J$15*J18 -> 389370 | K23: =K$15*K18 -> 500849.46 | ... M23: =M$15*M18 -> 797492
B24: Work | D24: =D$15*D19 -> 4076.6695 | E24: =E$15*E19 -> 10006.632 | F24: =F$15*F19 -> 18519.095 | G24: =G$15*G19 -> 28437.138 | H24: =H$15*H19 -> 38276.333 | I24: =I$15*I19 -> 49069.804 | J24: =J$15*J19 -> 61604.008 | K24: =K$15*K19 -> 75390.274 | ... M24: =M$15*M19 -> 106809.2
B25: Public | D25: =D$15*D20 -> 1084.1308 | E25: =E$15*E20 -> 4465.3165 | F25: =F$15*F20 -> 11975.394 | G25: =G$15*G20 -> 24761.548 | H25: =H$15*H20 -> 42983.682 | I25: =I$15*I20 -> 69140.15 | J25: =J$15*J20 -> 106952.31 | K25: =K$15*K20 -> 159363.35 | ... M25: =M$15*M20 -> 328619.04
B26: Total MWh Load | D26: =SUM(D23:D25) -> 25804.002 | E26: =SUM(E23:E25) -> 66685.265 | F26: =SUM(F23:F25) -> 130297.51 | G26: =SUM(G23:G25) -> 211899.62 | H26: =SUM(H23:H25) -> 303124.45 | I26: =SUM(I23:I25) -> 414635.81 | J26: =SUM(J23:J25) -> 557926.32 | K26: =SUM(K23:K25) -> 735603.08 | ... M26: =SUM(M23:M25) -> 1232920.2
B29: Charging by Rate Schedule
B31: Home Charging
B32: A72, A74 | C32: 1 | D32: =D23-D33 -> 856.01153 | E32: =E23-E33 -> 8496.0771 | F32: =F23-F33 -> 49901.512 | G32: =G$23*$C32 -> 158700.93 | H32: =H$23*$C32 -> 221864.44 | I32: =I$23*$C32 -> 296425.86 | J32: =J$23*$C32 -> 389370 | K32: =K$23*$C32 -> 500849.46 | L32: =L$23*$C32 -> 636512.8 | M32: =M$23*$C32 -> 797492 | O32: insert assumptions for breakout by rate schedule
C33: 0 | D33: =D23*0.958533004788756 -> 19787.19 | E33: =E23*0.837281411196383 -> 43717.239 | F33: =F23*0.5 -> 49901.512 | G33: =G$23*$C33 -> 0 | H33: =H$23*$C33 -> 0 | I33: =I$23*$C33 -> 0 | J33: =J$23*$C33 -> 0 | K33: =K$23*$C33 -> 0 | L33: =L$23*$C33 -> 0 | M33: =M$23*$C33 -> 0
B34: Total Home Charging (MWh) | D34: =SUM(D32:D33) -> 20643.201 | E34: =SUM(E32:E33) -> 52213.316 | F34: =SUM(F32:F33) -> 99803.025 | G34: =SUM(G32:G33) -> 158700.93 | H34: =SUM(H32:H33) -> 221864.44 | I34: =SUM(I32:I33) -> 296425.86 | J34: =SUM(J32:J33) -> 389370 | K34: =SUM(K32:K33) -> 500849.46 | ... M34: =SUM(M32:M33) -> 797492
B36: Work Charging
C37: 0 | D37: =D$24*0 -> 0 | E37: =E$24*0 -> 0 | F37: =F$24*$C37 -> 0 | G37: =G$24*$C37 -> 0 | H37: =H$24*$C37 -> 0 | I37: =I$24*$C37 -> 0 | J37: =J$24*$C37 -> 0 | K37: =K$24*$C37 -> 0 | L37: =L$24*$C37 -> 0 | M37: =M$24*$C37 -> 0
B38: A10 | C38: 1 | D38: =D$24*0.373380862919926 -> 1522.1504 | E38: =E$24*0.331647523637119 -> 3318.6749 | F38: =F$24*$C38 -> 18519.095 | G38: =G$24*$C38 -> 28437.138 | H38: =H$24*$C38 -> 38276.333 | I38: =I$24*$C38 -> 49069.804 | J38: =J$24*$C38 -> 61604.008 | K38: =K$24*$C38 -> 75390.274 | L38: =L$24*$C38 -> 90665.389 | M38: =M$24*$C38 -> 106809.2
C39: 0 | D39: =D$24*0 -> 0 | E39: =E$24*0 -> 0 | F39: =F$24*$C39 -> 0 | G39: =G$24*$C39 -> 0 | H39: =H$24*$C39 -> 0 | I39: =I$24*$C39 -> 0 | J39: =J$24*$C39 -> 0 | K39: =K$24*$C39 -> 0 | L39: =L$24*$C39 -> 0 | M39: =M$24*$C39 -> 0
C40: 0 | D40: =D$24-D38 -> 2554.5192 | E40: =E$24-E38 -> 6687.9576 | F40: =F$24*$C40 -> 0 | G40: =G$24*$C40 -> 0 | H40: =H$24*$C40 -> 0 | I40: =I$24*$C40 -> 0 | J40: =J$24*$C40 -> 0 | K40: =K$24*$C40 -> 0 | L40: =L$24*$C40 -> 0 | M40: =M$24*$C40 -> 0
B41: Total Work Charging (MWh) | D41: =SUM(D37:D40) -> 4076.6695 | E41: =SUM(E37:E40) -> 10006.632 | F41: =SUM(F37:F40) -> 18519.095 | G41: =SUM(G37:G40) -> 28437.138 | H41: =SUM(H37:H40) -> 38276.333 | I41: =SUM(I37:I40) -> 49069.804 | J41: =SUM(J37:J40) -> 61604.008 | K41: =SUM(K37:K40) -> 75390.274 | ... M41: =SUM(M37:M40) -> 106809.2
B43: Public Charging
B44: A94 | C44: 1 | D44: =D$25*$C44 -> 1084.1308 | E44: =E$25*$C44 -> 4465.3165 | F44: =F$25*$C44 -> 11975.394 | G44: =G$25*$C44 -> 24761.548 | H44: =H$25*$C44 -> 42983.682 | I44: =I$25*$C44 -> 69140.15 | J44: =J$25*$C44 -> 106952.31 | K44: =K$25*$C44 -> 159363.35 | ... M44: =M$25*$C44 -> 328619.04
B45: Total Public Charging (MWh) | D45: =SUM(D44) -> 1084.1308 | E45: =SUM(E44) -> 4465.3165 | F45: =SUM(F44) -> 11975.394 | G45: =SUM(G44) -> 24761.548 | H45: =SUM(H44) -> 42983.682 | I45: =SUM(I44) -> 69140.15 | J45: =SUM(J44) -> 106952.31 | K45: =SUM(K44) -> 159363.35 | ... M45: =SUM(M44) -> 328619.04
B48: Billing Volume Impacts
B50: Home Charging
B52: Sch. RETOU
B53: Energy - Summer On-Peak (kWh) | C53: ='Load Data'!F21 -> 0.04389234 | D53: =D$32*$C53*1000 -> 37572.35 | E53: =E$32*$C53*1000 -> 372912.71 | F53: =F$32*$C53*1000 -> 2190294.2 | G53: =G$32*$C53*1000 -> 6965755.4 | H53: =H$32*$C53*1000 -> 9738149.4 | I53: =I$32*$C53*1000 -> 13010825 | J53: =J$32*$C53*1000 -> 17090361 | K53: =K$32*$C53*1000 -> 21983455 | ... M53: =M$32*$C53*1000 -> 35003790
B54: Energy - Summer Mid-Peak (kWh) | C54: ='Load Data'!F22 -> 0.17581715 | D54: =D$32*$C54*1000 -> 150501.51 | E54: =E$32*$C54*1000 -> 1493756.1 | F54: =F$32*$C54*1000 -> 8773541.6 | G54: =G$32*$C54*1000 -> 27902346 | H54: =H$32*$C54*1000 -> 39007573 | I54: =I$32*$C54*1000 -> 52116749 | J54: =J$32*$C54*1000 -> 68457924 | K54: =K$32*$C54*1000 -> 88057923 | ... M54: =M$32*$C54*1000 -> 1.4021277e+08
B55: Energy - Summer Off-Peak (kWh) | C55: ='Load Data'!F23 -> 0.11362384 | D55: =D$32*$C55*1000 -> 97263.321 | E55: =E$32*$C55*1000 -> 965356.94 | F55: =F$32*$C55*1000 -> 5670001.7 | G55: =G$32*$C55*1000 -> 18032210 | H55: =H$32*$C55*1000 -> 25209090 | I55: =I$32*$C55*1000 -> 33681045 | J55: =J$32*$C55*1000 -> 44241716 | K55: =K$32*$C55*1000 -> 56908440 | ... M55: =M$32*$C55*1000 -> 90614106
B56: Energy - Winter On-Peak (kWh) | C56: ='Load Data'!I21 -> 0.087784681 | D56: =D$32*$C56*1000 -> 75144.699 | E56: =E$32*$C56*1000 -> 745825.42 | F56: =F$32*$C56*1000 -> 4380588.4 | G56: =G$32*$C56*1000 -> 13931511 | H56: =H$32*$C56*1000 -> 19476299 | I56: =I$32*$C56*1000 -> 26021649 | J56: =J$32*$C56*1000 -> 34180721 | K56: =K$32*$C56*1000 -> 43966910 | ... M56: =M$32*$C56*1000 -> 70007581
B57: Energy - Winter Mid-Peak (kWh) | C57: ='Load Data'!I22 -> 0.32016356 | D57: =D$32*$C57*1000 -> 274063.7 | E57: =E$32*$C57*1000 -> 2720134.3 | F57: =F$32*$C57*1000 -> 15976646 | G57: =G$32*$C57*1000 -> 50810256 | H57: =H$32*$C57*1000 -> 71032909 | I57: =I$32*$C57*1000 -> 94904758 | J57: =J$32*$C57*1000 -> 1.2466209e+08 | K57: =K$32*$C57*1000 -> 1.6035375e+08 | ... M57: =M$32*$C57*1000 -> 2.5532788e+08
B58: Energy - Winter Off-Peak (kWh) | C58: ='Load Data'!I23 -> 0.25871842 | D58: =D$32*$C58*1000 -> 221465.95 | E58: =E$32*$C58*1000 -> 2198091.7 | F58: =F$32*$C58*1000 -> 12910441 | G58: =G$32*$C58*1000 -> 41058855 | H58: =H$32*$C58*1000 -> 57400417 | I58: =I$32*$C58*1000 -> 76690830 | J58: =J$32*$C58*1000 -> 1.0073719e+08 | K58: =K$32*$C58*1000 -> 1.2957898e+08 | ... M58: =M$32*$C58*1000 -> 2.0632587e+08
B60: Sch. R / ROO
B61: Energy - Summer (kWh) | C61: =SUM(C53:C55) -> 0.33333333 | D61: =D$33*$C61*1000 -> 6595729.9 | E61: =E$33*$C61*1000 -> 14572413 | F61: =F$33*$C61*1000 -> 16633837 | G61: =G$33*$C61*1000 -> 0 | H61: =H$33*$C61*1000 -> 0 | I61: =I$33*$C61*1000 -> 0 | J61: =J$33*$C61*1000 -> 0 | K61: =K$33*$C61*1000 -> 0 | ... M61: =M$33*$C61*1000 -> 0
B62: Energy - Winter (kWh) | C62: =SUM(C56:C58) -> 0.66666667 | D62: =D$33*$C62*1000 -> 13191460 | E62: =E$33*$C62*1000 -> 29144826 | F62: =F$33*$C62*1000 -> 33267675 | G62: =G$33*$C62*1000 -> 0 | H62: =H$33*$C62*1000 -> 0 | I62: =I$33*$C62*1000 -> 0 | J62: =J$33*$C62*1000 -> 0 | K62: =K$33*$C62*1000 -> 0 | ... M62: =M$33*$C62*1000 -> 0
B64: Work Charging
B66: Sch. CTOU
B67: Energy - Summer On-Peak (kWh) | C67: ='Load Data'!BD21 -> 0.033993841 | D67: =D$37*$C67*1000 -> 0 | E67: =E$37*$C67*1000 -> 0 | F67: =F$37*$C67*1000 -> 0 | G67: =G$37*$C67*1000 -> 0 | H67: =H$37*$C67*1000 -> 0 | I67: =I$37*$C67*1000 -> 0 | J67: =J$37*$C67*1000 -> 0 | K67: =K$37*$C67*1000 -> 0 | ... M67: =M$37*$C67*1000 -> 0
B68: Energy - Summer Mid-Peak (kWh) | C68: ='Load Data'!BD22 -> 0.037702942 | D68: =D$37*$C68*1000 -> 0 | E68: =E$37*$C68*1000 -> 0 | F68: =F$37*$C68*1000 -> 0 | G68: =G$37*$C68*1000 -> 0 | H68: =H$37*$C68*1000 -> 0 | I68: =I$37*$C68*1000 -> 0 | J68: =J$37*$C68*1000 -> 0 | K68: =K$37*$C68*1000 -> 0 | ... M68: =M$37*$C68*1000 -> 0
B69: Energy - Summer Off-Peak (kWh) | C69: ='Load Data'!BD23 -> 0.26163655 | D69: =D$37*$C69*1000 -> 0 | E69: =E$37*$C69*1000 -> 0 | F69: =F$37*$C69*1000 -> 0 | G69: =G$37*$C69*1000 -> 0 | H69: =H$37*$C69*1000 -> 0 | I69: =I$37*$C69*1000 -> 0 | J69: =J$37*$C69*1000 -> 0 | K69: =K$37*$C69*1000 -> 0 | ... M69: =M$37*$C69*1000 -> 0
B70: Energy - Winter On-Peak (kWh) | C70: ='Load Data'!BG21 -> 0.067987682 | D70: =D$37*$C70*1000 -> 0 | E70: =E$37*$C70*1000 -> 0 | F70: =F$37*$C70*1000 -> 0 | G70: =G$37*$C70*1000 -> 0 | H70: =H$37*$C70*1000 -> 0 | I70: =I$37*$C70*1000 -> 0 | J70: =J$37*$C70*1000 -> 0 | K70: =K$37*$C70*1000 -> 0 | ... M70: =M$37*$C70*1000 -> 0
B71: Energy - Winter Mid-Peak (kWh) | C71: ='Load Data'!BG22 -> 0.075405885 | D71: =D$37*$C71*1000 -> 0 | E71: =E$37*$C71*1000 -> 0 | F71: =F$37*$C71*1000 -> 0 | G71: =G$37*$C71*1000 -> 0 | H71: =H$37*$C71*1000 -> 0 | I71: =I$37*$C71*1000 -> 0 | J71: =J$37*$C71*1000 -> 0 | K71: =K$37*$C71*1000 -> 0 | ... M71: =M$37*$C71*1000 -> 0
B72: Energy - Winter Off-Peak (kWh) | C72: ='Load Data'!BG23 -> 0.5232731 | D72: =D$37*$C72*1000 -> 0 | E72: =E$37*$C72*1000 -> 0 | F72: =F$37*$C72*1000 -> 0 | G72: =G$37*$C72*1000 -> 0 | H72: =H$37*$C72*1000 -> 0 | I72: =I$37*$C72*1000 -> 0 | J72: =J$37*$C72*1000 -> 0 | K72: =K$37*$C72*1000 -> 0 | ... M72: =M$37*$C72*1000 -> 0
B74: Sch. C
B75: Energy - Summer (kWh) | C75: =SUM(C67:C69) -> 0.33333333 | D75: =D$38*$C75*1000 -> 507383.46 | E75: =E$38*$C75*1000 -> 1106225 | F75: =F$38*$C75*1000 -> 6173031.7 | G75: =G$38*$C75*1000 -> 9479046 | H75: =H$38*$C75*1000 -> 12758778 | I75: =I$38*$C75*1000 -> 16356601 | J75: =J$38*$C75*1000 -> 20534669 | K75: =K$38*$C75*1000 -> 25130091 | ... M75: =M$38*$C75*1000 -> 35603067
B76: Energy - Winter (kWh) | C76: =SUM(C70:C72) -> 0.66666667 | D76: =D$38*$C76*1000 -> 1014766.9 | E76: =E$38*$C76*1000 -> 2212449.9 | F76: =F$38*$C76*1000 -> 12346063 | G76: =G$38*$C76*1000 -> 18958092 | H76: =H$38*$C76*1000 -> 25517555 | I76: =I$38*$C76*1000 -> 32713203 | J76: =J$38*$C76*1000 -> 41069339 | K76: =K$38*$C76*1000 -> 50260183 | ... M76: =M$38*$C76*1000 -> 71206134
B78: Sch. S-EV-CPP
B79: Energy - Summer On-Peak (kWh) | C79: ='Load Data'!BK21 -> 0.061432824 | D79: =D$39*$C79*1000 -> 0 | E79: =E$39*$C79*1000 -> 0 | F79: =F$39*$C79*1000 -> 0 | G79: =G$39*$C79*1000 -> 0 | H79: =H$39*$C79*1000 -> 0 | I79: =I$39*$C79*1000 -> 0 | J79: =J$39*$C79*1000 -> 0 | K79: =K$39*$C79*1000 -> 0 | ... M79: =M$39*$C79*1000 -> 0
B80: Energy - Summer Off-Peak (kWh) | C80: ='Load Data'!BK23 -> 0.27190051 | D80: =D$39*$C80*1000 -> 0 | E80: =E$39*$C80*1000 -> 0 | F80: =F$39*$C80*1000 -> 0 | G80: =G$39*$C80*1000 -> 0 | H80: =H$39*$C80*1000 -> 0 | I80: =I$39*$C80*1000 -> 0 | J80: =J$39*$C80*1000 -> 0 | K80: =K$39*$C80*1000 -> 0 | ... M80: =M$39*$C80*1000 -> 0
B81: Energy - Winter On-Peak (kWh) | C81: ='Load Data'!BN21 -> 0.12286565 | D81: =D$39*$C81*1000 -> 0 | E81: =E$39*$C81*1000 -> 0 | F81: =F$39*$C81*1000 -> 0 | G81: =G$39*$C81*1000 -> 0 | H81: =H$39*$C81*1000 -> 0 | I81: =I$39*$C81*1000 -> 0 | J81: =J$39*$C81*1000 -> 0 | K81: =K$39*$C81*1000 -> 0 | ... M81: =M$39*$C81*1000 -> 0
B82: Energy - Winter Off-Peak (kWh) | C82: ='Load Data'!BN23 -> 0.54380102 | D82: =D$39*$C82*1000 -> 0 | E82: =E$39*$C82*1000 -> 0 | F82: =F$39*$C82*1000 -> 0 | G82: =G$39*$C82*1000 -> 0 | H82: =H$39*$C82*1000 -> 0 | I82: =I$39*$C82*1000 -> 0 | J82: =J$39*$C82*1000 -> 0 | K82: =K$39*$C82*1000 -> 0 | ... M82: =M$39*$C82*1000 -> 0
B83: Energy - CPP (kWh)
B84: Demand - Summer (kW) | C84: ='Load Data'!BK25 -> 0.39423586 | D84: =SUM(D79:D80)/(8760/12)/$C84 -> 0 | E84: =SUM(E79:E80)/(8760/12)/$C84 -> 0 | F84: =SUM(F79:F80)/(8760/12)/$C84 -> 0 | G84: =SUM(G79:G80)/(8760/12)/$C84 -> 0 | H84: =SUM(H79:H80)/(8760/12)/$C84 -> 0 | I84: =SUM(I79:I80)/(8760/12)/$C84 -> 0 | J84: =SUM(J79:J80)/(8760/12)/$C84 -> 0 | K84: =SUM(K79:K80)/(8760/12)/$C84 -> 0 | ... M84: =SUM(M79:M80)/(8760/12)/$C84 -> 0
B85: Demand - Winter (kW) | C85: ='Load Data'!BN25 -> 0.39423586 | D85: =SUM(D81:D82)/(8760/12)/$C85 -> 0 | E85: =SUM(E81:E82)/(8760/12)/$C85 -> 0 | F85: =SUM(F81:F82)/(8760/12)/$C85 -> 0 | G85: =SUM(G81:G82)/(8760/12)/$C85 -> 0 | H85: =SUM(H81:H82)/(8760/12)/$C85 -> 0 | I85: =SUM(I81:I82)/(8760/12)/$C85 -> 0 | J85: =SUM(J81:J82)/(8760/12)/$C85 -> 0 | K85: =SUM(K81:K82)/(8760/12)/$C85 -> 0 | ... M85: =SUM(M81:M82)/(8760/12)/$C85 -> 0
B87: Sch. SG
B88: Energy - Summer (kWh) | C88: =C75 -> 0.33333333 | D88: =D$40*$C88*1000 -> 851506.38 | E88: =E$40*$C88*1000 -> 2229319.2 | F88: =F$40*$C88*1000 -> 0 | G88: =G$40*$C88*1000 -> 0 | H88: =H$40*$C88*1000 -> 0 | I88: =I$40*$C88*1000 -> 0 | J88: =J$40*$C88*1000 -> 0 | K88: =K$40*$C88*1000 -> 0 | ... M88: =M$40*$C88*1000 -> 0
B89: Energy - Winter (kWh) | C89: =C76 -> 0.66666667 | D89: =D$40*$C89*1000 -> 1703012.8 | E89: =E$40*$C89*1000 -> 4458638.4 | F89: =F$40*$C89*1000 -> 0 | G89: =G$40*$C89*1000 -> 0 | H89: =H$40*$C89*1000 -> 0 | I89: =I$40*$C89*1000 -> 0 | J89: =J$40*$C89*1000 -> 0 | K89: =K$40*$C89*1000 -> 0 | ... M89: =M$40*$C89*1000 -> 0
B90: Demand - Summer (kW) | C90: ='Load Data'!BD25 -> 0.39423586 | D90: =D88/(8760/12)/$C90 -> 2958.7544 | E90: =E88/(8760/12)/$C90 -> 7746.2813 | F90: =F88/(8760/12)/$C90 -> 0 | G90: =G88/(8760/12)/$C90 -> 0 | H90: =H88/(8760/12)/$C90 -> 0 | I90: =I88/(8760/12)/$C90 -> 0 | J90: =J88/(8760/12)/$C90 -> 0 | K90: =K88/(8760/12)/$C90 -> 0 | ... M90: =M88/(8760/12)/$C90 -> 0
B91: Demand - Winter (kW) | C91: ='Load Data'!BG25 -> 0.39423586 | D91: =D89/(8760/12)/$C91 -> 5917.5088 | E91: =E89/(8760/12)/$C91 -> 15492.563 | F91: =F89/(8760/12)/$C91 -> 0 | G91: =G89/(8760/12)/$C91 -> 0 | H91: =H89/(8760/12)/$C91 -> 0 | I91: =I89/(8760/12)/$C91 -> 0 | J91: =J89/(8760/12)/$C91 -> 0 | K91: =K89/(8760/12)/$C91 -> 0 | ... M91: =M89/(8760/12)/$C91 -> 0
B93: Public Charging
B95: Sch. S-EV
B96: Energy - Summer On-Peak (kWh) | C96: ='Load Data'!AE21 -> 0.071903621 | D96: =D$44*$C96*1000 -> 77952.93 | E96: =E$44*$C96*1000 -> 321072.42 | F96: =F$44*$C96*1000 -> 861074.18 | G96: =G$44*$C96*1000 -> 1780445 | H96: =H$44*$C96*1000 -> 3090682.4 | I96: =I$44*$C96*1000 -> 4971427.2 | J96: =J$44*$C96*1000 -> 7690258.2 | K96: =K$44*$C96*1000 -> 11458802 | ... M96: =M$44*$C96*1000 -> 23628899
B97: Energy - Summer Mid-Peak (kWh) | C97: ='Load Data'!AE22 -> 0.22710169 | D97: =D$44*$C97*1000 -> 246207.93 | E97: =E$44*$C97*1000 -> 1014080.9 | F97: =F$44*$C97*1000 -> 2719632.1 | G97: =G$44*$C97*1000 -> 5623389.3 | H97: =H$44*$C97*1000 -> 9761666.7 | I97: =I$44*$C97*1000 -> 15701845 | J97: =J$44*$C97*1000 -> 24289049 | K97: =K$44*$C97*1000 -> 36191685 | ... M97: =M$44*$C97*1000 -> 74629937
B98: Energy - Summer Off-Peak (kWh) | C98: ='Load Data'!AE23 -> 0.034328027 | D98: =D$44*$C98*1000 -> 37216.071 | E98: =E$44*$C98*1000 -> 153285.5 | F98: =F$44*$C98*1000 -> 411091.64 | G98: =G$44*$C98*1000 -> 850015.09 | H98: =H$44*$C98*1000 -> 1475545 | I98: =I$44*$C98*1000 -> 2373444.9 | J98: =J$44*$C98*1000 -> 3671461.6 | K98: =K$44*$C98*1000 -> 5470629.3 | ... M98: =M$44*$C98*1000 -> 11280843
B99: Energy - Winter On-Peak (kWh) | C99: ='Load Data'!AH21 -> 0.16595138 | D99: =D$44*$C99*1000 -> 179913 | E99: =E$44*$C99*1000 -> 741025.43 | F99: =F$44*$C99*1000 -> 1987333.1 | G99: =G$44*$C99*1000 -> 4109213.1 | H99: =H$44*$C99*1000 -> 7133201.4 | I99: =I$44*$C99*1000 -> 11473903 | J99: =J$44*$C99*1000 -> 17748883 | K99: =K$44*$C99*1000 -> 26446568 | ... M99: =M$44*$C99*1000 -> 54534783
B100: Energy - Winter Mid-Peak (kWh) | C100: ='Load Data'!AH22 -> 0.39742795 | D100: =D$44*$C100*1000 -> 430863.88 | E100: =E$44*$C100*1000 -> 1774641.6 | F100: =F$44*$C100*1000 -> 4759356.2 | G100: =G$44*$C100*1000 -> 9840931.3 | H100: =H$44*$C100*1000 -> 17082917 | I100: =I$44*$C100*1000 -> 27478228 | J100: =J$44*$C100*1000 -> 42505836 | K100: =K$44*$C100*1000 -> 63335449 | ... M100: =M$44*$C100*1000 -> 1.3060239e+08
B101: Energy - Winter Off-Peak (kWh) | C101: ='Load Data'!AH23 -> 0.10328734 | D101: =D$44*$C101*1000 -> 111976.98 | E101: =E$44*$C101*1000 -> 461210.65 | F101: =F$44*$C101*1000 -> 1236906.5 | G101: =G$44*$C101*1000 -> 2557554.4 | H101: =H$44*$C101*1000 -> 4439670.1 | I101: =I$44*$C101*1000 -> 7141302 | J101: =J$44*$C101*1000 -> 11046819 | K101: =K$44*$C101*1000 -> 16460216 | ... M101: =M$44*$C101*1000 -> 33942185
B102: Demand - Summer (kW) | C102: ='Load Data'!AE25 -> 0.59760432 | D102: =SUM(D96:D98)/(8760/12)/$C102 -> 828.369 | E102: =SUM(E96:E98)/(8760/12)/$C102 -> 3411.8851 | F102: =SUM(F96:F98)/(8760/12)/$C102 -> 9150.2289 | G102: =SUM(G96:G98)/(8760/12)/$C102 -> 18919.949 | H102: =SUM(H96:H98)/(8760/12)/$C102 -> 32843.224 | I102: =SUM(I96:I98)/(8760/12)/$C102 -> 52829.01 | J102: =SUM(J96:J98)/(8760/12)/$C102 -> 81720.744 | K102: =SUM(K96:K98)/(8760/12)/$C102 -> 121767.28 | ... M102: =SUM(M96:M98)/(8760/12)/$C102 -> 251093.16
B103: Demand - Winter (kW) | C103: ='Load Data'!AH25 -> 0.59760432 | D103: =SUM(D99:D101)/(8760/12)/$C103 -> 1656.738 | E103: =SUM(E99:E101)/(8760/12)/$C103 -> 6823.7702 | F103: =SUM(F99:F101)/(8760/12)/$C103 -> 18300.458 | G103: =SUM(G99:G101)/(8760/12)/$C103 -> 37839.897 | H103: =SUM(H99:H101)/(8760/12)/$C103 -> 65686.447 | I103: =SUM(I99:I101)/(8760/12)/$C103 -> 105658.02 | J103: =SUM(J99:J101)/(8760/12)/$C103 -> 163441.49 | K103: =SUM(K99:K101)/(8760/12)/$C103 -> 243534.56 | ... M103: =SUM(M99:M101)/(8760/12)/$C103 -> 502186.31
B106: Revenue Impacts
B108: Home Charging
B110: Sch. RETOU
B111: Energy - Summer On-Peak | D111: =D53*Rates!C23 -> 9655.3424 | E111: =E53*Rates!D23 -> 108886.04 | F111: =F53*Rates!E23 -> 522582.29 | G111: =G53*Rates!F23 -> 2023482.3 | H111: =H53*Rates!G23 -> 2885411.7 | I111: =I53*Rates!H23 -> 3932206.8 | J111: =J53*Rates!I23 -> 5268450.8 | K111: =K53*Rates!J23 -> 6912383.4 | ... M111: =M53*Rates!L23 -> 11451102
B112: Energy - Summer Mid-Peak | D112: =D54*Rates!C24 -> 27019.536 | E112: =E54*Rates!D24 -> 306350.51 | F112: =F54*Rates!E24 -> 1563445.1 | G112: =G54*Rates!F24 -> 3444823.6 | H112: =H54*Rates!G24 -> 4912192.4 | I112: =I54*Rates!H24 -> 6694280.9 | J112: =J54*Rates!I24 -> 8969134 | K112: =K54*Rates!J24 -> 11767803 | ... M112: =M54*Rates!L24 -> 19494624
B113: Energy - Summer Off-Peak | D113: =D55*Rates!C25 -> 9931.5577 | E113: =E55*Rates!D25 -> 114107.84 | F113: =F55*Rates!E25 -> 668096.3 | G113: =G55*Rates!F25 -> 863562.54 | H113: =H55*Rates!G25 -> 1231408.6 | I113: =I55*Rates!H25 -> 1678149.9 | J113: =J55*Rates!I25 -> 2248419.4 | K113: =K55*Rates!J25 -> 2950001.3 | ... M113: =M55*Rates!L25 -> 4886992.6
B114: Energy - Winter On-Peak | D114: =D56*Rates!C26 -> 12655.87 | E114: =E56*Rates!D26 -> 141524.65 | F114: =F56*Rates!E26 -> 733967.58 | G114: =G56*Rates!F26 -> 3628183.4 | H114: =H56*Rates!G26 -> 5173656.8 | I114: =I56*Rates!H26 -> 7050601.5 | J114: =J56*Rates!I26 -> 9446539.6 | K114: =K56*Rates!J26 -> 12394175 | ... M114: =M56*Rates!L26 -> 20532277
B115: Energy - Winter Mid-Peak | D115: =D57*Rates!C27 -> 37171.26 | E115: =E57*Rates!D27 -> 418865.98 | F115: =F57*Rates!E27 -> 2279707.6 | G115: =G57*Rates!F27 -> 5554577.2 | H115: =H57*Rates!G27 -> 7920623.9 | I115: =I57*Rates!H27 -> 10794138 | J115: =J57*Rates!I27 -> 14462206 | K115: =K57*Rates!J27 -> 18974897 | ... M115: =M57*Rates!L27 -> 31433945
B116: Energy - Winter Off-Peak | D116: =D58*Rates!C28 -> 22777.773 | E116: =E58*Rates!D28 -> 259820.47 | F116: =F58*Rates!E28 -> 1521237.2 | G116: =G58*Rates!F28 -> 1966308.6 | H116: =H58*Rates!G28 -> 2803884.1 | I116: =I58*Rates!H28 -> 3821101.9 | J116: =J58*Rates!I28 -> 5119590.2 | K116: =K58*Rates!J28 -> 6717073.3 | ... M116: =M58*Rates!L28 -> 11127550
B118: Sch. R / ROO
B119: Energy - Summer | D119: =D61*Rates!C47 -> 850387.46 | E119: =E61*Rates!D47 -> 2037717.7 | F119: =F61*Rates!E47 -> 2324246.1 | G119: =G61*Rates!F47 -> 0 | H119: =H61*Rates!G47 -> 0 | I119: =I61*Rates!H47 -> 0 | J119: =J61*Rates!I47 -> 0 | K119: =K61*Rates!J47 -> 0 | ... M119: =M61*Rates!L47 -> 0
B120: Energy - Winter | D120: =D62*Rates!C48 -> 1458184 | E120: =E62*Rates!D48 -> 3712757.2 | F120: =F62*Rates!E48 -> 4197049.9 | G120: =G62*Rates!F48 -> 0 | H120: =H62*Rates!G48 -> 0 | I120: =I62*Rates!H48 -> 0 | J120: =J62*Rates!I48 -> 0 | K120: =K62*Rates!J48 -> 0 | ... M120: =M62*Rates!L48 -> 0
B122: Total Home Charging Revenues ($) | D122: =SUM(D111:D116,D119:D120) -> 2427782.8 | E122: =SUM(E111:E116,E119:E120) -> 7100030.4 | F122: =SUM(F111:F116,F119:F120) -> 13810332 | G122: =SUM(G111:G116,G119:G120) -> 17480938 | H122: =SUM(H111:H116,H119:H120) -> 24927178 | I122: =SUM(I111:I116,I119:I120) -> 33970479 | J122: =SUM(J111:J116,J119:J120) -> 45514340 | K122: =SUM(K111:K116,K119:K120) -> 59716333 | ... M122: =SUM(M111:M116,M119:M120) -> 98926491
B124: Work Charging
B126: Sch. CTOU
B127: Energy - Summer On-Peak | D127: =D67*Rates!C70 -> 0 | E127: =E67*Rates!D70 -> 0 | F127: =F67*Rates!E70 -> 0 | G127: =G67*Rates!F70 -> 0 | H127: =H67*Rates!G70 -> 0 | I127: =I67*Rates!H70 -> 0 | J127: =J67*Rates!I70 -> 0 | K127: =K67*Rates!J70 -> 0 | ... M127: =M67*Rates!L70 -> 0
B128: Energy - Summer Mid-Peak | D128: =D68*Rates!C71 -> 0 | E128: =E68*Rates!D71 -> 0 | F128: =F68*Rates!E71 -> 0 | G128: =G68*Rates!F71 -> 0 | H128: =H68*Rates!G71 -> 0 | I128: =I68*Rates!H71 -> 0 | J128: =J68*Rates!I71 -> 0 | K128: =K68*Rates!J71 -> 0 | ... M128: =M68*Rates!L71 -> 0
B129: Energy - Summer Off-Peak | D129: =D69*Rates!C72 -> 0 | E129: =E69*Rates!D72 -> 0 | F129: =F69*Rates!E72 -> 0 | G129: =G69*Rates!F72 -> 0 | H129: =H69*Rates!G72 -> 0 | I129: =I69*Rates!H72 -> 0 | J129: =J69*Rates!I72 -> 0 | K129: =K69*Rates!J72 -> 0 | ... M129: =M69*Rates!L72 -> 0
B130: Energy - Winter On-Peak | D130: =D70*Rates!C73 -> 0 | E130: =E70*Rates!D73 -> 0 | F130: =F70*Rates!E73 -> 0 | G130: =G70*Rates!F73 -> 0 | H130: =H70*Rates!G73 -> 0 | I130: =I70*Rates!H73 -> 0 | J130: =J70*Rates!I73 -> 0 | K130: =K70*Rates!J73 -> 0 | ... M130: =M70*Rates!L73 -> 0
...

Sheet Rates
C2: 2021 | D2: 2022 | E2: 2023 | F2: 2024 | G2: 2025 | H2: 2026 | I2: 2027 | J2: 2028 | K2: 2029 | L2: 2030
E3: PSCO | F3: NSP
B4: A72, A74 - Residential TOU | F4: 2024
B5: Energy - Summer On-Peak | E5: 0.17246 | F5: 0.27845 | N5: input applicable rates
B6: Energy - Summer Mid-Peak | E6: 0.11816 | F6: 0.11307
B7: Energy - Summer Off-Peak | E7: 0.06387 | F7: 0.03825
B8: Energy - Winter On-Peak | E8: 0.10858 | F8: 0.24869
B9: Energy - Winter Mid-Peak | E9: 0.08623 | F9: 0.09907
B10: Energy - Winter Off-Peak | E10: 0.06387 | F10: 0.03825
B12: CIP | E12: 0.01271 | F12: 0.002225
E13: 0.0506
E14: 0.0247
B15: RDF | E15: 0.03078 | F15: 0.001176
E16: 0.0136
E17: 0.0014
B18: TCR | E18: 0.00239 | F18: 0.005856
B19: RES | E19: 0.01 | F19: 0.01
E20: 0.01
B22: All-In RES TOU Rates
B23: Energy - Summer On-Peak | C23: 0.25698 | D23: 0.29198801 | E23: =ROUND((E5*(1+E$11+E$13+E$14+E$16+E$17)+E$12+E$15+E$18)*(1+E$19+E$20),5) -> 0.23859 | F23: =ROUND((F5*(1+F$19)+F$12+F$15+F$18),5) -> 0.29049 | G23: =F23*(1+'Retail Rate Impact'!$C$29) -> 0.2962998 | H23: =G23*(1+'Retail Rate Impact'!$C$29) -> 0.3022258 | I23: =H23*(1+'Retail Rate Impact'!$C$29) -> 0.30827031 | J23: =I23*(1+'Retail Rate Impact'!$C$29) -> 0.31443572 | K23: =J23*(1+'Retail Rate Impact'!$C$29) -> 0.32072443 | L23: =K23*(1+'Retail Rate Impact'!$C$29) -> 0.32713892
B24: Energy - Summer Mid-Peak | C24: 0.17953 | D24: 0.20508738 | E24: =ROUND((E6*(1+E$11+E$13+E$14+E$16+E$17)+E$12+E$15+E$18)*(1+E$19+E$20),5) -> 0.1782 | F24: =ROUND((F6*(1+F$19)+F$12+F$15+F$18),5) -> 0.12346 | G24: =F24*(1+'Retail Rate Impact'!$C$29) -> 0.1259292 | H24: =G24*(1+'Retail Rate Impact'!$C$29) -> 0.12844778 | I24: =H24*(1+'Retail Rate Impact'!$C$29) -> 0.13101674 | J24: =I24*(1+'Retail Rate Impact'!$C$29) -> 0.13363707 | K24: =J24*(1+'Retail Rate Impact'!$C$29) -> 0.13630982 | L24: =K24*(1+'Retail Rate Impact'!$C$29) -> 0.13903601
B25: Energy - Summer Off-Peak | C25: 0.10211 | D25: 0.11820274 | E25: =ROUND((E7*(1+E$11+E$13+E$14+E$16+E$17)+E$12+E$15+E$18)*(1+E$19+E$20),5) -> 0.11783 | F25: =ROUND((F7*(1+F$19)+F$12+F$15+F$18),5) -> 0.04789 | G25: =F25*(1+'Retail Rate Impact'!$C$29) -> 0.0488478 | H25: =G25*(1+'Retail Rate Impact'!$C$29) -> 0.049824756 | I25: =H25*(1+'Retail Rate Impact'!$C$29) -> 0.050821251 | J25: =I25*(1+'Retail Rate Impact'!$C$29) -> 0.051837676 | K25: =J25*(1+'Retail Rate Impact'!$C$29) -> 0.05287443 | L25: =K25*(1+'Retail Rate Impact'!$C$29) -> 0.053931918
B26: Energy - Winter On-Peak | C26: 0.16842 | D26: 0.18975573 | E26: =ROUND((E8*(1+E$11+E$13+E$14+E$16+E$17)+E$12+E$15+E$18)*(1+E$19+E$20),5) -> 0.16755 | F26: =ROUND((F8*(1+F$19)+F$12+F$15+F$18),5) -> 0.26043 | G26: =F26*(1+'Retail Rate Impact'!$C$29) -> 0.2656386 | H26: =G26*(1+'Retail Rate Impact'!$C$29) -> 0.27095137 | I26: =H26*(1+'Retail Rate Impact'!$C$29) -> 0.2763704 | J26: =I26*(1+'Retail Rate Impact'!$C$29) -> 0.28189781 | K26: =J26*(1+'Retail Rate Impact'!$C$29) -> 0.28753576 | L26: =K26*(1+'Retail Rate Impact'!$C$29) -> 0.29328648
B27: Energy - Winter Mid-Peak | C27: 0.13563 | D27: 0.15398724 | E27: =ROUND((E9*(1+E$11+E$13+E$14+E$16+E$17)+E$12+E$15+E$18)*(1+E$19+E$20),5) -> 0.14269 | F27: =ROUND((F9*(1+F$19)+F$12+F$15+F$18),5) -> 0.10932 | G27: =F27*(1+'Retail Rate Impact'!$C$29) -> 0.1115064 | H27: =G27*(1+'Retail Rate Impact'!$C$29) -> 0.11373653 | I27: =H27*(1+'Retail Rate Impact'!$C$29) -> 0.11601126 | J27: =I27*(1+'Retail Rate Impact'!$C$29) -> 0.11833148 | K27: =J27*(1+'Retail Rate Impact'!$C$29) -> 0.12069811 | L27: =K27*(1+'Retail Rate Impact'!$C$29) -> 0.12311208
B28: Energy - Winter Off-Peak | C28: 0.10285 | D28: 0.11820274 | E28: =ROUND((E10*(1+E$11+E$13+E$14+E$16+E$17)+E$12+E$15+E$18)*(1+E$19+E$20),5) -> 0.11783 | F28: =ROUND((F10*(1+F$19)+F$12+F$15+F$18),5) -> 0.04789 | G28: =F28*(1+'Retail Rate Impact'!$C$29) -> 0.0488478 | H28: =G28*(1+'Retail Rate Impact'!$C$29) -> 0.049824756 | I28: =H28*(1+'Retail Rate Impact'!$C$29) -> 0.050821251 | J28: =I28*(1+'Retail Rate Impact'!$C$29) -> 0.051837676 | K28: =J28*(1+'Retail Rate Impact'!$C$29) -> 0.05287443 | L28: =K28*(1+'Retail Rate Impact'!$C$29) -> 0.053931918
B32: Sch. R / ROO
B33: Energy - Summer | E33: 0.08356
B34: Energy - Winter | E34: 0.07136
B35: GRSA
B36: GRSA-E | E36: 0.01271
B37: PCCA | E37: 0.0506
B38: DSMCA | E38: 0.0247
B39: ECA | E39: 0.03078
B40: TCA | E40: 0.0136
B41: TEPA | E41: 0.0014
B42: EGCRR | E42: 0.00239
B43: RESA | E43: 0.01
B44: CEPA | E44: 0.01
B46: All-In R / ROO Rates
B47: Energy - Summer | C47: 0.12893 | D47: 0.13983392 | E47: =ROUND((E33*(1+E$35+E$37+E$38+E$40+E$41)+E$36+E$39+E$42)*(1+E$43+E$44),5) -> 0.13973 | F47: =E47*(1+'Retail Rate Impact'!$C$29) -> 0.1425246 | G47: =F47*(1+'Retail Rate Impact'!$C$29) -> 0.14537509 | H47: =G47*(1+'Retail Rate Impact'!$C$29) -> 0.14828259 | I47: =H47*(1+'Retail Rate Impact'!$C$29) -> 0.15124825 | J47: =I47*(1+'Retail Rate Impact'!$C$29) -> 0.15427321 | K47: =J47*(1+'Retail Rate Impact'!$C$29) -> 0.15735867 | L47: =K47*(1+'Retail Rate Impact'!$C$29) -> 0.16050585
B48: Energy - Winter | C48: 0.11054 | D48: 0.12738993 | E48: =ROUND((E34*(1+E$35+E$37+E$38+E$40+E$41)+E$36+E$39+E$42)*(1+E$43+E$44),5) -> 0.12616 | F48: =E48*(1+'Retail Rate Impact'!$C$29) -> 0.1286832 | G48: =F48*(1+'Retail Rate Impact'!$C$29) -> 0.13125686 | H48: =G48*(1+'Retail Rate Impact'!$C$29) -> 0.133882 | I48: =H48*(1+'Retail Rate Impact'!$C$29) -> 0.13655964 | J48: =I48*(1+'Retail Rate Impact'!$C$29) -> 0.13929083 | K48: =J48*(1+'Retail Rate Impact'!$C$29) -> 0.14207665 | L48: =K48*(1+'Retail Rate Impact'!$C$29) -> 0.14491818
B51: Sch. CTOU
B52: Energy - Summer On-Peak | E52: 0.14352
B53: Energy - Summer Mid-Peak | E53: 0.09834
B54: Energy - Summer Off-Peak | E54: 0.05315
B55: Energy - Winter On-Peak | E55: 0.09036
B56: Energy - Winter Mid-Peak | E56: 0.07176
B57: Energy - Winter Off-Peak | E57: 0.05315
B58: GRSA
B59: GRSA-E | E59: 0.01271
B60: PCCA | E60: 0.0489
B61: DSMCA | E61: 0.0239
B62: ECA | E62: 0.03078
B63: TCA | E63: 0.0131
B64: TEPA | E64: 0.0015
B65: EGCRR | E65: 0.00453
B66: RESA | E66: 0.01
B67: CEPA | E67: 0.01
B69: All-In CTOU Rates
B70: Energy - Summer On-Peak | E70: =ROUND((E52*(1+E$58+E$60+E$61+E$63+E$64)+E$59+E$62+E$65)*(1+E$66+E$67),5) -> 0.20817 | F70: =E70*(1+'Retail Rate Impact'!$C$29) -> 0.2123334 | G70: =F70*(1+'Retail Rate Impact'!$C$29) -> 0.21658007 | H70: =G70*(1+'Retail Rate Impact'!$C$29) -> 0.22091167 | I70: =H70*(1+'Retail Rate Impact'!$C$29) -> 0.2253299 | J70: =I70*(1+'Retail Rate Impact'!$C$29) -> 0.2298365 | K70: =J70*(1+'Retail Rate Impact'!$C$29) -> 0.23443323 | L70: =K70*(1+'Retail Rate Impact'!$C$29) -> 0.2391219
B71: Energy - Summer Mid-Peak | E71: =ROUND((E53*(1+E$58+E$60+E$61+E$63+E$64)+E$59+E$62+E$65)*(1+E$66+E$67),5) -> 0.15805 | F71: =E71*(1+'Retail Rate Impact'!$C$29) -> 0.161211 | G71: =F71*(1+'Retail Rate Impact'!$C$29) -> 0.16443522 | H71: =G71*(1+'Retail Rate Impact'!$C$29) -> 0.16772392 | I71: =H71*(1+'Retail Rate Impact'!$C$29) -> 0.1710784 | J71: =I71*(1+'Retail Rate Impact'!$C$29) -> 0.17449997 | K71: =J71*(1+'Retail Rate Impact'!$C$29) -> 0.17798997 | L71: =K71*(1+'Retail Rate Impact'!$C$29) -> 0.18154977
B72: Energy - Summer Off-Peak | E72: =ROUND((E54*(1+E$58+E$60+E$61+E$63+E$64)+E$59+E$62+E$65)*(1+E$66+E$67),5) -> 0.10793 | F72: =E72*(1+'Retail Rate Impact'!$C$29) -> 0.1100886 | G72: =F72*(1+'Retail Rate Impact'!$C$29) -> 0.11229037 | H72: =G72*(1+'Retail Rate Impact'!$C$29) -> 0.11453618 | I72: =H72*(1+'Retail Rate Impact'!$C$29) -> 0.1168269 | J72: =I72*(1+'Retail Rate Impact'!$C$29) -> 0.11916344 | K72: =J72*(1+'Retail Rate Impact'!$C$29) -> 0.12154671 | L72: =K72*(1+'Retail Rate Impact'!$C$29) -> 0.12397764
B73: Energy - Winter On-Peak | E73: =ROUND((E55*(1+E$58+E$60+E$61+E$63+E$64)+E$59+E$62+E$65)*(1+E$66+E$67),5) -> 0.1492 | F73: =E73*(1+'Retail Rate Impact'!$C$29) -> 0.152184 | G73: =F73*(1+'Retail Rate Impact'!$C$29) -> 0.15522768 | H73: =G73*(1+'Retail Rate Impact'!$C$29) -> 0.15833223 | I73: =H73*(1+'Retail Rate Impact'!$C$29) -> 0.16149888 | J73: =I73*(1+'Retail Rate Impact'!$C$29) -> 0.16472886 | K73: =J73*(1+'Retail Rate Impact'!$C$29) -> 0.16802343 | L73: =K73*(1+'Retail Rate Impact'!$C$29) -> 0.1713839
B74: Energy - Winter Mid-Peak | E74: =ROUND((E56*(1+E$58+E$60+E$61+E$63+E$64)+E$59+E$62+E$65)*(1+E$66+E$67),5) -> 0.12857 | F74: =E74*(1+'Retail Rate Impact'!$C$29) -> 0.1311414 | G74: =F74*(1+'Retail Rate Impact'!$C$29) -> 0.13376423 | H74: =G74*(1+'Retail Rate Impact'!$C$29) -> 0.13643951 | I74: =H74*(1+'Retail Rate Impact'!$C$29) -> 0.1391683 | J74: =I74*(1+'Retail Rate Impact'!$C$29) -> 0.14195167 | K74: =J74*(1+'Retail Rate Impact'!$C$29) -> 0.1447907 | L74: =K74*(1+'Retail Rate Impact'!$C$29) -> 0.14768652
B75: Energy - Winter Off-Peak | E75: =ROUND((E57*(1+E$58+E$60+E$61+E$63+E$64)+E$59+E$62+E$65)*(1+E$66+E$67),5) -> 0.10793 | F75: =E75*(1+'Retail Rate Impact'!$C$29) -> 0.1100886 | G75: =F75*(1+'Retail Rate Impact'!$C$29) -> 0.11229037 | H75: =G75*(1+'Retail Rate Impact'!$C$29) -> 0.11453618 | I75: =H75*(1+'Retail Rate Impact'!$C$29) -> 0.1168269 | J75: =I75*(1+'Retail Rate Impact'!$C$29) -> 0.11916344 | K75: =J75*(1+'Retail Rate Impact'!$C$29) -> 0.12154671 | L75: =K75*(1+'Retail Rate Impact'!$C$29) -> 0.12397764
B76: A10 | E76: PSCO | F76: NSP
F77: 2024
B79: Energy - Summer | E79: 0.08852 | F79: 0.11739
B80: Energy - Winter | E80: 0.05314 | F80: 0.10034
B82: CIP | E82: 0.01271 | F82: 0.002225
B83: RDF | E83: 0.00321 | F83: 0.001176
B84: TCR | E84: 0.00157 | F84: 0.004602 | H84: 0.984
E85: 0.03078 | H85: 1.095
E86: 0.00086 | H86: =H85/H84 -> 1.1128049
E87: 0.0001
E88: 0.00453
B89: RES | E89: 0.01 | F89: 0.01
E90: 0.01
B92: All-In A10 Rates
B93: Energy - Summer | C93: 0.13561 | D93: 0.14371163 | E93: =ROUND((E79*(1+E$81)+E$82+E$83+E$84+E$85+E$86+E$87+E$88)*(1+E$89+E$90),5) -> 0.14513 | F93: =ROUND((F79*(1+F$89)+F$82+F$83+F$84+F$85+F$86+F$87+F$88),5) -> 0.12657 | G93: =F93*(1+'Retail Rate Impact'!$C$29) -> 0.1291014 | H93: =G93*(1+'Retail Rate Impact'!$C$29) -> 0.13168343 | I93: =H93*(1+'Retail Rate Impact'!$C$29) -> 0.1343171 | J93: =I93*(1+'Retail Rate Impact'!$C$29) -> 0.13700344 | K93: =J93*(1+'Retail Rate Impact'!$C$29) -> 0.13974351 | L93: =K93*(1+'Retail Rate Impact'!$C$29) -> 0.14253838
B94: Energy - Winter | C94: 0.09496 | D94: 0.10762403 | E94: =ROUND((E80*(1+E$81)+E$82+E$83+E$84+E$85+E$86+E$87+E$88)*(1+E$89+E$90),5) -> 0.10904 | F94: =ROUND((F80*(1+F$89)+F$82+F$83+F$84+F$85+F$86+F$87+F$88),5) -> 0.10935 | G94: =F94*(1+'Retail Rate Impact'!$C$29) -> 0.111537 | H94: =G94*(1+'Retail Rate Impact'!$C$29) -> 0.11376774 | I94: =H94*(1+'Retail Rate Impact'!$C$29) -> 0.11604309 | J94: =I94*(1+'Retail Rate Impact'!$C$29) -> 0.11836396 | K94: =J94*(1+'Retail Rate Impact'!$C$29) -> 0.12073124 | L94: =K94*(1+'Retail Rate Impact'!$C$29) -> 0.12314586
B97: Sch. S-EV-CPP
B98: Energy - Summer On-Peak | E98: 0.06935
B99: Energy - Summer Off-Peak | E99: 0.01387
B100: Energy - Winter On-Peak | E100: 0.03467
B101: Energy - Winter Off-Peak | E101: 0.00693
B102: Energy - CPP | E102: 1.44
B103: Demand - Summer | E103: 3.01
B104: Demand - Winter | E104: 3.01
B105: GRSA | E105: 0.1117
B106: GRSA-E | E106: 0.00323
B107: PCCA | E107: 0.00848
B108: DSMCA | E108: 0.00447
B109: ECA | E109: 0.030705
... B114: CEPA | E114: 0.01
B116: All-In S-EV-CPP Rates
B117: Energy - Summer On-Peak | E117: =ROUND((E98*(1+E$105)+E$106+E$107+E$108+E$109+E$110+E$111+E$112)*(1+E$113+E$114),5) -> 0.13365 | F117: =E117*(1+'Retail Rate Impact'!$C$29) -> 0.136323 | G117: =F117*(1+'Retail Rate Impact'!$C$29) -> 0.13904946 | H117: =G117*(1+'Retail Rate Impact'!$C$29) -> 0.14183045 | I117: =H117*(1+'Retail Rate Impact'!$C$29) -> 0.14466706 | J117: =I117*(1+'Retail Rate Impact'!$C$29) -> 0.1475604 | K117: =J117*(1+'Retail Rate Impact'!$C$29) -> 0.15051161 | L117: =K117*(1+'Retail Rate Impact'!$C$29) -> 0.15352184
B118: Energy - Summer Off-Peak | E118: =ROUND((E99*(1+E$105)+E$106+E$107+E$108+E$109+E$110+E$111+E$112)*(1+E$113+E$114),5) -> 0.07074 | F118: =E118*(1+'Retail Rate Impact'!$C$29) -> 0.0721548 | G118: =F118*(1+'Retail Rate Impact'!$C$29) -> 0.073597896 | H118: =G118*(1+'Retail Rate Impact'!$C$29) -> 0.075069854 | I118: =H118*(1+'Retail Rate Impact'!$C$29) -> 0.076571251 | J118: =I118*(1+'Retail Rate Impact'!$C$29) -> 0.078102676 | K118: =J118*(1+'Retail Rate Impact'!$C$29) -> 0.07966473 | L118: =K118*(1+'Retail Rate Impact'!$C$29) -> 0.081258024
B119: Energy - Winter On-Peak | E119: =ROUND((E100*(1+E$105)+E$106+E$107+E$108+E$109+E$110+E$111+E$112)*(1+E$113+E$114),5) -> 0.09433 | F119: =E119*(1+'Retail Rate Impact'!$C$29) -> 0.0962166 | G119: =F119*(1+'Retail Rate Impact'!$C$29) -> 0.098140932 | H119: =G119*(1+'Retail Rate Impact'!$C$29) -> 0.10010375 | I119: =H119*(1+'Retail Rate Impact'!$C$29) -> 0.10210583 | J119: =I119*(1+'Retail Rate Impact'!$C$29) -> 0.10414794 | K119: =J119*(1+'Retail Rate Impact'!$C$29) -> 0.1062309 | L119: =K119*(1+'Retail Rate Impact'!$C$29) -> 0.10835552
B120: Energy - Winter Off-Peak | E120: =ROUND((E101*(1+E$105)+E$106+E$107+E$108+E$109+E$110+E$111+E$112)*(1+E$113+E$114),5) -> 0.06287 | F120: =E120*(1+'Retail Rate Impact'!$C$29) -> 0.0641274 | G120: =F120*(1+'Retail Rate Impact'!$C$29) -> 0.065409948 | H120: =G120*(1+'Retail Rate Impact'!$C$29) -> 0.066718147 | I120: =H120*(1+'Retail Rate Impact'!$C$29) -> 0.06805251 | J120: =I120*(1+'Retail Rate Impact'!$C$29) -> 0.06941356 | K120: =J120*(1+'Retail Rate Impact'!$C$29) -> 0.070801831 | L120: =K120*(1+'Retail Rate Impact'!$C$29) -> 0.072217868
...

Sheet EV Forecast
B2: Select Scenario
B3: Mid
B5: EV Count (incremental from 2020) | H5: MWh Load | N5: kWh/EV
B6: Year | C6: LDV | D6: MDV | E6: HDV | F6: Total | H6: Year | I6: LDV | J6: MDV | K6: HDV | L6: Total | N6: LDV | O6: MDV | P6: HDV
B7: 2020 | C7: 14225 | D7: 0 | E7: 8 | H7: 2020 | I7: 48117.889 | J7: 0 | K7: 640.72305 | L7: =SUM(I7:K7) -> 48758.613 | N7: =IFERROR((I7*1000)/C7,"") -> 3382.6284 | O7: =IFERROR((J7*1000)/D7,"") | P7: =IFERROR((K7*1000)/E7,"") -> 80090.382
B8: 2021 | C8: =INDEX($B28:$G28,MATCH($B$3,$B$27:$G$27,0))-C$7 -> 6216 | D8: =INDEX($H28:$M28,MATCH($B$3,$H$27:$M$27,0))-D$7 -> 0 | E8: =INDEX($N28:$S28,MATCH($B$3,$N$27:$S$27,0))-E$7 -> 0 | F8: =SUM(C8:E8) -> 6216 | H8: 2021 | I8: =INDEX($B64:$G64,MATCH($B$3,$B$63:$G$63,0))-I$7 -> 25398.442 | J8: =INDEX($H64:$M64,MATCH($B$3,$H$63:$M$63,0))-J$7 -> 0 | K8: =INDEX($N64:$S64,MATCH($B$3,$N$63:$S$63,0))-K$7 -> 405.55962 | L8: =SUM(I8:K8) -> 25804.002 | N8: =IFERROR((C64*1000)/C28,"") -> 3596.5135 | O8: =IFERROR((I64*1000)/I28,"") | P8: =IFERROR((O64*1000)/O28,"") -> 130785.33
B9: 2022 | C9: =INDEX($B29:$G29,MATCH($B$3,$B$27:$G$27,0))-C$7 -> 18251.612 | D9: =INDEX($H29:$M29,MATCH($B$3,$H$27:$M$27,0))-D$7 -> 40.022876 | E9: =INDEX($N29:$S29,MATCH($B$3,$N$27:$S$27,0))-E$7 -> 0 | F9: =SUM(C9:E9) -> 18291.635 | H9: 2022 | I9: =INDEX($B65:$G65,MATCH($B$3,$B$63:$G$63,0))-I$7 -> 65226.938 | J9: =INDEX($H65:$M65,MATCH($B$3,$H$63:$M$63,0))-J$7 -> 1052.7673 | K9: =INDEX($N65:$S65,MATCH($B$3,$N$63:$S$63,0))-K$7 -> 405.55962 | L9: =SUM(I9:K9) -> 66685.265 | N9: =IFERROR((C65*1000)/C29,"") -> 3490.0447 | O9: =IFERROR((I65*1000)/I29,"") -> 26304.138 | P9: =IFERROR((O65*1000)/O29,"") -> 130785.33
B10: 2023 | C10: =INDEX($B30:$G30,MATCH($B$3,$B$27:$G$27,0))-C$7 -> 33601.013 | D10: =INDEX($H30:$M30,MATCH($B$3,$H$27:$M$27,0))-D$7 -> 129.68761 | E10: =INDEX($N30:$S30,MATCH($B$3,$N$27:$S$27,0))-E$7 -> 6.7088307 | F10: =SUM(C10:E10) -> 33737.41 | H10: 2023 | I10: =INDEX($B66:$G66,MATCH($B$3,$B$63:$G$63,0))-I$7 -> 125603.22 | J10: =INDEX($H66:$M66,MATCH($B$3,$H$63:$M$63,0))-J$7 -> 3411.3209 | K10: =INDEX($N66:$S66,MATCH($B$3,$N$63:$S$63,0))-K$7 -> 1282.9763 | L10: =SUM(I10:K10) -> 130297.51 | N10: =IFERROR((C66*1000)/C30,"") -> 3632.356 | O10: =IFERROR((I66*1000)/I30,"") -> 26304.138 | P10: =IFERROR((O66*1000)/O30,"") -> 130785.33
B11: 2024 | C11: =INDEX($B31:$G31,MATCH($B$3,$B$27:$G$27,0))-C$7 -> 50402.528 | D11: =INDEX($H31:$M31,MATCH($B$3,$H$27:$M$27,0))-D$7 -> 277.47229 | E11: =INDEX($N31:$S31,MATCH($B$3,$N$27:$S$27,0))-E$7 -> 50.513155 | F11: =SUM(C11:E11) -> 50730.514 | H11: 2024 | I11: =INDEX($B67:$G67,MATCH($B$3,$B$63:$G$63,0))-I$7 -> 197589.01 | J11: =INDEX($H67:$M67,MATCH($B$3,$H$63:$M$63,0))-J$7 -> 7298.6695 | K11: =INDEX($N67:$S67,MATCH($B$3,$N$63:$S$63,0))-K$7 -> 7011.9394 | L11: =SUM(I11:K11) -> 211899.62 | N11: =IFERROR((C67*1000)/C31,"") -> 3801.8923 | O11: =IFERROR((I67*1000)/I31,"") -> 26304.138 | P11: =IFERROR((O67*1000)/O31,"") -> 130785.33
B12: 2025 | C12: =INDEX($B32:$G32,MATCH($B$3,$B$27:$G$27,0))-C$7 -> 65423.879 | D12: =INDEX($H32:$M32,MATCH($B$3,$H$27:$M$27,0))-D$7 -> 496.04121 | E12: =INDEX($N32:$S32,MATCH($B$3,$N$27:$S$27,0))-E$7 -> 148.31749 | F12: =SUM(C12:E12) -> 66068.238 | H12: 2025 | I12: =INDEX($B68:$G68,MATCH($B$3,$B$63:$G$63,0))-I$7 -> 270273.2 | J12: =INDEX($H68:$M68,MATCH($B$3,$H$63:$M$63,0))-J$7 -> 13047.937 | K12: =INDEX($N68:$S68,MATCH($B$3,$N$63:$S$63,0))-K$7 -> 19803.313 | L12: =SUM(I12:K12) -> 303124.45 | N12: =IFERROR((C68*1000)/C32,"") -> 3997.4334 | O12: =IFERROR((I68*1000)/I32,"") -> 26304.138 | P12: =IFERROR((O68*1000)/O32,"") -> 130785.33
B13: 2026 | C13: =INDEX($B33:$G33,MATCH($B$3,$B$27:$G$27,0))-C$7 -> 84637.853 | D13: =INDEX($H33:$M33,MATCH($B$3,$H$27:$M$27,0))-D$7 -> 796.71544 | E13: =INDEX($N33:$S33,MATCH($B$3,$N$27:$S$27,0))-E$7 -> 332.6806 | F13: =SUM(C13:E13) -> 85767.249 | H13: 2026 | I13: =INDEX($B69:$G69,MATCH($B$3,$B$63:$G$63,0))-I$7 -> 349763.59 | J13: =INDEX($H69:$M69,MATCH($B$3,$H$63:$M$63,0))-J$7 -> 20956.913 | K13: =INDEX($N69:$S69,MATCH($B$3,$N$63:$S$63,0))-K$7 -> 43915.304 | L13: =SUM(I13:K13) -> 414635.81 | N13: =IFERROR((C69*1000)/C33,"") -> 4024.5802 | O13: =IFERROR((I69*1000)/I33,"") -> 26304.138 | P13: =IFERROR((O69*1000)/O33,"") -> 130785.33
B14: 2027 | C14: =INDEX($B34:$G34,MATCH($B$3,$B$27:$G$27,0))-C$7 -> 107301.05 | D14: =INDEX($H34:$M34,MATCH($B$3,$H$27:$M$27,0))-D$7 -> 1181.6311 | E14: =INDEX($N34:$S34,MATCH($B$3,$N$27:$S$27,0))-E$7 -> 599.63851 | F14: =SUM(C14:E14) -> 109082.32 | H14: 2027 | I14: =INDEX($B70:$G70,MATCH($B$3,$B$63:$G$63,0))-I$7 -> 448015.05 | J14: =INDEX($H70:$M70,MATCH($B$3,$H$63:$M$63,0))-J$7 -> 31081.788 | K14: =INDEX($N70:$S70,MATCH($B$3,$N$63:$S$63,0))-K$7 -> 78829.483 | L14: =SUM(I14:K14) -> 557926.32 | N14: =IFERROR((C70*1000)/C34,"") -> 4082.5234 | O14: =IFERROR((I70*1000)/I34,"") -> 26304.138 | P14: =IFERROR((O70*1000)/O34,"") -> 130785.33
B15: 2028 | C15: =INDEX($B35:$G35,MATCH($B$3,$B$27:$G$27,0))-C$7 -> 135717.64 | D15: =INDEX($H35:$M35,MATCH($B$3,$H$27:$M$27,0))-D$7 -> 1658.6741 | E15: =INDEX($N35:$S35,MATCH($B$3,$N$27:$S$27,0))-E$7 -> 936.28209 | F15: =SUM(C15:E15) -> 138312.59 | H15: 2028 | I15: =INDEX($B71:$G71,MATCH($B$3,$B$63:$G$63,0))-I$7 -> 569115.56 | J15: =INDEX($H71:$M71,MATCH($B$3,$H$63:$M$63,0))-J$7 -> 43629.992 | K15: =INDEX($N71:$S71,MATCH($B$3,$N$63:$S$63,0))-K$7 -> 122857.53 | L15: =SUM(I15:K15) -> 735603.08 | N15: =IFERROR((C71*1000)/C35,"") -> 4116.4639 | O15: =IFERROR((I71*1000)/I35,"") -> 26304.138 | P15: =IFERROR((O71*1000)/O35,"") -> 130785.33
B16: 2029 | C16: =INDEX($B36:$G36,MATCH($B$3,$B$27:$G$27,0))-C$7 -> 170838.4 | D16: =INDEX($H36:$M36,MATCH($B$3,$H$27:$M$27,0))-D$7 -> 2231.4264 | E16: =INDEX($N36:$S36,MATCH($B$3,$N$27:$S$27,0))-E$7 -> 1364.9997 | F16: =SUM(C16:E16) -> 174434.83 | H16: 2029 | I16: =INDEX($B72:$G72,MATCH($B$3,$B$63:$G$63,0))-I$7 -> 721196.27 | J16: =INDEX($H72:$M72,MATCH($B$3,$H$63:$M$63,0))-J$7 -> 58695.748 | K16: =INDEX($N72:$S72,MATCH($B$3,$N$63:$S$63,0))-K$7 -> 178927.5 | L16: =SUM(I16:K16) -> 958819.52 | N16: =IFERROR((C72*1000)/C36,"") -> 4157.0302 | O16: =IFERROR((I72*1000)/I36,"") -> 26304.138 | P16: =IFERROR((O72*1000)/O36,"") -> 130785.33
B17: 2030 | C17: =INDEX($B37:$G37,MATCH($B$3,$B$27:$G$27,0))-C$7 -> 215214.16 | D17: =INDEX($H37:$M37,MATCH($B$3,$H$27:$M$27,0))-D$7 -> 2847.4684 | E17: =INDEX($N37:$S37,MATCH($B$3,$N$27:$S$27,0))-E$7 -> 1868.2689 | F17: =SUM(C17:E17) -> 219929.9 | H17: 2030 | I17: =INDEX($B73:$G73,MATCH($B$3,$B$63:$G$63,0))-I$7 -> 913272.3 | J17: =INDEX($H73:$M73,MATCH($B$3,$H$63:$M$63,0))-J$7 -> 74900.203 | K17: =INDEX($N73:$S73,MATCH($B$3,$N$63:$S$63,0))-K$7 -> 244747.74 | L17: =SUM(I17:K17) -> 1232920.2 | N17: =IFERROR((C73*1000)/C37,"") -> 4190.1747 | O17: =IFERROR((I73*1000)/I37,"") -> 26304.138 | P17: =IFERROR((O73*1000)/O37,"") -> 130785.33
C21: MN
C22: CO
B25: EV Count
B26: LDV | H26: MDV | N26: HDV | T26: Total
A27: Year | B27: Low | C27: Mid | D27: High | E27: "Vision" | F27: GH - Target | G27: GH - Scen.1 | H27: Low | I27: Mid | J27: High | K27: "Vision" | L27: GH - Target | M27: GH - Scen.1 | N27: Low | O27: Mid | P27: High | Q27: "Vision" | R27: GH - Target | S27: GH - Scen.1 | T27: Low | U27: Mid | V27: High | W27: "Vision" | X27: GH - Target | Y27: GH - Scen.1
A28: 2021 | B28: 41919 | C28: 20441 | D28: 41919 | E28: 41919 | F28: =E28 -> 41919 | G28: =F28 -> 41919 | H28: 0 | I28: 0 | J28: 0 | K28: 0 | L28: =K28 -> 0 | M28: =L28 -> 0 | N28: 46 | O28: 8 | P28: 46 | Q28: 46 | R28: =Q28 -> 46 | S28: =R28 -> 46 | T28: =SUM(B28,H28,N28) -> 41965 | U28: =SUM(C28,I28,O28) -> 20449 | V28: =SUM(D28,J28,P28) -> 41965 | W28: =SUM(E28,K28,Q28) -> 41965 | X28: =SUM(F28,L28,R28) -> 41965 | Y28: =SUM(G28,M28,S28) -> 41965 | AA28: forecast counts and load from various sources (Low/Mid/High/Vision come from Risk, GH come from GuideHouse)
A29: 2022 | B29: 50471.638 | C29: 32476.612 | D29: 89515.027 | E29: 90734.519 | F29: 59409.973 | G29: 50500.205 | H29: 0 | I29: 40.022876 | J29: 0 | K29: 0 | L29: 177.70611 | M29: 177.77132 | N29: 68.151334 | O29: 8 | P29: 101.44233 | Q29: 102.82431 | R29: 138.93947 | S29: 138.98177 | T29: =SUM(B29,H29,N29) -> 50539.79 | U29: =SUM(C29,I29,O29) -> 32524.635 | V29: =SUM(D29,J29,P29) -> 89616.47 | W29: =SUM(E29,K29,Q29) -> 90837.343 | X29: =SUM(F29,L29,R29) -> 59726.618 | Y29: =SUM(G29,M29,S29) -> 50816.958
A30: 2023 | B30: 62312.044 | C30: 47826.013 | D30: 159333.81 | E30: 163675.12 | F30: 98748.976 | G30: 75352.215 | H30: 54.925698 | I30: 129.68761 | J30: 166.92492 | K30: 171.47306 | L30: 390.04899 | M30: 390.20962 | N30: 74.485389 | O30: 14.708831 | P30: 141.37927 | Q30: 145.23138 | R30: 252.53377 | S30: 252.62322 | T30: =SUM(B30,H30,N30) -> 62441.455 | U30: =SUM(C30,I30,O30) -> 47970.41 | V30: =SUM(D30,J30,P30) -> 159642.11 | W30: =SUM(E30,K30,Q30) -> 163991.82 | X30: =SUM(F30,L30,R30) -> 99391.558 | Y30: =SUM(G30,M30,S30) -> 75995.048
A31: 2024 | B31: 74803.917 | C31: 64627.528 | D31: 222038.07 | E31: 231112.76 | F31: 143213.5 | G31: 106503 | H31: 166.07248 | I31: 277.47229 | J31: 558.52817 | K31: 581.3552 | L31: 633.41378 | M31: 633.69986 | N31: 87.510438 | O31: 58.513155 | P31: 189.3478 | Q31: 197.08644 | R31: 384.29368 | S31: 384.43588 | T31: =SUM(B31,H31,N31) -> 75057.5 | U31: =SUM(C31,I31,O31) -> 64963.514 | V31: =SUM(D31,J31,P31) -> 222785.95 | W31: =SUM(E31,K31,Q31) -> 231891.2 | X31: =SUM(F31,L31,R31) -> 144231.21 | Y31: =SUM(G31,M31,S31) -> 107521.13
A32: 2025 | B32: 87611.315 | C32: 79648.879 | D32: 266416.91 | E32: 280934.84 | F32: 193329.13 | G32: 144279.52 | H32: 344.29327 | I32: 496.04121 | J32: 1185.9475 | K32: 1250.5737 | L32: 907.08209 | M32: 907.52222 | N32: 115.73857 | O32: 156.31749 | P32: 268.39891 | Q32: 283.02484 | R32: 534.07241 | S32: 534.27319 | T32: =SUM(B32,H32,N32) -> 88071.347 | U32: =SUM(C32,I32,O32) -> 80301.238 | V32: =SUM(D32,J32,P32) -> 267871.25 | W32: =SUM(E32,K32,Q32) -> 282468.43 | X32: =SUM(F32,L32,R32) -> 194770.28 | Y32: =SUM(G32,M32,S32) -> 145721.32
A33: 2026 | B33: 103148.67 | C33: 98862.853 | D33: 311007.16 | E33: 332191.91 | F33: 249464.3 | G33: 188785.27 | H33: 562.2351 | I33: 796.71544 | J33: 2009.3159 | K33: 2146.1836 | L33: 1210.072 | M33: 1210.693 | N33: 168.06693 | O33: 340.6806 | P33: 414.14515 | Q33: 442.35531 | R33: 701.42405 | S33: 701.68925 | T33: =SUM(B33,H33,N33) -> 103878.97 | U33: =SUM(C33,I33,O33) -> 100000.25 | V33: =SUM(D33,J33,P33) -> 313430.62 | W33: =SUM(E33,K33,Q33) -> 334780.45 | X33: =SUM(F33,L33,R33) -> 251375.79 | Y33: =SUM(G33,M33,S33) -> 190697.65
A34: 2027 | B34: 122346.32 | C34: 121526.05 | D34: 360379.56 | E34: 389836.95 | F34: 311441.53 | G34: 239600.1 | H34: 821.37325 | I34: 1181.6311 | J34: 2979.2038 | K34: 3222.7236 | L34: 1541.5881 | M34: 1542.4152 | N34: 245.82438 | O34: 607.63851 | P34: 627.28565 | Q34: 678.55992 | R34: 885.9457 | S34: 886.28111 | T34: =SUM(B34,H34,N34) -> 123413.51 | U34: =SUM(C34,I34,O34) -> 123315.32 | V34: =SUM(D34,J34,P34) -> 363986.05 | W34: =SUM(E34,K34,Q34) -> 393738.24 | X34: =SUM(F34,L34,R34) -> 313869.06 | Y34: =SUM(G34,M34,S34) -> 242028.8
A35: 2028 | B35: 146603.31 | C35: 149942.64 | D35: 423085.03 | E35: 463431.78 | F35: 380730.35 | G35: 297826.1 | H35: 1114.9445 | I35: 1658.6741 | J35: 4092.2933 | K35: 4482.5476 | L35: 1899.733 | M35: 1900.7894 | N35: 339.49788 | O35: 944.28209 | P35: 891.53863 | Q35: 976.55863 | R35: 1086.5373 | S35: 1086.9483 | T35: =SUM(B35,H35,N35) -> 148057.75 | U35: =SUM(C35,I35,O35) -> 152545.59 | V35: =SUM(D35,J35,P35) -> 428068.86 | W35: =SUM(E35,K35,Q35) -> 468890.89 | X35: =SUM(F35,L35,R35) -> 383716.62 | Y35: =SUM(G35,M35,S35) -> 300813.83
A36: 2029 | B36: 177121.23 | C36: 185063.4 | D36: 501616 | E36: 556285.39 | F36: 457250.08 | G36: 363284.29 | H36: 1441.2828 | I36: 2231.4264 | J36: 5356.9723 | K36: 5940.8102 | L36: 2282.8847 | M36: 2284.1918 | N36: 445.74224 | O36: 1372.9997 | P36: 1202.2996 | Q36: 1333.3341 | R36: 1302.2636 | S36: 1302.7554 | T36: =SUM(B36,H36,N36) -> 179008.26 | U36: =SUM(C36,I36,O36) -> 188667.83 | V36: =SUM(D36,J36,P36) -> 508175.27 | W36: =SUM(E36,K36,Q36) -> 563559.54 | X36: =SUM(F36,L36,R36) -> 460835.23 | Y36: =SUM(G36,M36,S36) -> 366871.24
A37: 2030 | B37: 215310.76 | C37: 229439.16 | D37: 598728.15 | E37: 680294.79 | F37: 540064.82 | G37: 435056.72 | H37: 1799.7716 | I37: 2847.4684 | J37: 6770.7146 | K37: 7693.1106 | L37: 2688.7266 | M37: 2690.3035 | N37: 565.88686 | O37: 1876.2689 | P37: 1570.4695 | Q37: 1784.4195 | R37: 1531.7418 | S37: 1532.3188 | T37: =SUM(B37,H37,N37) -> 217676.42 | U37: =SUM(C37,I37,O37) -> 234162.9 | V37: =SUM(D37,J37,P37) -> 607069.33 | W37: =SUM(E37,K37,Q37) -> 689772.32 | X37: =SUM(F37,L37,R37) -> 544285.29 | Y37: =SUM(G37,M37,S37) -> 439279.34
A38: 2031 | B38: 263385.11 | C38: 284570.42 | D38: 718542.44 | E38: 0 | F38: 0 | G38: 0 | H38: 2237.8242 | I38: 3497.2282 | J38: 8335.8871 | K38: 0 | L38: 0 | M38: 0 | N38: 716.02557 | O38: 2456.0372 | P38: 2002.4646 | Q38: 0 | R38: 0 | S38: 0 | T38: =SUM(B38,H38,N38) -> 266338.96 | U38: =SUM(C38,I38,O38) -> 290523.68 | V38: =SUM(D38,J38,P38) -> 728880.79 | W38: =SUM(E38,K38,Q38) -> 0 | X38: =SUM(F38,L38,R38) -> 0 | Y38: =SUM(G38,M38,S38) -> 0
A39: 2032 | B39: 323131.29 | C39: 353003.21 | D39: 844777.58 | E39: 0 | F39: 0 | G39: 0 | H39: 2745.4515 | I39: 4338.233 | J39: 9800.3543 | K39: 0 | L39: 0 | M39: 0 | N39: 878.44856 | O39: 3046.6589 | P39: 2354.2621 | Q39: 0 | R39: 0 | S39: 0 | T39: =SUM(B39,H39,N39) -> 326755.19 | U39: =SUM(C39,I39,O39) -> 360388.1 | V39: =SUM(D39,J39,P39) -> 856932.19 | W39: =SUM(E39,K39,Q39) -> 0 | X39: =SUM(F39,L39,R39) -> 0 | Y39: =SUM(G39,M39,S39) -> 0
A40: 2033 | B40: 396766.19 | C40: 437377 | D40: 973915.59 | E40: 0 | F40: 0 | G40: 0 | H40: 3371.0827 | I40: 5375.1447 | J40: 11298.498 | K40: 0 | L40: 0 | M40: 0 | N40: 1078.6287 | O40: 3774.8624 | P40: 2714.1494 | Q40: 0 | R40: 0 | S40: 0 | T40: =SUM(B40,H40,N40) -> 401215.9 | U40: =SUM(C40,I40,O40) -> 446527 | V40: =SUM(D40,J40,P40) -> 987928.23 | W40: =SUM(E40,K40,Q40) -> 0 | X40: =SUM(F40,L40,R40) -> 0 | Y40: =SUM(G40,M40,S40) -> 0
... A58: 2051 | B58: 2393774.9 | C58: 2396164.6 | D58: 3386803 | E58: 0 | F58: 0 | G58: 0 | H58: 20338.46 | I58: 29447.665 | J58: 39290.661 | K58: 0 | L58: 0 | M58: 0 | N58: 6507.5966 | O58: 20680.538 | P58: 9438.4866 | Q58: 0 | R58: 0 | S58: 0 | T58: =SUM(B58,H58,N58) -> 2420620.9 | U58: =SUM(C58,I58,O58) -> 2446292.8 | V58: =SUM(D58,J58,P58) -> 3435532.1 | W58: =SUM(E58,K58,Q58) -> 0 | X58: =SUM(F58,L58,R58) -> 0 | Y58: =SUM(G58,M58,S58) -> 0
C59: 2501341.8 | I59: 30740.24 | O59: 21588.289
B61: MWh Load
B62: LDV | H62: MDV | N62: HDV | T62: Total
A63: Year | B63: Low | C63: Mid | D63: High | E63: "Vision" | F63: GH - Target | G63: GH - Scen.1 | H63: Low | I63: Mid | J63: High | K63: "Vision" | L63: GH - Target | M63: GH - Scen.1 | N63: Low | O63: Mid | P63: High | Q63: "Vision" | R63: GH - Target | S63: GH - Scen.1 | T63: Low | U63: Mid | V63: High | W63: "Vision" | X63: GH - Target | Y63: GH - Scen.1
A64: 2021 | B64: 151163.79 | C64: 73516.332 | D64: 151163.79 | E64: 151163.79 | F64: =E64 -> 151163.79 | G64: =F64 -> 151163.79 | H64: 0 | I64: 0 | J64: 0 | K64: 0 | L64: =K64 -> 0 | M64: =L64 -> 0 | N64: 6985.0733 | O64: 1046.2827 | P64: 6985.0733 | Q64: 6985.0733 | R64: =Q64 -> 6985.0733 | S64: =R64 -> 6985.0733 | T64: =SUM(B64,H64,N64) -> 158148.87 | U64: =SUM(C64,I64,O64) -> 74562.614 | V64: =SUM(D64,J64,P64) -> 158148.87 | W64: =SUM(E64,K64,Q64) -> 158148.87 | X64: =SUM(F64,L64,R64) -> 158148.87 | Y64: =SUM(G64,M64,S64) -> 158148.87
A65: 2022 | B65: 197892.55 | C65: 113344.83 | D65: 281520.02 | E65: 282354.11 | F65: 210489 | G65: 178921.77 | H65: 0 | I65: 1052.7673 | J65: 0 | K65: 0 | L65: 5529.9076 | M65: 5531.937 | N65: 10348.741 | O65: 1046.2827 | P65: 15403.959 | Q65: 15613.812 | R65: 21097.878 | S65: 21104.3 | T65: =SUM(B65,H65,N65) -> 208241.29 | U65: =SUM(C65,I65,O65) -> 115443.88 | V65: =SUM(D65,J65,P65) -> 296923.98 | W65: =SUM(E65,K65,Q65) -> 297967.92 | X65: =SUM(F65,L65,R65) -> 237116.79 | Y65: =SUM(G65,M65,S65) -> 205558.01
A66: 2023 | B66: 243988.36 | C66: 173721.11 | D66: 538342.24 | E66: 546485.19 | F66: 354446.64 | G66: 270467 | H66: 1709.193 | I66: 3411.3209 | J66: 5194.4156 | K66: 5335.946 | L66: 12137.652 | M66: 12142.65 | N66: 11310.563 | O66: 1923.6993 | P66: 21468.36 | Q66: 22053.301 | R66: 38347.106 | S66: 38360.689 | T66: =SUM(B66,H66,N66) -> 257008.12 | U66: =SUM(C66,I66,O66) -> 179056.13 | V66: =SUM(D66,J66,P66) -> 565005.02 | W66: =SUM(E66,K66,Q66) -> 573874.43 | X66: =SUM(F66,L66,R66) -> 404931.39 | Y66: =SUM(G66,M66,S66) -> 320970.34
A67: 2024 | B67: 299593.39 | C67: 245706.9 | D67: 833283.7 | E67: 855515.5 | F67: 548149.18 | G67: 407639.85 | H67: 5167.8892 | I67: 7298.6695 | J67: 17380.433 | K67: 18090.771 | L67: 19710.744 | M67: 19719.647 | N67: 13288.409 | O67: 7652.6625 | P67: 28752.354 | Q67: 29927.461 | R67: 58354.773 | S67: 58376.365 | T67: =SUM(B67,H67,N67) -> 318049.69 | U67: =SUM(C67,I67,O67) -> 260658.23 | V67: =SUM(D67,J67,P67) -> 879416.49 | W67: =SUM(E67,K67,Q67) -> 903533.73 | X67: =SUM(F67,L67,R67) -> 626214.7 | Y67: =SUM(G67,M67,S67) -> 485735.86
A68: 2025 | B68: 358420.09 | C68: 318391.09 | D68: 1077928.9 | E68: 1119894 | F68: 778386.89 | G68: 580902.05 | H68: 10713.813 | I68: 13047.937 | J68: 36904.641 | K68: 38915.696 | L68: 28226.83 | M68: 28240.526 | N68: 17574.835 | O68: 20444.036 | P68: 40756.219 | Q68: 42977.158 | R68: 81098.585 | S68: 81129.074 | T68: =SUM(B68,H68,N68) -> 386708.74 | U68: =SUM(C68,I68,O68) -> 351883.07 | V68: =SUM(D68,J68,P68) -> 1155589.8 | W68: =SUM(E68,K68,Q68) -> 1201786.8 | X68: =SUM(F68,L68,R68) -> 887712.3 | Y68: =SUM(G68,M68,S68) -> 690271.65
A69: 2026 | B69: 425181.39 | C69: 397881.48 | D69: 1287009.8 | E69: 1354187.4 | F69: 1016732.4 | G69: 769425.14 | H69: 17495.787 | I69: 20956.913 | J69: 62526.445 | K69: 66785.533 | L69: 37655.354 | M69: 37674.677 | N69: 25520.865 | O69: 44556.027 | P69: 62887.701 | Q69: 67171.396 | R69: 106510.83 | S69: 106551.1 | T69: =SUM(B69,H69,N69) -> 468198.04 | U69: =SUM(C69,I69,O69) -> 463394.42 | V69: =SUM(D69,J69,P69) -> 1412423.9 | W69: =SUM(E69,K69,Q69) -> 1488144.3 | X69: =SUM(F69,L69,R69) -> 1160898.6 | Y69: =SUM(G69,M69,S69) -> 913650.92
A70: 2027 | B70: 507627.61 | C70: 496132.94 | D70: 1511405.8 | E70: 1610601.6 | F70: 1278269.6 | G70: 983406.2 | H70: 25559.719 | I70: 31081.788 | J70: 92707.684 | K70: 100285.6 | L70: 47971.564 | M70: 47997.302 | N70: 37328.289 | O70: 79470.206 | P70: 95252.962 | Q70: 103038.93 | R70: 134530.34 | S70: 134581.27 | T70: =SUM(B70,H70,N70) -> 570515.61 | U70: =SUM(C70,I70,O70) -> 606684.93 | V70: =SUM(D70,J70,P70) -> 1699366.5 | W70: =SUM(E70,K70,Q70) -> 1813926.1 | X70: =SUM(F70,L70,R70) -> 1460771.5 | Y70: =SUM(G70,M70,S70) -> 1165984.8
A71: 2028 | B71: 611505.9 | C71: 617233.45 | D71: 1781349.3 | E71: 1922509.9 | F71: 1566021.4 | G71: 1225019.3 | H71: 34695.15 | I71: 43629.992 | J71: 127345.11 | K71: 139489.15 | L71: 59116.415 | M71: 59149.288 | N71: 51552.555 | O71: 123498.25 | P71: 135379.62 | Q71: 148289.86 | R71: 164990.05 | S71: 165052.47 | T71: =SUM(B71,H71,N71) -> 697753.61 | U71: =SUM(C71,I71,O71) -> 784361.69 | V71: =SUM(D71,J71,P71) -> 2044074 | W71: =SUM(E71,K71,Q71) -> 2210288.9 | X71: =SUM(F71,L71,R71) -> 1790127.8 | Y71: =SUM(G71,M71,S71) -> 1449221.1
A72: 2029 | B72: 743407.11 | C72: 769314.16 | D72: 2123500.8 | E72: 2320623.7 | F72: 1889247.3 | G72: 1501003.3 | H72: 44850.236 | I72: 58695.748 | J72: 166699.74 | K72: 184867.77 | L72: 71039.433 | M72: 71080.108 | N72: 67685.701 | O72: 179568.23 | P72: 182568.5 | Q72: 202466.01 | R72: 197747.98 | S72: 197822.65 | T72: =SUM(B72,H72,N72) -> 855943.05 | U72: =SUM(C72,I72,O72) -> 1007578.1 | V72: =SUM(D72,J72,P72) -> 2472769 | W72: =SUM(E72,K72,Q72) -> 2707957.5 | X72: =SUM(F72,L72,R72) -> 2158034.7 | Y72: =SUM(G72,M72,S72) -> 1769906
A73: 2030 | B73: 910200.08 | C73: 961390.19 | D73: 2552119.5 | E73: 2842553.7 | F73: 2246858.3 | G73: 1809987.9 | H73: 56005.789 | I73: 74900.203 | J73: 210692.96 | K73: 239396.33 | L73: 83668.533 | M73: 83717.604 | N73: 85929.59 | O73: 245388.46 | P73: 238474.88 | Q73: 270963.07 | R73: 232594.1 | S73: 232681.72 | T73: =SUM(B73,H73,N73) -> 1052135.5 | U73: =SUM(C73,I73,O73) -> 1281678.8 | V73: =SUM(D73,J73,P73) -> 3001287.3 | W73: =SUM(E73,K73,Q73) -> 3352913.1 | X73: =SUM(F73,L73,R73) -> 2563120.9 | Y73: =SUM(G73,M73,S73) -> 2126387.2
A74: 2031 | B74: 1121381.8 | C74: 1204106.9 | D74: 3085807.5 | E74: 0 | F74: 0 | G74: 0 | H74: 69637.23 | I74: 91991.574 | J74: 259398.43 | K74: 0 | L74: 0 | M74: 0 | N74: 108728.07 | O74: 321213.65 | P74: 304073.09 | Q74: 0 | R74: 0 | S74: 0 | T74: =SUM(B74,H74,N74) -> 1299747.1 | U74: =SUM(C74,I74,O74) -> 1617312.1 | V74: =SUM(D74,J74,P74) -> 3649279 | W74: =SUM(E74,K74,Q74) -> 0 | X74: =SUM(F74,L74,R74) -> 0 | Y74: =SUM(G74,M74,S74) -> 0
A75: 2032 | B75: 1387699.3 | C75: 1508500.8 | D75: 3698819.1 | E75: 0 | F75: 0 | G75: 0 | H75: 85433.714 | I75: 114113.48 | J75: 304970.12 | K75: 0 | L75: 0 | M75: 0 | N75: 133391.9 | O75: 398458.31 | P75: 357493.33 | Q75: 0 | R75: 0 | S75: 0 | T75: =SUM(B75,H75,N75) -> 1606524.9 | U75: =SUM(C75,I75,O75) -> 2021072.6 | V75: =SUM(D75,J75,P75) -> 4361282.6 | W75: =SUM(E75,K75,Q75) -> 0 | X75: =SUM(F75,L75,R75) -> 0 | Y75: =SUM(G75,M75,S75) -> 0
A76: 2033 | B76: 1720312.1 | C76: 1888742 | D76: 4346063 | E76: 0 | F76: 0 | G76: 0 | H76: 104902.28 | I76: 141388.55 | J76: 351589.77 | K76: 0 | L76: 0 | M76: 0 | N76: 163789.14 | O76: 493696.65 | P76: 412142 | Q76: 0 | R76: 0 | S76: 0 | T76: =SUM(B76,H76,N76) -> 1989003.5 | U76: =SUM(C76,I76,O76) -> 2523827.2 | V76: =SUM(D76,J76,P76) -> 5109794.7 | W76: =SUM(E76,K76,Q76) -> 0 | X76: =SUM(F76,L76,R76) -> 0 | Y76: =SUM(G76,M76,S76) -> 0
... A94: 2051 | B94: 11374900 | C94: 11421387 | D94: 16179148 | E94: 0 | F94: 0 | G94: 0 | H94: 632897.79 | I94: 774595.45 | J94: 1222657.6 | K94: 0 | L94: 0 | M94: 0 | N94: 988174.77 | O94: 2704711.1 | P94: 1433228.7 | Q94: 0 | R94: 0 | S94: 0 | T94: =SUM(B94,H94,N94) -> 12995973 | U94: =SUM(C94,I94,O94) -> 14900694 | V94: =SUM(D94,J94,P94) -> 18835035 | W94: =SUM(E94,K94,Q94) -> 0 | X94: =SUM(F94,L94,R94) -> 0 | Y94: =SUM(G94,M94,S94) -> 0
C95: 11938626 | I95: 808595.53 | O95: 2823431.6
B97: =B64/B28 -> 3.6060926 | C97: =C64/C28 -> 3.5965135 | D97: =D64/D28 -> 3.6060926 | E97: =E64/E28 -> 3.6060926 | F97: =F64/F28 -> 3.6060926 | G97: =G64/G28 -> 3.6060926 | H97: =H64/H28 -> #DIV/0! | I97: =I64/I28 -> #DIV/0! | ... V97: =V64/V28 -> 3.7685897
B98: =B65/B29 -> 3.9208663 | C98: =C65/C29 -> 3.4900447 | D98: =D65/D29 -> 3.144947 | E98: =E65/E29 -> 3.1118709 | F98: =F65/F29 -> 3.542991 | G98: =G65/G29 -> 3.542991 | H98: =H65/H29 -> #DIV/0! | I98: =I65/I29 -> 26.304138 | ... S98: =S65/S29 -> 151.84942
B99: =B66/B30 -> 3.9155891 | C99: =C66/C30 -> 3.632356 | D99: =D66/D30 -> 3.3787069 | E99: =E66/E30 -> 3.3388409 | F99: =F66/F30 -> 3.5893703 | G99: =G66/G30 -> 3.5893703 | H99: =H66/H30 -> 31.118275 | I99: =I66/I30 -> 26.304138 | ... S99: =S66/S30 -> 151.84942
B100: =B67/B31 -> 4.0050495 | C100: =C67/C31 -> 3.8018923 | D100: =D67/D31 -> 3.7528865 | E100: =E67/E31 -> 3.7017233 | F100: =F67/F31 -> 3.8274965 | G100: =G67/G31 -> 3.8274965 | H100: =H67/H31 -> 31.118275 | I100: =I67/I31 -> 26.304138 | ... S100: =S67/S31 -> 151.84942
B101: =B68/B32 -> 4.0910251 | C101: =C68/C32 -> 3.9974334 | D101: =D68/D32 -> 4.046023 | E101: =E68/E32 -> 3.9863123 | F101: =F68/F32 -> 4.0262267 | G101: =G68/G32 -> 4.0262267 | H101: =H68/H32 -> 31.118275 | I101: =I68/I32 -> 26.304138 | ... S101: =S68/S32 -> 151.84942
B102: =B69/B33 -> 4.1220249 | C102: =C69/C33 -> 4.0245802 | D102: =D69/D33 -> 4.1381998 | E102: =E69/E33 -> 4.0765213 | F102: =F69/F33 -> 4.075663 | G102: =G69/G33 -> 4.075663 | H102: =H69/H33 -> 31.118275 | I102: =I69/I33 -> 26.304138 | ... S102: =S69/S33 -> 151.84942
B103: =B70/B34 -> 4.1491041 | C103: =C70/C34 -> 4.0825234 | D103: =D70/D34 -> 4.1939277 | E103: =E70/E34 -> 4.1314748 | F103: =F70/F34 -> 4.1043647 | G103: =G70/G34 -> 4.1043647 | H103: =H70/H34 -> 31.118275 | I103: =I70/I34 -> 26.304138 | ... S103: =S70/S34 -> 151.84942
B104: =B71/B35 -> 4.1711603 | C104: =C71/C35 -> 4.1164639 | D104: =D71/D35 -> 4.2103813 | E104: =E71/E35 -> 4.1484205 | F104: =F71/F35 -> 4.1132034 | G104: =G71/G35 -> 4.1132034 | H104: =H71/H35 -> 31.118275 | I104: =I71/I35 -> 26.304138 | ... S104: =S71/S35 -> 151.84942
B105: =B72/B36 -> 4.1971654 | C105: =C72/C36 -> 4.1570302 | D105: =D72/D36 -> 4.2333195 | E105: =E72/E36 -> 4.1716424 | F105: =F72/F36 -> 4.1317594 | G105: =G72/G36 -> 4.1317594 | H105: =H72/H36 -> 31.118275 | I105: =I72/I36 -> 26.304138 | ... S105: =S72/S36 -> 151.84942
B106: =B73/B37 -> 4.2273785 | C106: =C73/C37 -> 4.1901747 | D106: =D73/D37 -> 4.262568 | E106: =E73/E37 -> 4.1784146 | F106: =F73/F37 -> 4.1603493 | G106: =G73/G37 -> 4.1603493 | H106: =H73/H37 -> 31.118275 | I106: =I73/I37 -> 26.304138 | ... S106: =S73/S37 -> 151.84942
B107: =B74/B38 -> 4.2575749 | C107: =C74/C38 -> 4.2313144 | D107: =D74/D38 -> 4.2945375 | E107: =E74/E38 -> #DIV/0! | F107: =F74/F38 -> #DIV/0! | G107: =G74/G38 -> #DIV/0! | H107: =H74/H38 -> 31.118275 | I107: =I74/I38 -> 26.304138 | ... S107: =S74/S38 -> #DIV/0!
B108: =B75/B39 -> 4.294537 | C108: =C75/C39 -> 4.2733346 | D108: =D75/D39 -> 4.3784533 | E108: =E75/E39 -> #DIV/0! | F108: =F75/F39 -> #DIV/0! | G108: =G75/G39 -> #DIV/0! | H108: =H75/H39 -> 31.118275 | I108: =I75/I39 -> 26.304138 | ... S108: =S75/S39 -> #DIV/0!
B109: =B76/B40 -> 4.3358333 | C109: =C76/C40 -> 4.3183386 | D109: =D76/D40 -> 4.4624637 | E109: =E76/E40 -> #DIV/0! | F109: =F76/F40 -> #DIV/0! | G109: =G76/G40 -> #DIV/0! | H109: =H76/H40 -> 31.118275 | I109: =I76/I40 -> 26.304138 | ... S109: =S76/S40 -> #DIV/0!
... B129: =B96/B60 -> #DIV/0! | C129: =C96/C60 -> #DIV/0! | D129: =D96/D60 -> #DIV/0! | E129: =E96/E60 -> #DIV/0! | F129: =F96/F60 -> #DIV/0! | G129: =G96/G60 -> #DIV/0! | H129: =H96/H60 -> #DIV/0! | I129: =I96/I60 -> #DIV/0! | ... S129: =S96/S60 -> #DIV/0!

Sheet Load Data
C1: Home | AB1: Public | BA1: Work
C2: 0 | D2: 0.041666667 | E2: 0.083333333 | F2: 0.125 | G2: 0.16666667 | H2: 0.20833333 | I2: 0.25 | J2: 0.29166667 | K2: 0.33333333 | L2: 0.375 | M2: 0.41666667 | N2: 0.45833333 | O2: 0.5 | P2: 0.54166667 | Q2: 0.58333333 | R2: 0.625 | S2: 0.66666667 | T2: 0.70833333 | U2: 0.75 | V2: 0.79166667 | W2: 0.83333333 | X2: 0.875 | Y2: 0.91666667 | Z2: 0.95833333 | AB2: 0 | AC2: 0.041666667 | AD2: 0.083333333 | AE2: 0.125 | AF2: 0.16666667 | AG2: 0.20833333 | AH2: 0.25 | AI2: 0.29166667 | AJ2: 0.33333333 | AK2: 0.375 | AL2: 0.41666667 | AM2: 0.45833333 | AN2: 0.5 | AO2: 0.54166667 | AP2: 0.58333333 | AQ2: 0.625 | AR2: 0.66666667 | AS2: 0.70833333 | AT2: 0.75 | AU2: 0.79166667 | AV2: 0.83333333 | AW2: 0.875 | AX2: 0.91666667 | AY2: 0.95833333 | BA2: 0 | BB2: 0.041666667 | BC2: 0.083333333 | BD2: 0.125 | BE2: 0.16666667 | BF2: 0.20833333 | BG2: 0.25 | BH2: 0.29166667 | BI2: 0.33333333 | BJ2: 0.375 | BK2: 0.41666667 | BL2: 0.45833333 | BM2: 0.5 | BN2: 0.54166667 | BO2: 0.58333333 | BP2: 0.625 | BQ2: 0.66666667 | BR2: 0.70833333 | BS2: 0.75 | BT2: 0.79166667 | BU2: 0.83333333 | BV2: 0.875 | BW2: 0.91666667 | BX2: 0.95833333
A3: Month | C3: 0.041666667 | D3: 0.083333333 | E3: 0.125 | F3: 0.16666667 | G3: 0.20833333 | H3: 0.25 | I3: 0.29166667 | J3: 0.33333333 | K3: 0.375 | L3: 0.41666667 | M3: 0.45833333 | N3: 0.5 | O3: 0.54166667 | P3: 0.58333333 | Q3: 0.625 | R3: 0.66666667 | S3: 0.70833333 | T3: 0.75 | U3: 0.79166667 | V3: 0.83333333 | W3: 0.875 | X3: 0.91666667 | Y3: 0.95833333 | Z3: 0 | AB3: 0.041666667 | AC3: 0.083333333 | AD3: 0.125 | AE3: 0.16666667 | AF3: 0.20833333 | AG3: 0.25 | AH3: 0.29166667 | AI3: 0.33333333 | AJ3: 0.375 | AK3: 0.41666667 | AL3: 0.45833333 | AM3: 0.5 | AN3: 0.54166667 | AO3: 0.58333333 | AP3: 0.625 | AQ3: 0.66666667 | AR3: 0.70833333 | AS3: 0.75 | AT3: 0.79166667 | AU3: 0.83333333 | AV3: 0.875 | AW3: 0.91666667 | AX3: 0.95833333 | AY3: 0 | BA3: 0.041666667 | BB3: 0.083333333 | BC3: 0.125 | BD3: 0.16666667 | BE3: 0.20833333 | BF3: 0.25 | BG3: 0.29166667 | BH3: 0.33333333 | BI3: 0.375 | BJ3: 0.41666667 | BK3: 0.45833333 | BL3: 0.5 | BM3: 0.54166667 | BN3: 0.58333333 | BO3: 0.625 | BP3: 0.66666667 | BQ3: 0.70833333 | BR3: 0.75 | BS3: 0.79166667 | BT3: 0.83333333 | BU3: 0.875 | BV3: 0.91666667 | BW3: 0.95833333 | BX3: 0
C5: 0 | D5: 1 | E5: 2 | F5: 3 | G5: 4 | H5: 5 | I5: 6 | J5: 7 | K5: 8 | L5: 9 | M5: 10 | N5: 11 | O5: 12 | P5: 13 | Q5: 14 | R5: 15 | S5: 16 | T5: 17 | U5: 18 | V5: 19 | W5: 20 | X5: 21 | Y5: 22 | Z5: 23 | AB5: 0 | AC5: 1 | AD5: 2 | AE5: 3 | AF5: 4 | AG5: 5 | AH5: 6 | AI5: 7 | AJ5: 8 | AK5: 9 | AL5: 10 | AM5: 11 | AN5: 12 | AO5: 13 | AP5: 14 | AQ5: 15 | AR5: 16 | AS5: 17 | AT5: 18 | AU5: 19 | AV5: 20 | AW5: 21 | AX5: 22 | AY5: 23 | BA5: 0 | BB5: 1 | BC5: 2 | BD5: 3 | BE5: 4 | BF5: 5 | BG5: 6 | BH5: 7 | BI5: 8 | BJ5: 9 | BK5: 10 | BL5: 11 | BM5: 12 | BN5: 13 | BO5: 14 | BP5: 15 | BQ5: 16 | BR5: 17 | BS5: 18 | BT5: 19 | BU5: 20 | BV5: 21 | BW5: 22 | BX5: 23
A6: 1 | C6: =C36 -> 0.070414511 | D6: =D36 -> 0.060789601 | E6: =E36 -> 0.050319335 | F6: =F36 -> 0.040642747 | G6: =G36 -> 0.034562605 | H6: =H36 -> 0.031471924 | I6: =I36 -> 0.03129894 | J6: =J36 -> 0.029500074 | ... Z6: =Z36 -> 0.079734942 | AB6: =AB36 -> 0.019306522 | AC6: =AC36 -> 0.015361973 | AD6: =AD36 -> 0.011535348 | AE6: =AE36 -> 0.009033789 | AF6: =AF36 -> 0.0076838571 | AG6: =AG36 -> 0.010553666 | AH6: =AH36 -> 0.018367122 | AI6: =AI36 -> 0.029014618 | ... AY6: =AY36 -> 0.025132464 | BA6: =BA36 -> 0.013307233 | BB6: =BB36 -> 0.015074922 | BC6: =BC36 -> 0.011922275 | BD6: =BD36 -> 0.0089052863 | BE6: =BE36 -> 0.0093738733 | BF6: =BF36 -> 0.018969054 | BG6: =BG36 -> 0.046185067 | BH6: =BH36 -> 0.078139394 | ... BX6: =BX36 -> 0.010032413
A7: 2 | C7: =C37 -> 0.070414511 | D7: =D37 -> 0.060789601 | E7: =E37 -> 0.050319335 | F7: =F37 -> 0.040642747 | G7: =G37 -> 0.034562605 | H7: =H37 -> 0.031471924 | I7: =I37 -> 0.03129894 | J7: =J37 -> 0.029500074 | ... Z7: =Z37 -> 0.079734942 | AB7: =AB37 -> 0.019306522 | AC7: =AC37 -> 0.015361973 | AD7: =AD37 -> 0.011535348 | AE7: =AE37 -> 0.009033789 | AF7: =AF37 -> 0.0076838571 | AG7: =AG37 -> 0.010553666 | AH7: =AH37 -> 0.018367122 | AI7: =AI37 -> 0.029014618 | ... AY7: =AY37 -> 0.025132464 | BA7: =BA37 -> 0.013307233 | BB7: =BB37 -> 0.015074922 | BC7: =BC37 -> 0.011922275 | BD7: =BD37 -> 0.0089052863 | BE7: =BE37 -> 0.0093738733 | BF7: =BF37 -> 0.018969054 | BG7: =BG37 -> 0.046185067 | BH7: =BH37 -> 0.078139394 | ... BX7: =BX37 -> 0.010032413
A8: 3 | C8: =C38 -> 0.070414511 | D8: =D38 -> 0.060789601 | E8: =E38 -> 0.050319335 | F8: =F38 -> 0.040642747 | G8: =G38 -> 0.034562605 | H8: =H38 -> 0.031471924 | I8: =I38 -> 0.03129894 | J8: =J38 -> 0.029500074 | ... Z8: =Z38 -> 0.079734942 | AB8: =AB38 -> 0.019306522 | AC8: =AC38 -> 0.015361973 | AD8: =AD38 -> 0.011535348 | AE8: =AE38 -> 0.009033789 | AF8: =AF38 -> 0.0076838571 | AG8: =AG38 -> 0.010553666 | AH8: =AH38 -> 0.018367122 | AI8: =AI38 -> 0.029014618 | ... AY8: =AY38 -> 0.025132464 | BA8: =BA38 -> 0.013307233 | BB8: =BB38 -> 0.015074922 | BC8: =BC38 -> 0.011922275 | BD8: =BD38 -> 0.0089052863 | BE8: =BE38 -> 0.0093738733 | BF8: =BF38 -> 0.018969054 | BG8: =BG38 -> 0.046185067 | BH8: =BH38 -> 0.078139394 | ... BX8: =BX38 -> 0.010032413
A9: 4 | C9: =C39 -> 0.070414511 | D9: =D39 -> 0.060789601 | E9: =E39 -> 0.050319335 | F9: =F39 -> 0.040642747 | G9: =G39 -> 0.034562605 | H9: =H39 -> 0.031471924 | I9: =I39 -> 0.03129894 | J9: =J39 -> 0.029500074 | ... Z9: =Z39 -> 0.079734942 | AB9: =AB39 -> 0.019306522 | AC9: =AC39 -> 0.015361973 | AD9: =AD39 -> 0.011535348 | AE9: =AE39 -> 0.009033789 | AF9: =AF39 -> 0.0076838571 | AG9: =AG39 -> 0.010553666 | AH9: =AH39 -> 0.018367122 | AI9: =AI39 -> 0.029014618 | ... AY9: =AY39 -> 0.025132464 | BA9: =BA39 -> 0.013307233 | BB9: =BB39 -> 0.015074922 | BC9: =BC39 -> 0.011922275 | BD9: =BD39 -> 0.0089052863 | BE9: =BE39 -> 0.0093738733 | BF9: =BF39 -> 0.018969054 | BG9: =BG39 -> 0.046185067 | BH9: =BH39 -> 0.078139394 | ... BX9: =BX39 -> 0.010032413
A10: 5 | C10: =C40 -> 0.070414511 | D10: =D40 -> 0.060789601 | E10: =E40 -> 0.050319335 | F10: =F40 -> 0.040642747 | G10: =G40 -> 0.034562605 | H10: =H40 -> 0.031471924 | I10: =I40 -> 0.03129894 | J10: =J40 -> 0.029500074 | ... Z10: =Z40 -> 0.079734942 | AB10: =AB40 -> 0.019306522 | AC10: =AC40 -> 0.015361973 | AD10: =AD40 -> 0.011535348 | AE10: =AE40 -> 0.009033789 | AF10: =AF40 -> 0.0076838571 | AG10: =AG40 -> 0.010553666 | AH10: =AH40 -> 0.018367122 | AI10: =AI40 -> 0.029014618 | ... AY10: =AY40 -> 0.025132464 | BA10: =BA40 -> 0.013307233 | BB10: =BB40 -> 0.015074922 | BC10: =BC40 -> 0.011922275 | BD10: =BD40 -> 0.0089052863 | BE10: =BE40 -> 0.0093738733 | BF10: =BF40 -> 0.018969054 | BG10: =BG40 -> 0.046185067 | BH10: =BH40 -> 0.078139394 | ... BX10: =BX40 -> 0.010032413
A11: 6 | C11: =C41 -> 0.070414511 | D11: =D41 -> 0.060789601 | E11: =E41 -> 0.050319335 | F11: =F41 -> 0.040642747 | G11: =G41 -> 0.034562605 | H11: =H41 -> 0.031471924 | I11: =I41 -> 0.03129894 | J11: =J41 -> 0.029500074 | ... Z11: =Z41 -> 0.079734942 | AB11: =AB41 -> 0.019306522 | AC11: =AC41 -> 0.015361973 | AD11: =AD41 -> 0.011535348 | AE11: =AE41 -> 0.009033789 | AF11: =AF41 -> 0.0076838571 | AG11: =AG41 -> 0.010553666 | AH11: =AH41 -> 0.018367122 | AI11: =AI41 -> 0.029014618 | ... AY11: =AY41 -> 0.025132464 | BA11: =BA41 -> 0.013307233 | BB11: =BB41 -> 0.015074922 | BC11: =BC41 -> 0.011922275 | BD11: =BD41 -> 0.0089052863 | BE11: =BE41 -> 0.0093738733 | BF11: =BF41 -> 0.018969054 | BG11: =BG41 -> 0.046185067 | BH11: =BH41 -> 0.078139394 | ... BX11: =BX41 -> 0.010032413
A12: 7 | C12: =C42 -> 0.070414511 | D12: =D42 -> 0.060789601 | E12: =E42 -> 0.050319335 | F12: =F42 -> 0.040642747 | G12: =G42 -> 0.034562605 | H12: =H42 -> 0.031471924 | I12: =I42 -> 0.03129894 | J12: =J42 -> 0.029500074 | ... Z12: =Z42 -> 0.079734942 | AB12: =AB42 -> 0.019306522 | AC12: =AC42 -> 0.015361973 | AD12: =AD42 -> 0.011535348 | AE12: =AE42 -> 0.009033789 | AF12: =AF42 -> 0.0076838571 | AG12: =AG42 -> 0.010553666 | AH12: =AH42 -> 0.018367122 | AI12: =AI42 -> 0.029014618 | ... AY12: =AY42 -> 0.025132464 | BA12: =BA42 -> 0.013307233 | BB12: =BB42 -> 0.015074922 | BC12: =BC42 -> 0.011922275 | BD12: =BD42 -> 0.0089052863 | BE12: =BE42 -> 0.0093738733 | BF12: =BF42 -> 0.018969054 | BG12: =BG42 -> 0.046185067 | BH12: =BH42 -> 0.078139394 | ... BX12: =BX42 -> 0.010032413
A13: 8 | C13: =C43 -> 0.070414511 | D13: =D43 -> 0.060789601 | E13: =E43 -> 0.050319335 | F13: =F43 -> 0.040642747 | G13: =G43 -> 0.034562605 | H13: =H43 -> 0.031471924 | I13: =I43 -> 0.03129894 | J13: =J43 -> 0.029500074 | ... Z13: =Z43 -> 0.079734942 | AB13: =AB43 -> 0.019306522 | AC13: =AC43 -> 0.015361973 | AD13: =AD43 -> 0.011535348 | AE13: =AE43 -> 0.009033789 | AF13: =AF43 -> 0.0076838571 | AG13: =AG43 -> 0.010553666 | AH13: =AH43 -> 0.018367122 | AI13: =AI43 -> 0.029014618 | ... AY13: =AY43 -> 0.025132464 | BA13: =BA43 -> 0.013307233 | BB13: =BB43 -> 0.015074922 | BC13: =BC43 -> 0.011922275 | BD13: =BD43 -> 0.0089052863 | BE13: =BE43 -> 0.0093738733 | BF13: =BF43 -> 0.018969054 | BG13: =BG43 -> 0.046185067 | BH13: =BH43 -> 0.078139394 | ... BX13: =BX43 -> 0.010032413
A14: 9 | C14: =C44 -> 0.070414511 | D14: =D44 -> 0.060789601 | E14: =E44 -> 0.050319335 | F14: =F44 -> 0.040642747 | G14: =G44 -> 0.034562605 | H14: =H44 -> 0.031471924 | I14: =I44 -> 0.03129894 | J14: =J44 -> 0.029500074 | ... Z14: =Z44 -> 0.079734942 | AB14: =AB44 -> 0.019306522 | AC14: =AC44 -> 0.015361973 | AD14: =AD44 -> 0.011535348 | AE14: =AE44 -> 0.009033789 | AF14: =AF44 -> 0.0076838571 | AG14: =AG44 -> 0.010553666 | AH14: =AH44 -> 0.018367122 | AI14: =AI44 -> 0.029014618 | ... AY14: =AY44 -> 0.025132464 | BA14: =BA44 -> 0.013307233 | BB14: =BB44 -> 0.015074922 | BC14: =BC44 -> 0.011922275 | BD14: =BD44 -> 0.0089052863 | BE14: =BE44 -> 0.0093738733 | BF14: =BF44 -> 0.018969054 | BG14: =BG44 -> 0.046185067 | BH14: =BH44 -> 0.078139394 | ... BX14: =BX44 -> 0.010032413
A15: 10 | C15: =C45 -> 0.070414511 | D15: =D45 -> 0.060789601 | E15: =E45 -> 0.050319335 | F15: =F45 -> 0.040642747 | G15: =G45 -> 0.034562605 | H15: =H45 -> 0.031471924 | I15: =I45 -> 0.03129894 | J15: =J45 -> 0.029500074 | ... Z15: =Z45 -> 0.079734942 | AB15: =AB45 -> 0.019306522 | AC15: =AC45 -> 0.015361973 | AD15: =AD45 -> 0.011535348 | AE15: =AE45 -> 0.009033789 | AF15: =AF45 -> 0.0076838571 | AG15: =AG45 -> 0.010553666 | AH15: =AH45 -> 0.018367122 | AI15: =AI45 -> 0.029014618 | ... AY15: =AY45 -> 0.025132464 | BA15: =BA45 -> 0.013307233 | BB15: =BB45 -> 0.015074922 | BC15: =BC45 -> 0.011922275 | BD15: =BD45 -> 0.0089052863 | BE15: =BE45 -> 0.0093738733 | BF15: =BF45 -> 0.018969054 | BG15: =BG45 -> 0.046185067 | BH15: =BH45 -> 0.078139394 | ... BX15: =BX45 -> 0.010032413
A16: 11 | C16: =C46 -> 0.070414511 | D16: =D46 -> 0.060789601 | E16: =E46 -> 0.050319335 | F16: =F46 -> 0.040642747 | G16: =G46 -> 0.034562605 | H16: =H46 -> 0.031471924 | I16: =I46 -> 0.03129894 | J16: =J46 -> 0.029500074 | ... Z16: =Z46 -> 0.079734942 | AB16: =AB46 -> 0.019306522 | AC16: =AC46 -> 0.015361973 | AD16: =AD46 -> 0.011535348 | AE16: =AE46 -> 0.009033789 | AF16: =AF46 -> 0.0076838571 | AG16: =AG46 -> 0.010553666 | AH16: =AH46 -> 0.018367122 | AI16: =AI46 -> 0.029014618 | ... AY16: =AY46 -> 0.025132464 | BA16: =BA46 -> 0.013307233 | BB16: =BB46 -> 0.015074922 | BC16: =BC46 -> 0.011922275 | BD16: =BD46 -> 0.0089052863 | BE16: =BE46 -> 0.0093738733 | BF16: =BF46 -> 0.018969054 | BG16: =BG46 -> 0.046185067 | BH16: =BH46 -> 0.078139394 | ... BX16: =BX46 -> 0.010032413
A17: 12 | C17: =C47 -> 0.070414511 | D17: =D47 -> 0.060789601 | E17: =E47 -> 0.050319335 | F17: =F47 -> 0.040642747 | G17: =G47 -> 0.034562605 | H17: =H47 -> 0.031471924 | I17: =I47 -> 0.03129894 | J17: =J47 -> 0.029500074 | ... Z17: =Z47 -> 0.079734942 | AB17: =AB47 -> 0.019306522 | AC17: =AC47 -> 0.015361973 | AD17: =AD47 -> 0.011535348 | AE17: =AE47 -> 0.009033789 | AF17: =AF47 -> 0.0076838571 | AG17: =AG47 -> 0.010553666 | AH17: =AH47 -> 0.018367122 | AI17: =AI47 -> 0.029014618 | ... AY17: =AY47 -> 0.025132464 | BA17: =BA47 -> 0.013307233 | BB17: =BB47 -> 0.015074922 | BC17: =BC47 -> 0.011922275 | BD17: =BD47 -> 0.0089052863 | BE17: =BE47 -> 0.0093738733 | BF17: =BF47 -> 0.018969054 | BG17: =BG47 -> 0.046185067 | BH17: =BH47 -> 0.078139394 | ... BX17: =BX47 -> 0.010032413
D19: A72, A74 RES TOU | AC19: A94 | BB19: A10 | BI19: Sch. S-EV-CPP
D20: Summer | G20: Winter | AC20: Summer | AF20: Winter | BB20: Summer | BE20: Winter | BI20: Summer | BL20: Winter
D21: On kWh | F21: =(SUM(R11:V14)/SUM(C6:Z17))*(5/7) -> 0.04389234 | G21: On kWh | I21: =(SUM(R6:V10,R15:V17)/SUM(C6:Z17))*(5/7) -> 0.087784681 | AC21: On kWh | AE21: =(SUM(AQ11:AU14)/SUM(AB6:AY17))*(5/7) -> 0.071903621 | AF21: On kWh | AH21: =(SUM(AR6:AV10,AP15:AW17)/SUM(AB6:AY17))*(5/7) -> 0.16595138 | BB21: On kWh | BD21: =(SUM(BP11:BS14)/SUM(BA6:BX17))*(5/7) -> 0.033993841 | BE21: On kWh | BG21: =(SUM(BP6:BS10,BP15:BS17)/SUM(BA6:BX17))*(5/7) -> 0.067987682 | BI21: On kWh | BK21: =(SUM(BO11:BV14)/SUM(BA6:BX17))*(5/7) -> 0.061432824 | BL21: On kWh | BN21: =(SUM(BO6:BV10,BO15:BV17)/SUM(BA6:BX17))*(5/7) -> 0.12286565
D22: Mid kWh | F22: =((SUM(I11:Q14)+SUM(W11:Z14))/SUM(C6:Z17)) -> 0.17581715 | G22: Mid kWh | I22: =((SUM(I6:Q10)*(SUM(I15:Q17)+SUM(W6:Z10)+SUM(W15:Z17))/SUM(F6:AC17))) -> 0.32016356 | AC22: Mid kWh | AE22: =(SUM(AH11:AP14)+SUM(AV11:AY14))/SUM(AB7:AY18) -> 0.22710169 | AF22: Mid kWh | AH22: =(SUM(AH7:AP10)+SUM(AH15:AP17)+SUM(AV7:AY10)+SUM(AV15:AY17))/SUM(AB7:AY18) -> 0.39742795 | BB22: Mid kWh | BD22: =(SUM(BN11:BO14,BT11:BU14)/SUM(BA6:BX17))*(5/7) -> 0.037702942 | BE22: Mid kWh | BG22: =(SUM(BN6:BO10,BT6:BU10,BN15:BO17,BT15:BU17)/SUM(BA6:BX17))*(5/7) -> 0.075405885 | BI22: Mid kWh | BL22: Mid kWh
D23: Off kWh | F23: =SUM(C11:Z14)/SUM(C6:Z17)-SUM(F21:F22) -> 0.11362384 | G23: Off kWh | I23: =SUM(C6:Z10,C15:Z17)/SUM(C6:Z17)-SUM(I21:I22) -> 0.25871842 | AC23: Off kWh | AE23: =SUM(AB11:AY14)/SUM(AB6:AY17)-SUM(AE21:AE22) -> 0.034328027 | AF23: Off kWh | AH23: =SUM(AB6:AY10,AB15:AY17)/SUM(AB6:AY17)-SUM(AH21:AH22) -> 0.10328734 | BB23: Off kWh | BD23: =SUM(BA11:BX14)/SUM(BA6:BX17)-SUM(BD21:BD22) -> 0.26163655 | BE23: Off kWh | BG23: =SUM(BA6:BX10,BA15:BX17)/SUM(BA6:BX17)-SUM(BG21:BG22) -> 0.5232731 | BI23: Off kWh | BK23: =SUM(BA11:BX14)/SUM(BA6:BX17)-SUM(BK21:BK22) -> 0.27190051 | BL23: Off kWh | BN23: =SUM(BA6:BX10,BA15:BX17)/SUM(BA6:BX17)-SUM(BN21:BN22) -> 0.54380102
D24: Total kWh | F24: =SUM(C11:Z14)/SUM(C6:Z17) -> 0.33333333 | G24: Total kWh | I24: =SUM(C6:Z10,C15:Z17)/SUM(C6:Z17) -> 0.66666667 | AC24: Total kWh | AE24: =SUM(AB11:AY14)/SUM(AB6:AY17) -> 0.33333333 | AF24: Total kWh | AH24: =SUM(AB6:AY10,AB15:AY17)/SUM(AB6:AY17) -> 0.66666667 | BB24: Total kWh | BD24: =SUM(BA11:BX14)/SUM(BA6:BX17) -> 0.33333333 | BE24: Total kWh | BG24: =SUM(BA6:BX10,BA15:BX17)/SUM(BA6:BX17) -> 0.66666667 | BI24: Total kWh | BK24: =SUM(BA11:BX14)/SUM(BA6:BX17) -> 0.33333333 | BL24: Total kWh | BN24: =SUM(BA6:BX10,BA15:BX17)/SUM(BA6:BX17) -> 0.66666667
D25: Load Factor % | F25: =AVERAGE(C11:Z14)/MAX(C11:Z14) -> 0.47712813 | G25: Load Factor % | I25: =AVERAGE(C6:Z10,C15:Z17)/MAX(C6:Z10,C15:Z17) -> 0.47712813 | AC25: Load Factor % | AE25: =AVERAGE(AB11:AY14)/MAX(AB11:AY14) -> 0.59760432 | AF25: Load Factor % | AH25: =AVERAGE(AB6:AY10,AB15:AY17)/MAX(AB6:AY10,AB15:AY17) -> 0.59760432 | BB25: Load Factor % | BD25: =AVERAGE(BA11:BX14)/MAX(BA11:BX14) -> 0.39423586 | BE25: Load Factor % | BG25: =AVERAGE(BA6:BX10,BA15:BX17)/MAX(BA6:BX10,BA15:BX17) -> 0.39423586 | BI25: Load Factor % | BK25: =AVERAGE(BA11:BX14)/MAX(BA11:BX14) -> 0.39423586 | BL25: Load Factor % | BN25: =AVERAGE(BA6:BX10,BA15:BX17)/MAX(BA6:BX10,BA15:BX17) -> 0.39423586
D27: On-peak (RETOU): | F27: 3pm - 8pm | AC27: On-peak (RETOU): | AE27: 3pm - 8pm | BB27: On-peak (RETOU): | BD27: 3pm - 8pm | BI27: On-peak (S-EV-CPP): | BK27: 2pm - 10pm
D28: Mid-peak (RETOU): | F28: 6am - 3pm, 8pm-12am | AC28: Mid-peak (RETOU): | AE28: 6am - 3pm, 8pm-12am | BB28: Mid-peak (RETOU): | BD28: 6am - 3pm, 8pm-12am | BI28: CPP (S-EV-CPP): | BK28: varies
D29: Off-peak | F29: 12am-6am | AC29: Off-peak | AE29: 12am-6am | BB29: Off-peak | BD29: 12am-6am
C34: Risk | AB34: Risk | BA34: Risk
C35: 0 | D35: 1 | E35: 2 | F35: 3 | G35: 4 | H35: 5 | I35: 6 | J35: 7 | K35: 8 | L35: 9 | M35: 10 | N35: 11 | O35: 12 | P35: 13 | Q35: 14 | R35: 15 | S35: 16 | T35: 17 | U35: 18 | V35: 19 | W35: 20 | X35: 21 | Y35: 22 | Z35: 23 | AB35: 0 | AC35: 1 | AD35: 2 | AE35: 3 | AF35: 4 | AG35: 5 | AH35: 6 | AI35: 7 | AJ35: 8 | AK35: 9 | AL35: 10 | AM35: 11 | AN35: 12 | AO35: 13 | AP35: 14 | AQ35: 15 | AR35: 16 | AS35: 17 | AT35: 18 | AU35: 19 | AV35: 20 | AW35: 21 | AX35: 22 | AY35: 23 | BA35: 0 | BB35: 1 | BC35: 2 | BD35: 3 | BE35: 4 | BF35: 5 | BG35: 6 | BH35: 7 | BI35: 8 | BJ35: 9 | BK35: 10 | BL35: 11 | BM35: 12 | BN35: 13 | BO35: 14 | BP35: 15 | BQ35: 16 | BR35: 17 | BS35: 18 | BT35: 19 | BU35: 20 | BV35: 21 | BW35: 22 | BX35: 23
A36: 1 | C36: 0.070414511 | D36: 0.060789601 | E36: 0.050319335 | F36: 0.040642747 | G36: 0.034562605 | H36: 0.031471924 | I36: 0.03129894 | J36: 0.029500074 | K36: 0.024218196 | L36: 0.020866359 | M36: 0.019777961 | N36: 0.01972212 | O36: 0.019833522 | P36: 0.018524062 | Q36: 0.02156084 | R36: 0.025349893 | S36: 0.032208506 | T36: 0.040029551 | U36: 0.042790399 | V36: 0.043969482 | W36: 0.068546119 | X36: 0.087328045 | Y36: 0.086540267 | Z36: 0.079734942 | AB36: 0.019306522 | AC36: 0.015361973 | AD36: 0.011535348 | AE36: 0.009033789 | AF36: 0.0076838571 | AG36: 0.010553666 | AH36: 0.018367122 | AI36: 0.029014618 | AJ36: 0.04605951 | AK36: 0.054743836 | AL36: 0.063298799 | AM36: 0.064734957 | AN36: 0.06784637 | AO36: 0.069722834 | AP36: 0.069193274 | AQ36: 0.06550357 | AR36: 0.062943661 | AS36: 0.058423851 | AT36: 0.059459757 | AU36: 0.055664371 | AV36: 0.04682476 | AW36: 0.039120484 | AX36: 0.030470605 | AY36: 0.025132464 | BA36: 0.013307233 | BB36: 0.015074922 | BC36: 0.011922275 | BD36: 0.0089052863 | BE36: 0.0093738733 | BF36: 0.018969054 | BG36: 0.046185067 | BH36: 0.078139394 | BI36: 0.10568969 | BJ36: 0.1038114 | BK36: 0.096355185 | BL36: 0.083741362 | BM36: 0.07010929 | BN36: 0.058855743 | BO36: 0.050689609 | BP36: 0.043367108 | BQ36: 0.037076083 | BR36: 0.031845928 | BS36: 0.030485013 | BT36: 0.027289268 | BU36: 0.021517739 | BV36: 0.015747113 | BW36: 0.011509947 | BX36: 0.010032413 | BZ36: load shapes from Risk
A37: 2 | C37: 0.070414511 | D37: 0.060789601 | E37: 0.050319335 | F37: 0.040642747 | G37: 0.034562605 | H37: 0.031471924 | I37: 0.03129894 | J37: 0.029500074 | K37: 0.024218196 | L37: 0.020866359 | M37: 0.019777961 | N37: 0.01972212 | O37: 0.019833522 | P37: 0.018524062 | Q37: 0.02156084 | R37: 0.025349893 | S37: 0.032208506 | T37: 0.040029551 | U37: 0.042790399 | V37: 0.043969482 | W37: 0.068546119 | X37: 0.087328045 | Y37: 0.086540267 | Z37: 0.079734942 | AB37: 0.019306522 | AC37: 0.015361973 | AD37: 0.011535348 | AE37: 0.009033789 | AF37: 0.0076838571 | AG37: 0.010553666 | AH37: 0.018367122 | AI37: 0.029014618 | AJ37: 0.04605951 | AK37: 0.054743836 | AL37: 0.063298799 | AM37: 0.064734957 | AN37: 0.06784637 | AO37: 0.069722834 | AP37: 0.069193274 | AQ37: 0.06550357 | AR37: 0.062943661 | AS37: 0.058423851 | AT37: 0.059459757 | AU37: 0.055664371 | AV37: 0.04682476 | AW37: 0.039120484 | AX37: 0.030470605 | AY37: 0.025132464 | BA37: 0.013307233 | BB37: 0.015074922 | BC37: 0.011922275 | BD37: 0.0089052863 | BE37: 0.0093738733 | BF37: 0.018969054 | BG37: 0.046185067 | BH37: 0.078139394 | BI37: 0.10568969 | BJ37: 0.1038114 | BK37: 0.096355185 | BL37: 0.083741362 | BM37: 0.07010929 | BN37: 0.058855743 | BO37: 0.050689609 | BP37: 0.043367108 | BQ37: 0.037076083 | BR37: 0.031845928 | BS37: 0.030485013 | BT37: 0.027289268 | BU37: 0.021517739 | BV37: 0.015747113 | BW37: 0.011509947 | BX37: 0.010032413
A38: 3 | C38: 0.070414511 | D38: 0.060789601 | E38: 0.050319335 | F38: 0.040642747 | G38: 0.034562605 | H38: 0.031471924 | I38: 0.03129894 | J38: 0.029500074 | K38: 0.024218196 | L38: 0.020866359 | M38: 0.019777961 | N38: 0.01972212 | O38: 0.019833522 | P38: 0.018524062 | Q38: 0.02156084 | R38: 0.025349893 | S38: 0.032208506 | T38: 0.040029551 | U38: 0.042790399 | V38: 0.043969482 | W38: 0.068546119 | X38: 0.087328045 | Y38: 0.086540267 | Z38: 0.079734942 | AB38: 0.019306522 | AC38: 0.015361973 | AD38: 0.011535348 | AE38: 0.009033789 | AF38: 0.0076838571 | AG38: 0.010553666 | AH38: 0.018367122 | AI38: 0.029014618 | AJ38: 0.04605951 | AK38: 0.054743836 | AL38: 0.063298799 | AM38: 0.064734957 | AN38: 0.06784637 | AO38: 0.069722834 | AP38: 0.069193274 | AQ38: 0.06550357 | AR38: 0.062943661 | AS38: 0.058423851 | AT38: 0.059459757 | AU38: 0.055664371 | AV38: 0.04682476 | AW38: 0.039120484 | AX38: 0.030470605 | AY38: 0.025132464 | BA38: 0.013307233 | BB38: 0.015074922 | BC38: 0.011922275 | BD38: 0.0089052863 | BE38: 0.0093738733 | BF38: 0.018969054 | BG38: 0.046185067 | BH38: 0.078139394 | BI38: 0.10568969 | BJ38: 0.1038114 | BK38: 0.096355185 | BL38: 0.083741362 | BM38: 0.07010929 | BN38: 0.058855743 | BO38: 0.050689609 | BP38: 0.043367108 | BQ38: 0.037076083 | BR38: 0.031845928 | BS38: 0.030485013 | BT38: 0.027289268 | BU38: 0.021517739 | BV38: 0.015747113 | BW38: 0.011509947 | BX38: 0.010032413
A39: 4 | C39: 0.070414511 | D39: 0.060789601 | E39: 0.050319335 | F39: 0.040642747 | G39: 0.034562605 | H39: 0.031471924 | I39: 0.03129894 | J39: 0.029500074 | K39: 0.024218196 | L39: 0.020866359 | M39: 0.019777961 | N39: 0.01972212 | O39: 0.019833522 | P39: 0.018524062 | Q39: 0.02156084 | R39: 0.025349893 | S39: 0.032208506 | T39: 0.040029551 | U39: 0.042790399 | V39: 0.043969482 | W39: 0.068546119 | X39: 0.087328045 | Y39: 0.086540267 | Z39: 0.079734942 | AB39: 0.019306522 | AC39: 0.015361973 | AD39: 0.011535348 | AE39: 0.009033789 | AF39: 0.0076838571 | AG39: 0.010553666 | AH39: 0.018367122 | AI39: 0.029014618 | AJ39: 0.04605951 | AK39: 0.054743836 | AL39: 0.063298799 | AM39: 0.064734957 | AN39: 0.06784637 | AO39: 0.069722834 | AP39: 0.069193274 | AQ39: 0.06550357 | AR39: 0.062943661 | AS39: 0.058423851 | AT39: 0.059459757 | AU39: 0.055664371 | AV39: 0.04682476 | AW39: 0.039120484 | AX39: 0.030470605 | AY39: 0.025132464 | BA39: 0.013307233 | BB39: 0.015074922 | BC39: 0.011922275 | BD39: 0.0089052863 | BE39: 0.0093738733 | BF39: 0.018969054 | BG39: 0.046185067 | BH39: 0.078139394 | BI39: 0.10568969 | BJ39: 0.1038114 | BK39: 0.096355185 | BL39: 0.083741362 | BM39: 0.07010929 | BN39: 0.058855743 | BO39: 0.050689609 | BP39: 0.043367108 | BQ39: 0.037076083 | BR39: 0.031845928 | BS39: 0.030485013 | BT39: 0.027289268 | BU39: 0.021517739 | BV39: 0.015747113 | BW39: 0.011509947 | BX39: 0.010032413
A40: 5 | C40: 0.070414511 | D40: 0.060789601 | E40: 0.050319335 | F40: 0.040642747 | G40: 0.034562605 | H40: 0.031471924 | I40: 0.03129894 | J40: 0.029500074 | K40: 0.024218196 | L40: 0.020866359 | M40: 0.019777961 | N40: 0.01972212 | O40: 0.019833522 | P40: 0.018524062 | Q40: 0.02156084 | R40: 0.025349893 | S40: 0.032208506 | T40: 0.040029551 | U40: 0.042790399 | V40: 0.043969482 | W40: 0.068546119 | X40: 0.087328045 | Y40: 0.086540267 | Z40: 0.079734942 | AB40: 0.019306522 | AC40: 0.015361973 | AD40: 0.011535348 | AE40: 0.009033789 | AF40: 0.0076838571 | AG40: 0.010553666 | AH40: 0.018367122 | AI40: 0.029014618 | AJ40: 0.04605951 | AK40: 0.054743836 | AL40: 0.063298799 | AM40: 0.064734957 | AN40: 0.06784637 | AO40: 0.069722834 | AP40: 0.069193274 | AQ40: 0.06550357 | AR40: 0.062943661 | AS40: 0.058423851 | AT40: 0.059459757 | AU40: 0.055664371 | AV40: 0.04682476 | AW40: 0.039120484 | AX40: 0.030470605 | AY40: 0.025132464 | BA40: 0.013307233 | BB40: 0.015074922 | BC40: 0.011922275 | BD40: 0.0089052863 | BE40: 0.0093738733 | BF40: 0.018969054 | BG40: 0.046185067 | BH40: 0.078139394 | BI40: 0.10568969 | BJ40: 0.1038114 | BK40: 0.096355185 | BL40: 0.083741362 | BM40: 0.07010929 | BN40: 0.058855743 | BO40: 0.050689609 | BP40: 0.043367108 | BQ40: 0.037076083 | BR40: 0.031845928 | BS40: 0.030485013 | BT40: 0.027289268 | BU40: 0.021517739 | BV40: 0.015747113 | BW40: 0.011509947 | BX40: 0.010032413
A41: 6 | C41: 0.070414511 | D41: 0.060789601 | E41: 0.050319335 | F41: 0.040642747 | G41: 0.034562605 | H41: 0.031471924 | I41: 0.03129894 | J41: 0.029500074 | K41: 0.024218196 | L41: 0.020866359 | M41: 0.019777961 | N41: 0.01972212 | O41: 0.019833522 | P41: 0.018524062 | Q41: 0.02156084 | R41: 0.025349893 | S41: 0.032208506 | T41: 0.040029551 | U41: 0.042790399 | V41: 0.043969482 | W41: 0.068546119 | X41: 0.087328045 | Y41: 0.086540267 | Z41: 0.079734942 | AB41: 0.019306522 | AC41: 0.015361973 | AD41: 0.011535348 | AE41: 0.009033789 | AF41: 0.0076838571 | AG41: 0.010553666 | AH41: 0.018367122 | AI41: 0.029014618 | AJ41: 0.04605951 | AK41: 0.054743836 | AL41: 0.063298799 | AM41: 0.064734957 | AN41: 0.06784637 | AO41: 0.069722834 | AP41: 0.069193274 | AQ41: 0.06550357 | AR41: 0.062943661 | AS41: 0.058423851 | AT41: 0.059459757 | AU41: 0.055664371 | AV41: 0.04682476 | AW41: 0.039120484 | AX41: 0.030470605 | AY41: 0.025132464 | BA41: 0.013307233 | BB41: 0.015074922 | BC41: 0.011922275 | BD41: 0.0089052863 | BE41: 0.0093738733 | BF41: 0.018969054 | BG41: 0.046185067 | BH41: 0.078139394 | BI41: 0.10568969 | BJ41: 0.1038114 | BK41: 0.096355185 | BL41: 0.083741362 | BM41: 0.07010929 | BN41: 0.058855743 | BO41: 0.050689609 | BP41: 0.043367108 | BQ41: 0.037076083 | BR41: 0.031845928 | BS41: 0.030485013 | BT41: 0.027289268 | BU41: 0.021517739 | BV41: 0.015747113 | BW41: 0.011509947 | BX41: 0.010032413
A42: 7 | C42: 0.070414511 | D42: 0.060789601 | E42: 0.050319335 | F42: 0.040642747 | G42: 0.034562605 | H42: 0.031471924 | I42: 0.03129894 | J42: 0.029500074 | K42: 0.024218196 | L42: 0.020866359 | M42: 0.019777961 | N42: 0.01972212 | O42: 0.019833522 | P42: 0.018524062 | Q42: 0.02156084 | R42: 0.025349893 | S42: 0.032208506 | T42: 0.040029551 | U42: 0.042790399 | V42: 0.043969482 | W42: 0.068546119 | X42: 0.087328045 | Y42: 0.086540267 | Z42: 0.079734942 | AB42: 0.019306522 | AC42: 0.015361973 | AD42: 0.011535348 | AE42: 0.009033789 | AF42: 0.0076838571 | AG42: 0.010553666 | AH42: 0.018367122 | AI42: 0.029014618 | AJ42: 0.04605951 | AK42: 0.054743836 | AL42: 0.063298799 | AM42: 0.064734957 | AN42: 0.06784637 | AO42: 0.069722834 | AP42: 0.069193274 | AQ42: 0.06550357 | AR42: 0.062943661 | AS42: 0.058423851 | AT42: 0.059459757 | AU42: 0.055664371 | AV42: 0.04682476 | AW42: 0.039120484 | AX42: 0.030470605 | AY42: 0.025132464 | BA42: 0.013307233 | BB42: 0.015074922 | BC42: 0.011922275 | BD42: 0.0089052863 | BE42: 0.0093738733 | BF42: 0.018969054 | BG42: 0.046185067 | BH42: 0.078139394 | BI42: 0.10568969 | BJ42: 0.1038114 | BK42: 0.096355185 | BL42: 0.083741362 | BM42: 0.07010929 | BN42: 0.058855743 | BO42: 0.050689609 | BP42: 0.043367108 | BQ42: 0.037076083 | BR42: 0.031845928 | BS42: 0.030485013 | BT42: 0.027289268 | BU42: 0.021517739 | BV42: 0.015747113 | BW42: 0.011509947 | BX42: 0.010032413
A43: 8 | C43: 0.070414511 | D43: 0.060789601 | E43: 0.050319335 | F43: 0.040642747 | G43: 0.034562605 | H43: 0.031471924 | I43: 0.03129894 | J43: 0.029500074 | K43: 0.024218196 | L43: 0.020866359 | M43: 0.019777961 | N43: 0.01972212 | O43: 0.019833522 | P43: 0.018524062 | Q43: 0.02156084 | R43: 0.025349893 | S43: 0.032208506 | T43: 0.040029551 | U43: 0.042790399 | V43: 0.043969482 | W43: 0.068546119 | X43: 0.087328045 | Y43: 0.086540267 | Z43: 0.079734942 | AB43: 0.019306522 | AC43: 0.015361973 | AD43: 0.011535348 | AE43: 0.009033789 | AF43: 0.0076838571 | AG43: 0.010553666 | AH43: 0.018367122 | AI43: 0.029014618 | AJ43: 0.04605951 | AK43: 0.054743836 | AL43: 0.063298799 | AM43: 0.064734957 | AN43: 0.06784637 | AO43: 0.069722834 | AP43: 0.069193274 | AQ43: 0.06550357 | AR43: 0.062943661 | AS43: 0.058423851 | AT43: 0.059459757 | AU43: 0.055664371 | AV43: 0.04682476 | AW43: 0.039120484 | AX43: 0.030470605 | AY43: 0.025132464 | BA43: 0.013307233 | BB43: 0.015074922 | BC43: 0.011922275 | BD43: 0.0089052863 | BE43: 0.0093738733 | BF43: 0.018969054 | BG43: 0.046185067 | BH43: 0.078139394 | BI43: 0.10568969 | BJ43: 0.1038114 | BK43: 0.096355185 | BL43: 0.083741362 | BM43: 0.07010929 | BN43: 0.058855743 | BO43: 0.050689609 | BP43: 0.043367108 | BQ43: 0.037076083 | BR43: 0.031845928 | BS43: 0.030485013 | BT43: 0.027289268 | BU43: 0.021517739 | BV43: 0.015747113 | BW43: 0.011509947 | BX43: 0.010032413
A44: 9 | C44: 0.070414511 | D44: 0.060789601 | E44: 0.050319335 | F44: 0.040642747 | G44: 0.034562605 | H44: 0.031471924 | I44: 0.03129894 | J44: 0.029500074 | K44: 0.024218196 | L44: 0.020866359 | M44: 0.019777961 | N44: 0.01972212 | O44: 0.019833522 | P44: 0.018524062 | Q44: 0.02156084 | R44: 0.025349893 | S44: 0.032208506 | T44: 0.040029551 | U44: 0.042790399 | V44: 0.043969482 | W44: 0.068546119 | X44: 0.087328045 | Y44: 0.086540267 | Z44: 0.079734942 | AB44: 0.019306522 | AC44: 0.015361973 | AD44: 0.011535348 | AE44: 0.009033789 | AF44: 0.0076838571 | AG44: 0.010553666 | AH44: 0.018367122 | AI44: 0.029014618 | AJ44: 0.04605951 | AK44: 0.054743836 | AL44: 0.063298799 | AM44: 0.064734957 | AN44: 0.06784637 | AO44: 0.069722834 | AP44: 0.069193274 | AQ44: 0.06550357 | AR44: 0.062943661 | AS44: 0.058423851 | AT44: 0.059459757 | AU44: 0.055664371 | AV44: 0.04682476 | AW44: 0.039120484 | AX44: 0.030470605 | AY44: 0.025132464 | BA44: 0.013307233 | BB44: 0.015074922 | BC44: 0.011922275 | BD44: 0.0089052863 | BE44: 0.0093738733 | BF44: 0.018969054 | BG44: 0.046185067 | BH44: 0.078139394 | BI44: 0.10568969 | BJ44: 0.1038114 | BK44: 0.096355185 | BL44: 0.083741362 | BM44: 0.07010929 | BN44: 0.058855743 | BO44: 0.050689609 | BP44: 0.043367108 | BQ44: 0.037076083 | BR44: 0.031845928 | BS44: 0.030485013 | BT44: 0.027289268 | BU44: 0.021517739 | BV44: 0.015747113 | BW44: 0.011509947 | BX44: 0.010032413
A45: 10 | C45: 0.070414511 | D45: 0.060789601 | E45: 0.050319335 | F45: 0.040642747 | G45: 0.034562605 | H45: 0.031471924 | I45: 0.03129894 | J45: 0.029500074 | K45: 0.024218196 | L45: 0.020866359 | M45: 0.019777961 | N45: 0.01972212 | O45: 0.019833522 | P45: 0.018524062 | Q45: 0.02156084 | R45: 0.025349893 | S45: 0.032208506 | T45: 0.040029551 | U45: 0.042790399 | V45: 0.043969482 | W45: 0.068546119 | X45: 0.087328045 | Y45: 0.086540267 | Z45: 0.079734942 | AB45: 0.019306522 | AC45: 0.015361973 | AD45: 0.011535348 | AE45: 0.009033789 | AF45: 0.0076838571 | AG45: 0.010553666 | AH45: 0.018367122 | AI45: 0.029014618 | AJ45: 0.04605951 | AK45: 0.054743836 | AL45: 0.063298799 | AM45: 0.064734957 | AN45: 0.06784637 | AO45: 0.069722834 | AP45: 0.069193274 | AQ45: 0.06550357 | AR45: 0.062943661 | AS45: 0.058423851 | AT45: 0.059459757 | AU45: 0.055664371 | AV45: 0.04682476 | AW45: 0.039120484 | AX45: 0.030470605 | AY45: 0.025132464 | BA45: 0.013307233 | BB45: 0.015074922 | BC45: 0.011922275 | BD45: 0.0089052863 | BE45: 0.0093738733 | BF45: 0.018969054 | BG45: 0.046185067 | BH45: 0.078139394 | BI45: 0.10568969 | BJ45: 0.1038114 | BK45: 0.096355185 | BL45: 0.083741362 | BM45: 0.07010929 | BN45: 0.058855743 | BO45: 0.050689609 | BP45: 0.043367108 | BQ45: 0.037076083 | BR45: 0.031845928 | BS45: 0.030485013 | BT45: 0.027289268 | BU45: 0.021517739 | BV45: 0.015747113 | BW45: 0.011509947 | BX45: 0.010032413
A46: 11 | C46: 0.070414511 | D46: 0.060789601 | E46: 0.050319335 | F46: 0.040642747 | G46: 0.034562605 | H46: 0.031471924 | I46: 0.03129894 | J46: 0.029500074 | K46: 0.024218196 | L46: 0.020866359 | M46: 0.019777961 | N46: 0.01972212 | O46: 0.019833522 | P46: 0.018524062 | Q46: 0.02156084 | R46: 0.025349893 | S46: 0.032208506 | T46: 0.040029551 | U46: 0.042790399 | V46: 0.043969482 | W46: 0.068546119 | X46: 0.087328045 | Y46: 0.086540267 | Z46: 0.079734942 | AB46: 0.019306522 | AC46: 0.015361973 | AD46: 0.011535348 | AE46: 0.009033789 | AF46: 0.0076838571 | AG46: 0.010553666 | AH46: 0.018367122 | AI46: 0.029014618 | AJ46: 0.04605951 | AK46: 0.054743836 | AL46: 0.063298799 | AM46: 0.064734957 | AN46: 0.06784637 | AO46: 0.069722834 | AP46: 0.069193274 | AQ46: 0.06550357 | AR46: 0.062943661 | AS46: 0.058423851 | AT46: 0.059459757 | AU46: 0.055664371 | AV46: 0.04682476 | AW46: 0.039120484 | AX46: 0.030470605 | AY46: 0.025132464 | BA46: 0.013307233 | BB46: 0.015074922 | BC46: 0.011922275 | BD46: 0.0089052863 | BE46: 0.0093738733 | BF46: 0.018969054 | BG46: 0.046185067 | BH46: 0.078139394 | BI46: 0.10568969 | BJ46: 0.1038114 | BK46: 0.096355185 | BL46: 0.083741362 | BM46: 0.07010929 | BN46: 0.058855743 | BO46: 0.050689609 | BP46: 0.043367108 | BQ46: 0.037076083 | BR46: 0.031845928 | BS46: 0.030485013 | BT46: 0.027289268 | BU46: 0.021517739 | BV46: 0.015747113 | BW46: 0.011509947 | BX46: 0.010032413
A47: 12 | C47: 0.070414511 | D47: 0.060789601 | E47: 0.050319335 | F47: 0.040642747 | G47: 0.034562605 | H47: 0.031471924 | I47: 0.03129894 | J47: 0.029500074 | K47: 0.024218196 | L47: 0.020866359 | M47: 0.019777961 | N47: 0.01972212 | O47: 0.019833522 | P47: 0.018524062 | Q47: 0.02156084 | R47: 0.025349893 | S47: 0.032208506 | T47: 0.040029551 | U47: 0.042790399 | V47: 0.043969482 | W47: 0.068546119 | X47: 0.087328045 | Y47: 0.086540267 | Z47: 0.079734942 | AB47: 0.019306522 | AC47: 0.015361973 | AD47: 0.011535348 | AE47: 0.009033789 | AF47: 0.0076838571 | AG47: 0.010553666 | AH47: 0.018367122 | AI47: 0.029014618 | AJ47: 0.04605951 | AK47: 0.054743836 | AL47: 0.063298799 | AM47: 0.064734957 | AN47: 0.06784637 | AO47: 0.069722834 | AP47: 0.069193274 | AQ47: 0.06550357 | AR47: 0.062943661 | AS47: 0.058423851 | AT47: 0.059459757 | AU47: 0.055664371 | AV47: 0.04682476 | AW47: 0.039120484 | AX47: 0.030470605 | AY47: 0.025132464 | BA47: 0.013307233 | BB47: 0.015074922 | BC47: 0.011922275 | BD47: 0.0089052863 | BE47: 0.0093738733 | BF47: 0.018969054 | BG47: 0.046185067 | BH47: 0.078139394 | BI47: 0.10568969 | BJ47: 0.1038114 | BK47: 0.096355185 | BL47: 0.083741362 | BM47: 0.07010929 | BN47: 0.058855743 | BO47: 0.050689609 | BP47: 0.043367108 | BQ47: 0.037076083 | BR47: 0.031845928 | BS47: 0.030485013 | BT47: 0.027289268 | BU47: 0.021517739 | BV47: 0.015747113 | BW47: 0.011509947 | BX47: 0.010032413
C49: E3 | AB49: E3 | BA49: E3
C50: 0 | D50: 1 | E50: 2 | F50: 3 | G50: 4 | H50: 5 | I50: 6 | J50: 7 | K50: 8 | L50: 9 | M50: 10 | N50: 11 | O50: 12 | P50: 13 | Q50: 14 | R50: 15 | S50: 16 | T50: 17 | U50: 18 | V50: 19 | W50: 20 | X50: 21 | Y50: 22 | Z50: 23 | AB50: 0 | AC50: 1 | AD50: 2 | AE50: 3 | AF50: 4 | AG50: 5 | AH50: 6 | AI50: 7 | AJ50: 8 | AK50: 9 | AL50: 10 | AM50: 11 | AN50: 12 | AO50: 13 | AP50: 14 | AQ50: 15 | AR50: 16 | AS50: 17 | AT50: 18 | AU50: 19 | AV50: 20 | AW50: 21 | AX50: 22 | AY50: 23 | BA50: 0 | BB50: 1 | BC50: 2 | BD50: 3 | BE50: 4 | BF50: 5 | BG50: 6 | BH50: 7 | BI50: 8 | BJ50: 9 | BK50: 10 | BL50: 11 | BM50: 12 | BN50: 13 | BO50: 14 | BP50: 15 | BQ50: 16 | BR50: 17 | BS50: 18 | BT50: 19 | BU50: 20 | BV50: 21 | BW50: 22 | BX50: 23
A51: 1 | C51: 0.049008945 | D51: 0.039991478 | E51: 0.032724068 | F51: 0.027363432 | G51: 0.023554591 | H51: 0.020922724 | I51: 0.018165498 | J51: 0.015987677 | K51: 0.015176081 | L51: 0.01574843 | M51: 0.016597713 | N51: 0.024579266 | O51: 0.03019035 | P51: 0.031941592 | Q51: 0.035438092 | R51: 0.041008153 | S51: 0.051912974 | T51: 0.070250123 | U51: 0.089249859 | V51: 0.085037053 | W51: 0.073589449 | X51: 0.07057363 | Y51: 0.064847987 | Z51: 0.056140835 | AB51: 0.024739919 | AC51: 0.0093148911 | AD51: 0.0051179435 | AE51: 0.0040804226 | AF51: 0.0054956692 | AG51: 0.015067858 | AH51: 0.021120049 | AI51: 0.04081891 | AJ51: 0.058363726 | AK51: 0.067684402 | AL51: 0.069404956 | AM51: 0.066904125 | AN51: 0.061809094 | AO51: 0.055818564 | AP51: 0.064242728 | AQ51: 0.058154547 | AR51: 0.060202526 | AS51: 0.067821177 | AT51: 0.065807632 | AU51: 0.068544261 | AV51: 0.045491049 | AW51: 0.030625272 | AX51: 0.019243675 | AY51: 0.014126603 | BA51: 0.021720711 | BB51: 0.020266155 | BC51: 0.018528126 | BD51: 0.015038843 | BE51: 0.013256401 | BF51: 0.014192793 | BG51: 0.040453897 | BH51: 0.060476826 | BI51: 0.071690838 | BJ51: 0.073758444 | BK51: 0.073101795 | BL51: 0.070638892 | BM51: 0.068016973 | BN51: 0.066271319 | BO51: 0.065535643 | BP51: 0.061704235 | BQ51: 0.05290226 | BR51: 0.041134135 | BS51: 0.033802626 | BT51: 0.029421658 | BU51: 0.023860779 | BV51: 0.023228336 | BW51: 0.020362113 | BX51: 0.020636203 | BZ51: load shapes from E3
A52: 2 | C52: 0.048754058 | D52: 0.039849489 | E52: 0.032637169 | F52: 0.027390363 | G52: 0.023592252 | H52: 0.020963775 | I52: 0.018227413 | J52: 0.015979646 | K52: 0.015284258 | L52: 0.015886087 | M52: 0.016614652 | N52: 0.024453154 | O52: 0.03004855 | P52: 0.031928806 | Q52: 0.035438689 | R52: 0.041039163 | S52: 0.051949477 | T52: 0.070705706 | U52: 0.089210943 | V52: 0.085035786 | W52: 0.073632587 | X52: 0.070416609 | Y52: 0.064898522 | Z52: 0.056062846 | AB52: 0.023270064 | AC52: 0.0088813385 | AD52: 0.0050325035 | AE52: 0.0040830562 | AF52: 0.0056587447 | AG52: 0.015301774 | AH52: 0.021354156 | AI52: 0.040918272 | AJ52: 0.057949605 | AK52: 0.067329165 | AL52: 0.069159309 | AM52: 0.066572058 | AN52: 0.061410764 | AO52: 0.055778862 | AP52: 0.064410411 | AQ52: 0.058229944 | AR52: 0.060524303 | AS52: 0.067813477 | AT52: 0.06514104 | AU52: 0.06904173 | AV52: 0.046543546 | AW52: 0.030801093 | AX52: 0.02008246 | AY52: 0.014712323 | BA52: 0.021542499 | BB52: 0.020076564 | BC52: 0.018264496 | BD52: 0.014813931 | BE52: 0.013129189 | BF52: 0.014088379 | BG52: 0.040773975 | BH52: 0.060766774 | BI52: 0.07189918 | BJ52: 0.073858833 | BK52: 0.073175224 | BL52: 0.070716348 | BM52: 0.067962524 | BN52: 0.066101458 | BO52: 0.065275615 | BP52: 0.061489393 | BQ52: 0.052598432 | BR52: 0.041009015 | BS52: 0.033981213 | BT52: 0.029476324 | BU52: 0.023851788 | BV52: 0.023400645 | BW52: 0.020615961 | BX52: 0.021132241
A53: 3 | C53: 0.04848449 | D53: 0.039621053 | E53: 0.03247699 | F53: 0.027313338 | G53: 0.023523686 | H53: 0.020941121 | I53: 0.018237847 | J53: 0.01591725 | K53: 0.015300353 | L53: 0.01601584 | M53: 0.016661386 | N53: 0.024099913 | O53: 0.029880822 | P53: 0.031820275 | Q53: 0.034981696 | R53: 0.040739625 | S53: 0.051947351 | T53: 0.071215859 | U53: 0.089872187 | V53: 0.085551806 | W53: 0.074074015 | X53: 0.070534066 | Y53: 0.06485765 | Z53: 0.055931382 | AB53: 0.021579191 | AC53: 0.0084045973 | AD53: 0.0049139168 | AE53: 0.0040657955 | AF53: 0.0058622747 | AG53: 0.015905511 | AH53: 0.021932076 | AI53: 0.041687327 | AJ53: 0.057785287 | AK53: 0.067116729 | AL53: 0.068743176 | AM53: 0.066333871 | AN53: 0.060730768 | AO53: 0.055617181 | AP53: 0.064197919 | AQ53: 0.058204639 | AR53: 0.061056554 | AS53: 0.068436477 | AT53: 0.06470114 | AU53: 0.069678302 | AV53: 0.047228722 | AW53: 0.030652058 | AX53: 0.020191344 | AY53: 0.014975144 | BA53: 0.021258967 | BB53: 0.019809654 | BC53: 0.017983021 | BD53: 0.014531283 | BE53: 0.012922145 | BF53: 0.013877257 | BG53: 0.040774449 | BH53: 0.060783861 | BI53: 0.072011789 | BJ53: 0.073987653 | BK53: 0.073396007 | BL53: 0.071138164 | BM53: 0.068295512 | BN53: 0.066364613 | BO53: 0.065415841 | BP53: 0.06160721 | BQ53: 0.05266169 | BR53: 0.041148167 | BS53: 0.034183488 | BT53: 0.029271787 | BU53: 0.023554174 | BV53: 0.023196305 | BW53: 0.020590244 | BX53: 0.021236716
A54: 4 | C54: 0.048709093 | D54: 0.039915637 | E54: 0.032723989 | F54: 0.027540984 | G54: 0.023754814 | H54: 0.021078281 | I54: 0.018343503 | J54: 0.016101864 | K54: 0.015473848 | L54: 0.015871135 | M54: 0.016567924 | N54: 0.024924016 | O54: 0.030090876 | P54: 0.031990774 | Q54: 0.036092136 | R54: 0.041446861 | S54: 0.051920119 | T54: 0.070190408 | U54: 0.088049985 | V54: 0.084310672 | W54: 0.073166286 | X54: 0.070330947 | Y54: 0.065104813 | Z54: 0.056301036 | AB54: 0.024210981 | AC54: 0.0098673938 | AD54: 0.0055929144 | AE54: 0.0048337166 | AF54: 0.0061868025 | AG54: 0.015175514 | AH54: 0.020939888 | AI54: 0.040045531 | AJ54: 0.057120621 | AK54: 0.066773492 | AL54: 0.069191412 | AM54: 0.066345688 | AN54: 0.062020049 | AO54: 0.055772457 | AP54: 0.064608975 | AQ54: 0.058227556 | AR54: 0.06024888 | AS54: 0.066420731 | AT54: 0.064450838 | AU54: 0.068398322 | AV54: 0.046223544 | AW54: 0.031176429 | AX54: 0.020923954 | AY54: 0.01524431 | BA54: 0.022041857 | BB54: 0.020490945 | BC54: 0.018578894 | BD54: 0.015145164 | BE54: 0.013403903 | BF54: 0.014312088 | BG54: 0.041060796 | BH54: 0.060938496 | BI54: 0.071838439 | BJ54: 0.073716744 | BK54: 0.073055311 | BL54: 0.070153232 | BM54: 0.067359956 | BN54: 0.065451452 | BO54: 0.064756934 | BP54: 0.061139558 | BQ54: 0.052144486 | BR54: 0.040615198 | BS54: 0.033552477 | BT54: 0.029514173 | BU54: 0.02410327 | BV54: 0.023867765 | BW54: 0.021051314 | BX54: 0.021707547
A55: 5 | C55: 0.049021969 | D55: 0.04003724 | E55: 0.032761549 | F55: 0.027431222 | G55: 0.023632132 | H55: 0.021004861 | I55: 0.018183968 | J55: 0.01593548 | K55: 0.015180294 | L55: 0.015829741 | M55: 0.016662983 | N55: 0.024149045 | O55: 0.029939782 | P55: 0.031769861 | Q55: 0.035030845 | R55: 0.040726672 | S55: 0.051857847 | T55: 0.070687156 | U55: 0.089989301 | V55: 0.085373205 | W55: 0.073753859 | X55: 0.070414054 | Y55: 0.064698234 | Z55: 0.0559287 | AB55: 0.023981761 | AC55: 0.0096436609 | AD55: 0.0053913423 | AE55: 0.0046669959 | AF55: 0.0062528636 | AG55: 0.01614136 | AH55: 0.022020141 | AI55: 0.041088422 | AJ55: 0.058441056 | AK55: 0.067500781 | AL55: 0.068702801 | AM55: 0.066131569 | AN55: 0.060824603 | AO55: 0.055302988 | AP55: 0.064021591 | AQ55: 0.057806165 | AR55: 0.059769778 | AS55: 0.06792369 | AT55: 0.065191265 | AU55: 0.068205834 | AV55: 0.045843277 | AW55: 0.030372433 | AX55: 0.019753067 | AY55: 0.015022556 | BA55: 0.021396089 | BB55: 0.020056513 | BC55: 0.018371725 | BD55: 0.014951554 | BE55: 0.013286181 | BF55: 0.014317312 | BG55: 0.040757801 | BH55: 0.060471193 | BI55: 0.071610459 | BJ55: 0.073484832 | BK55: 0.072828158 | BL55: 0.070662515 | BM55: 0.068073784 | BN55: 0.066420177 | BO55: 0.065478615 | BP55: 0.061569149 | BQ55: 0.052829299 | BR55: 0.041207344 | BS55: 0.034219004 | BT55: 0.029555148 | BU55: 0.023836647 | BV55: 0.023159327 | BW55: 0.020477539 | BX55: 0.020979638
A56: 6 | C56: 0.051806442 | D56: 0.04170586 | E56: 0.03297211 | F56: 0.026770375 | G56: 0.022226482 | H56: 0.01879427 | I56: 0.016252057 | J56: 0.016067058 | K56: 0.015848724 | L56: 0.014170955 | M56: 0.015716675 | N56: 0.023070689 | O56: 0.029551635 | P56: 0.032110571 | Q56: 0.03451809 | R56: 0.039559492 | S56: 0.055405345 | T56: 0.075281361 | U56: 0.090731154 | V56: 0.083484408 | W56: 0.071195495 | X56: 0.06956254 | Y56: 0.067092196 | Z56: 0.056106016 | AB56: 0.018250092 | AC56: 0.0090197101 | AD56: 0.0062308289 | AE56: 0.00596122 | AF56: 0.0057396364 | AG56: 0.015433385 | AH56: 0.02342123 | AI56: 0.031437683 | AJ56: 0.058924331 | AK56: 0.063235941 | AL56: 0.072343255 | AM56: 0.070797446 | AN56: 0.069970205 | AO56: 0.071525692 | AP56: 0.065310187 | AQ56: 0.065212463 | AR56: 0.049762903 | AS56: 0.057181899 | AT56: 0.067686988 | AU56: 0.055643994 | AV56: 0.042577066 | AW56: 0.030236996 | AX56: 0.02326352 | AY56: 0.020833328 | BA56: 0.026005311 | BB56: 0.021944824 | BC56: 0.018821781 | BD56: 0.015785543 | BE56: 0.013690122 | BF56: 0.018704241 | BG56: 0.04047212 | BH56: 0.05664483 | BI56: 0.058522344 | BJ56: 0.058460359 | BK56: 0.05970374 | BL56: 0.0585885 | BM56: 0.057366753 | BN56: 0.055007426 | BO56: 0.05295067 | BP56: 0.054575558 | BQ56: 0.052993882 | BR56: 0.052446118 | BS56: 0.049564523 | BT56: 0.045384858 | BU56: 0.039836052 | BV56: 0.032119939 | BW56: 0.030996493 | BX56: 0.029414013
A57: 7 | C57: 0.052795302 | D57: 0.042489327 | E57: 0.033435666 | F57: 0.027008839 | G57: 0.022323788 | H57: 0.018879682 | I57: 0.016371342 | J57: 0.016127915 | K57: 0.015581993 | L57: 0.014206522 | M57: 0.015446216 | N57: 0.022800406 | O57: 0.029568248 | P57: 0.032633552 | Q57: 0.035228465 | R57: 0.039807622 | S57: 0.055587224 | T57: 0.075001158 | U57: 0.090256398 | V57: 0.082927704 | W57: 0.070702439 | X57: 0.068942127 | Y57: 0.066323145 | Z57: 0.05555492 | AB57: 0.020232481 | AC57: 0.0093865214 | AD57: 0.0063059325 | AE57: 0.0060332824 | AF57: 0.0058478382 | AG57: 0.014526176 | AH57: 0.022690618 | AI57: 0.030624649 | AJ57: 0.05742875 | AK57: 0.061972107 | AL57: 0.073494641 | AM57: 0.072283436 | AN57: 0.070942335 | AO57: 0.07234747 | AP57: 0.065938398 | AQ57: 0.066166803 | AR57: 0.049853989 | AS57: 0.056185126 | AT57: 0.066722783 | AU57: 0.05472213 | AV57: 0.042424093 | AW57: 0.029585625 | AX57: 0.023193997 | AY57: 0.021090818 | BA57: 0.028173192 | BB57: 0.023795974 | BC57: 0.020551833 | BD57: 0.017374796 | BE57: 0.015275654 | BF57: 0.020081591 | BG57: 0.040454991 | BH57: 0.056511644 | BI57: 0.058238427 | BJ57: 0.058166038 | BK57: 0.059382425 | BL57: 0.058175248 | BM57: 0.056759509 | BN57: 0.05399209 | BO57: 0.05153304 | BP57: 0.053502671 | BQ57: 0.051934764 | BR57: 0.051645565 | BS57: 0.048659256 | BT57: 0.044436559 | BU57: 0.038898041 | BV57: 0.031543482 | BW57: 0.031205832 | BX57: 0.029707377
A58: 8 | C58: 0.051492983 | D58: 0.041553585 | E58: 0.032767408 | F58: 0.026604865 | G58: 0.022119045 | H58: 0.018744058 | I58: 0.016200644 | J58: 0.016044849 | K58: 0.015821517 | L58: 0.014168185 | M58: 0.015783683 | N58: 0.022823282 | O58: 0.029041043 | P58: 0.031672358 | Q58: 0.034471883 | R58: 0.039411541 | S58: 0.055124189 | T58: 0.075671187 | U58: 0.092569739 | V58: 0.084880773 | W58: 0.072121309 | X58: 0.069446894 | Y58: 0.066208331 | Z58: 0.055256648 | AB58: 0.018315241 | AC58: 0.0090034859 | AD58: 0.0061851482 | AE58: 0.0059122845 | AF58: 0.0058296998 | AG58: 0.015908759 | AH58: 0.023500734 | AI58: 0.031447478 | AJ58: 0.059870892 | AK58: 0.064614776 | AL58: 0.073401679 | AM58: 0.071636296 | AN58: 0.070816883 | AO58: 0.072025365 | AP58: 0.065979996 | AQ58: 0.065811692 | AR58: 0.049648019 | AS58: 0.056725196 | AT58: 0.067957851 | AU58: 0.053981842 | AV58: 0.04153954 | AW58: 0.027998751 | AX58: 0.021836302 | AY58: 0.020052091 | BA58: 0.02626707 | BB58: 0.021991603 | BC58: 0.018807314 | BD58: 0.01575195 | BE58: 0.013612476 | BF58: 0.018454399 | BG58: 0.040063661 | BH58: 0.056880242 | BI58: 0.058893267 | BJ58: 0.058776305 | BK58: 0.059981793 | BL58: 0.058982381 | BM58: 0.057708121 | BN58: 0.055441586 | BO58: 0.053459636 | BP58: 0.054968249 | BQ58: 0.053332618 | BR58: 0.052667342 | BS58: 0.049713934 | BT58: 0.045257794 | BU58: 0.039181445 | BV58: 0.031294292 | BW58: 0.030137313 | BX58: 0.02837521
A59: 9 | C59: 0.052403973 | D59: 0.042243196 | E59: 0.03335055 | F59: 0.027059638 | G59: 0.022381895 | H59: 0.018907437 | I59: 0.016341642 | J59: 0.016156346 | K59: 0.015820744 | L59: 0.014296266 | M59: 0.015598908 | N59: 0.023069215 | O59: 0.029513239 | P59: 0.03236994 | Q59: 0.034884688 | R59: 0.039850341 | S59: 0.055738245 | T59: 0.075074292 | U59: 0.089152738 | V59: 0.082026543 | W59: 0.070328984 | X59: 0.069500215 | Y59: 0.067355905 | Z59: 0.056575062 | AB59: 0.018132704 | AC59: 0.0089031601 | AD59: 0.0061408773 | AE59: 0.0059188148 | AF59: 0.0056996251 | AG59: 0.014652194 | AH59: 0.022879384 | AI59: 0.030539614 | AJ59: 0.057405596 | AK59: 0.061839176 | AL59: 0.071897183 | AM59: 0.071371761 | AN59: 0.070063549 | AO59: 0.072141476 | AP59: 0.065297622 | AQ59: 0.065490253 | AR59: 0.050089157 | AS59: 0.057029803 | AT59: 0.06728978 | AU59: 0.056399532 | AV59: 0.043101383 | AW59: 0.031631689 | AX59: 0.024451698 | AY59: 0.021633968 | BA59: 0.027253739 | BB59: 0.022965816 | BC59: 0.019755726 | BD59: 0.016624994 | BE59: 0.014529349 | BF59: 0.01932675 | BG59: 0.040476682 | BH59: 0.056555273 | BI59: 0.058366092 | BJ59: 0.058275359 | BK59: 0.05935242 | BL59: 0.058210652 | BM59: 0.056901418 | BN59: 0.054338363 | BO59: 0.051991478 | BP59: 0.053747235 | BQ59: 0.052138697 | BR59: 0.051871738 | BS59: 0.049019384 | BT59: 0.04484858 | BU59: 0.039429078 | BV59: 0.032023355 | BW59: 0.031554535 | BX59: 0.030443288
A60: 10 | C60: 0.049005941 | D60: 0.03998343 | E60: 0.032712241 | F60: 0.027348532 | G60: 0.023540316 | H60: 0.020910615 | I60: 0.018156278 | J60: 0.015980789 | K60: 0.01517148 | L60: 0.015745482 | M60: 0.016595901 | N60: 0.024580718 | O60: 0.030193846 | P60: 0.031945853 | Q60: 0.035443005 | R60: 0.041014258 | S60: 0.051922233 | T60: 0.070263386 | U60: 0.08926708 | V60: 0.085050736 | W60: 0.073598055 | X60: 0.070580271 | Y60: 0.064850656 | Z60: 0.056138896 | AB60: 0.024713151 | AC60: 0.0092847463 | AD60: 0.0050741349 | AE60: 0.0040224562 | AF60: 0.0054369402 | AG60: 0.015023172 | AH60: 0.021086412 | AI60: 0.04081812 | AJ60: 0.058394408 | AK60: 0.067728558 | AL60: 0.069452098 | AM60: 0.06694642 | AN60: 0.061839941 | AO60: 0.055837689 | AP60: 0.064278625 | AQ60: 0.058173237 | AR60: 0.060226829 | AS60: 0.067863186 | AT60: 0.065844946 | AU60: 0.068585828 | AV60: 0.045494779 | AW60: 0.030598668 | AX60: 0.019200709 | AY60: 0.014074945 | BA60: 0.022208581 | BB60: 0.020761109 | BC60: 0.018998011 | BD60: 0.015532684 | BE60: 0.013794188 | BF60: 0.014750815 | BG60: 0.040603191 | BH60: 0.060299576 | BI60: 0.071345858 | BJ60: 0.073267279 | BK60: 0.072695711 | BL60: 0.070295411 | BM60: 0.067669022 | BN60: 0.065927961 | BO60: 0.065190557 | BP60: 0.061399164 | BQ60: 0.052696207 | BR60: 0.041015283 | BS60: 0.033668933 | BT60: 0.02925172 | BU60: 0.023739709 | BV60: 0.023194392 | BW60: 0.020574991 | BX60: 0.021119648
A61: 11 | C61: 0.04861378 | D61: 0.039755107 | E61: 0.032568599 | F61: 0.027375209 | G61: 0.023564583 | H61: 0.020942647 | I61: 0.018204564 | J61: 0.015866874 | K61: 0.015202987 | L61: 0.015958536 | M61: 0.016651939 | N61: 0.024207513 | O61: 0.029875241 | P61: 0.031727257 | Q61: 0.035043004 | R61: 0.040684877 | S61: 0.051799946 | T61: 0.070779223 | U61: 0.089901888 | V61: 0.085513805 | W61: 0.074043454 | X61: 0.070700955 | Y61: 0.064976529 | Z61: 0.056041483 | AB61: 0.022126887 | AC61: 0.0084851972 | AD61: 0.0048863301 | AE61: 0.0040048738 | AF61: 0.005899148 | AG61: 0.016011376 | AH61: 0.021525505 | AI61: 0.041650315 | AJ61: 0.057945654 | AK61: 0.067187717 | AL61: 0.069230647 | AM61: 0.066467723 | AN61: 0.060965717 | AO61: 0.055934891 | AP61: 0.064572265 | AQ61: 0.058575235 | AR61: 0.060850442 | AS61: 0.068600459 | AT61: 0.065317376 | AU61: 0.069578229 | AV61: 0.046310283 | AW61: 0.029989874 | AX61: 0.019368101 | AY61: 0.014515754 | BA61: 0.021768777 | BB61: 0.020285724 | BC61: 0.01848045 | BD61: 0.015040432 | BE61: 0.013449627 | BF61: 0.014500334 | BG61: 0.040910974 | BH61: 0.060540535 | BI61: 0.071574658 | BJ61: 0.073353227 | BK61: 0.07284977 | BL61: 0.070618494 | BM61: 0.067960823 | BN61: 0.066119124 | BO61: 0.065092696 | BP61: 0.061286259 | BQ61: 0.052363085 | BR61: 0.04094254 | BS61: 0.034047866 | BT61: 0.029264804 | BU61: 0.023708197 | BV61: 0.023318463 | BW61: 0.020861695 | BX61: 0.021661447
A62: 12 | C62: 0.048549755 | D62: 0.039722445 | E62: 0.03254489 | F62: 0.027370321 | G62: 0.023598488 | H62: 0.020971261 | I62: 0.018287055 | J62: 0.016070271 | K62: 0.015500837 | L62: 0.015891735 | M62: 0.016551517 | N62: 0.024795041 | O62: 0.030110823 | P62: 0.032101208 | Q62: 0.03603236 | R62: 0.041526388 | S62: 0.052132582 | T62: 0.070750314 | U62: 0.088220289 | V62: 0.084506868 | W62: 0.073315829 | X62: 0.070238234 | Y62: 0.065020497 | Z62: 0.056190993 | AB62: 0.023263652 | AC62: 0.0089880454 | AD62: 0.0051089079 | AE62: 0.0041283118 | AF62: 0.005489647 | AG62: 0.014512939 | AH62: 0.020917593 | AI62: 0.040111829 | AJ62: 0.05735596 | AK62: 0.067293299 | AL62: 0.069368793 | AM62: 0.066732783 | AN62: 0.062117594 | AO62: 0.055823528 | AP62: 0.06457579 | AQ62: 0.058188527 | AR62: 0.060820062 | AS62: 0.066894269 | AT62: 0.064403757 | AU62: 0.06900642 | AV62: 0.047152061 | AW62: 0.031563349 | AX62: 0.021110272 | AY62: 0.015072612 | BA62: 0.022348459 | BB62: 0.020850156 | BC62: 0.018885024 | BD62: 0.015464549 | BE62: 0.013778782 | BF62: 0.014630519 | BG62: 0.041163283 | BH62: 0.060869398 | BI62: 0.071686084 | BJ62: 0.073500418 | BK62: 0.072909207 | BL62: 0.070115417 | BM62: 0.06713495 | BN62: 0.065150917 | BO62: 0.064523384 | BP62: 0.060959464 | BQ62: 0.052113484 | BR62: 0.040636184 | BS62: 0.033481874 | BT62: 0.029231647 | BU62: 0.023735445 | BV62: 0.023660657 | BW62: 0.021100467 | BX62: 0.022070231

Sheet Avoided emissions
A1: EV Home Service Societal Benefit Analysis
A3: Step one: estimate emission avoidance
A4: Passenger vehicle CO2
A6: Emissions from ICE vehicle:
A7: Miles driven per vehicle per year | B7: 12933.17 | C7: 1
A8: Average mpg | B8: 24.3 | C8: 2
A9: g CO2 per gallon | B9: 8887 | C9: 3
A10: g CO2 per mile | B10: =B9/B8 -> 365.72016
A11: short tons CO2/vehicle/year | B11: =B10*B7/1000000/0.907184 -> 5.2138497
A13: EV efficiency:
A14: average kWh per mile | B14: 0.32 | C14: 4
A15: kWh per vehicle per year | B15: =B14*B7 -> 4138.6144
A17: Emission avoidance Option 1 - utility-specific average CO2 rates
B18: 2020 | C18: =B18+1 -> 2021 | D18: =C18+1 -> 2022 | E18: =D18+1 -> 2023 | F18: =E18+1 -> 2024 | G18: =F18+1 -> 2025 | H18: =G18+1 -> 2026 | I18: =H18+1 -> 2027 | J18: =I18+1 -> 2028 | ... L18: =K18+1 -> 2030
A19: CO2 intensity (lbs/MWh) | B19: 778.84153 | C19: 713.9691 | D19: 710.56134 | E19: 758.13554 | F19: 611.889 | G19: 522.34104 | H19: 503.04344 | I19: 407.9064 | J19: 251.21905 | K19: 227.41652 | L19: 220.28328 | M19: 5
A20: short tons CO2/vehicle/year | B20: =$B15/1000*B19/2000 -> 1.6116624 | C20: =$B15/1000*C19/2000 -> 1.4774214 | D20: =$B15/1000*D19/2000 -> 1.4703697 | E20: =$B15/1000*E19/2000 -> 1.5688153 | F20: =$B15/1000*F19/2000 -> 1.2661863 | G20: =$B15/1000*G19/2000 -> 1.0808841 | H20: =$B15/1000*H19/2000 -> 1.0409514 | I20: =$B15/1000*I19/2000 -> 0.84408366 | ... L20: =$B15/1000*L19/2000 -> 0.45583378
A21: short tons CO2 avoided per EV per year | B21: =$B11-B20 -> 3.6021873 | C21: =$B11-C20 -> 3.7364283 | D21: =$B11-D20 -> 3.7434801 | E21: =$B11-E20 -> 3.6450344 | F21: =$B11-F20 -> 3.9476634 | G21: =$B11-G20 -> 4.1329657 | H21: =$B11-H20 -> 4.1728983 | I21: =$B11-I20 -> 4.3697661 | ... L21: =$B11-L20 -> 4.758016
A23: Emission avoidance Option 2 - MISO marginal CO2 rates
A24: CO2 intensity (lbs/MWh) | B24: 1822 | C24: 6
A25: short tons CO2/vehicle/year | B25: =$B15/1000*B24/2000 -> 3.7702777 | C25: 7
A26: short tons CO2 avoided per EV per year | B26: =B11-B25 -> 1.443572
A28: Emission avoidance Option 3 - 100% renewable charging, with RECs retired
A29: CO2 intensity (lbs/MWh) | B29: 0
A30: short tons CO2/vehicle/year | B30: =$B15/1000*B29/2000 -> 0
A31: short tons CO2 avoided per EV per year | B31: =B11-B30 -> 5.2138497
A33: Passenger vehicle criteria pollutants
A35: Emissions from ICE vehicle:
A36: Miles driven per vehicle per year | B36: =B7 -> 12933.17 | C36: 8
A37: NOx (pounds) | B37: 20 | C37: 9 | O37: NOx | P37: PM2.5
A38: PM2.5 (pounds) | B38: 1.4 | N38: 2020 | O38: 18.012 | P38: 1.363
N39: =N38+1 -> 2021 | O39: 18.153 | P39: 1.366
A40: Emissions from EV: | B40: 2020 | C40: =B40+1 -> 2021 | D40: =C40+1 -> 2022 | E40: =D40+1 -> 2023 | F40: =E40+1 -> 2024 | G40: =F40+1 -> 2025 | H40: =G40+1 -> 2026 | I40: =H40+1 -> 2027 | J40: =I40+1 -> 2028 | ... L40: =K40+1 -> 2030 | N40: =N39+1 -> 2022 | O40: 18.167 | P40: 1.367
A41: NOx emission rate (lbs/MWh) | B41: =([16]Emissions!D7*2000)/(SUM('[16]Energy Mix'!D$5:D$19)*1000) -> 0.48027437 | C41: =([16]Emissions!E7*2000)/(SUM('[16]Energy Mix'!E$5:E$19)*1000) -> 0.44619378 | D41: =([16]Emissions!F7*2000)/(SUM('[16]Energy Mix'!F$5:F$19)*1000) -> 0.44288881 | E41: =([16]Emissions!G7*2000)/(SUM('[16]Energy Mix'!G$5:G$19)*1000) -> 0.48030164 | F41: =([16]Emissions!H7*2000)/(SUM('[16]Energy Mix'!H$5:H$19)*1000) -> 0.36553874 | G41: =([16]Emissions!I7*2000)/(SUM('[16]Energy Mix'!I$5:I$19)*1000) -> 0.29043823 | H41: =([16]Emissions!J7*2000)/(SUM('[16]Energy Mix'!J$5:J$19)*1000) -> 0.27371376 | I41: =([16]Emissions!K7*2000)/(SUM('[16]Energy Mix'!K$5:K$19)*1000) -> 0.19249008 | ... L41: =([16]Emissions!N7*2000)/(SUM('[16]Energy Mix'!N$5:N$19)*1000) -> 0.04849961 | M41: 10 | N41: =N40+1 -> 2023 | O41: 18.012 | P41: 1.362
A42: PM2.5 emission rate (lbs/MWh) | B42: =([16]Emissions!D8*2000)/(SUM('[16]Energy Mix'!D$5:D$19)*1000) -> 0.0088734485 | C42: =([16]Emissions!E8*2000)/(SUM('[16]Energy Mix'!E$5:E$19)*1000) -> 0.0082169991 | D42: =([16]Emissions!F8*2000)/(SUM('[16]Energy Mix'!F$5:F$19)*1000) -> 0.0079284071 | E42: =([16]Emissions!G8*2000)/(SUM('[16]Energy Mix'!G$5:G$19)*1000) -> 0.0091472141 | F42: =([16]Emissions!H8*2000)/(SUM('[16]Energy Mix'!H$5:H$19)*1000) -> 0.0065425748 | G42: =([16]Emissions!I8*2000)/(SUM('[16]Energy Mix'!I$5:I$19)*1000) -> 0.0050668722 | H42: =([16]Emissions!J8*2000)/(SUM('[16]Energy Mix'!J$5:J$19)*1000) -> 0.0040779575 | I42: =([16]Emissions!K8*2000)/(SUM('[16]Energy Mix'!K$5:K$19)*1000) -> 0.0046278621 | ... L42: =([16]Emissions!N8*2000)/(SUM('[16]Energy Mix'!N$5:N$19)*1000) -> 0.002185349 | M42: 11 | N42: =N41+1 -> 2024 | O42: 18.487 | P42: 1.373
A43: Pounds NOx per EV per year | B43: =$B$15/1000*B41 -> 1.9876704 | C43: =$B$15/1000*C41 -> 1.846624 | D43: =$B$15/1000*D41 -> 1.832946 | E43: =$B$15/1000*E41 -> 1.9877833 | F43: =$B$15/1000*F41 -> 1.5128239 | G43: =$B$15/1000*G41 -> 1.2020118 | H43: =$B$15/1000*H41 -> 1.1327957 | I43: =$B$15/1000*I41 -> 0.7966422 | ... L43: =$B$15/1000*L41 -> 0.20072118 | M43: 12 | N43: =N42+1 -> 2025 | O43: 18.798 | P43: 1.379
A44: Pounds PM2.5 per EV per year | B44: =$B$15/1000*B42 -> 0.036723782 | C44: =$B$15/1000*C42 -> 0.034006991 | D44: =$B$15/1000*D42 -> 0.03281262 | E44: =$B$15/1000*E42 -> 0.037856792 | F44: =$B$15/1000*F42 -> 0.027077194 | G44: =$B$15/1000*G42 -> 0.02096983 | H44: =$B$15/1000*H42 -> 0.016877094 | I44: =$B$15/1000*I42 -> 0.019152937 | ... L44: =$B$15/1000*L42 -> 0.009044317 | N44: =N43+1 -> 2026 | O44: 18.867 | P44: 1.383
N45: =N44+1 -> 2027 | O45: 19.203 | P45: 1.381
A46: Emission avoidance | N46: =N45+1 -> 2028 | O46: 19.757 | P46: 1.39
A47: Pounds NOx per EV per year | B47: =$B37-B43 -> 18.01233 | C47: =$B37-C43 -> 18.153376 | D47: =$B37-D43 -> 18.167054 | E47: =$B37-E43 -> 18.012217 | F47: =$B37-F43 -> 18.487176 | G47: =$B37-G43 -> 18.797988 | H47: =$B37-H43 -> 18.867204 | I47: =$B37-I43 -> 19.203358 | ... L47: =$B37-L43 -> 19.799279 | N47: =N46+1 -> 2029 | O47: 19.799 | P47: 1.391
A48: Pounds PM2.5 per EV per year | B48: =$B38-B44 -> 1.3632762 | C48: =$B38-C44 -> 1.365993 | D48: =$B38-D44 -> 1.3671874 | E48: =$B38-E44 -> 1.3621432 | F48: =$B38-F44 -> 1.3729228 | G48: =$B38-G44 -> 1.3790302 | H48: =$B38-H44 -> 1.3831229 | I48: =$B38-I44 -> 1.3808471 | ... L48: =$B38-L44 -> 1.3909557 | N48: =N47+1 -> 2030 | O48: 19.799 | P48: 1.391
A51: 1 Based on Xcel Energy data.
A52: 2 Based on current CAFÉ standard, per AFDC https://afdc.energy.gov/vehicles/electric_emissions_sources.html.
A53: 3 See EPA data at https://www.epa.gov/greenvehicles/greenhouse-gas-emissions-typical-passenger-vehicle-0.
A54: 4 See https://afdc.energy.gov/vehicles/electric_emissions_sources.html.
A55: 5 Per Upper Midwest Energy Plan - Preferred Plan filed 7/1/19 in E002/CI-19-368
A56: 6 Lacking a forecast to 2030 of MISO marginal CO2 rates, as a proxy we use the "non-baseload" CO2 rate for MROW sub-region of MISO in eGRID2016. See https://www.epa.gov/energy/emissions-generation-resource-integrated-database-egrid.
A57: 7 For comparison, according to WattTime's Automated Emission Reduction (AER) tool, the CO2 rate for MISO on the morning of July 7, 2019 was 1,861 lbs/MWh; the same evening, 1,580 lbs/MWh. See http://explorer.watttime.org.
A58: 8 Based on Xcel Energy data.
A59: 9 See https://www.pca.state.mn.us/air/vehicles-and-equipment.
A60: 10 NOx rate under Preferred Plan filed 7/1/19
A61: 11 PM2.5 rate under Preferred Plan filed 7/1/19
A62: 12 Note we do not have a MISO marginal rate for NOx and PM2.5 -- these are just based on Xcel Energy system, in both Low and High.

Sheet Externality values
B1: EV Home Service Societal Benefit Analysis
B3: Step two: assign monetary values to avoided damages
B4: These are monetized damages from climate change (CO2) and public health and environment (criteria pollutants) using Commission's adopted externality ranges.
B6: CO2 | F6: Escalated values | K6: Criteria pollutants
H7: 0.02
C8: Per Order: | K8: Per Order:
C9: 2015$ per short ton | F9: Nominal dollars per short ton | K9: 2014$ per short ton
B11: Year | C11: Environmental Cost | F11: Year | G11: Environmental Cost | L11: Rural | O11: Metropolitan fringe | R11: Urban
C12: Low | D12: High | G12: Low | H12: High | L12: Low | M12: Median | N12: High | O12: Low | P12: Median | Q12: High | R12: Low | S12: Median | T12: High
B13: 2017 | C13: 8.44 | D13: 39.76 | F13: 2017 | G13: =C13*(1+$H$7)^(F13-2015) -> 8.780976 | H13: =D13*(1+$H$7)^(F13-2015) -> 41.366304
B14: =B13+1 -> 2018 | C14: 8.64 | D14: 40.66 | F14: =F13+1 -> 2018 | G14: =C14*(1+$H$7)^(F14-2015) -> 9.1688371 | H14: =D14*(1+$H$7)^(F14-2015) -> 43.148717 | K14: PM2.5 | L14: 3437 | M14: 6220 | N14: 8441 | O14: 6450 | P14: 11724 | Q14: 16078 | R14: 10063 | S14: 18305 | T14: 25137
B15: =B14+1 -> 2019 | C15: 8.85 | D15: 41.56 | F15: =F14+1 -> 2019 | G15: =C15*(1+$H$7)^(F15-2015) -> 9.5795246 | H15: =D15*(1+$H$7)^(F15-2015) -> 44.985881 | K15: NOx | L15: 1985 | M15: 4762 | N15: 6370 | O15: 2467 | P15: 5352 | Q15: 7336 | R15: 2760 | S15: 5755 | T15: 7893
B16: =B15+1 -> 2020 | C16: 9.05 | D16: 42.46 | F16: =F15+1 -> 2020 | G16: =C16*(1+$H$7)^(F16-2015) -> 9.9919313 | H16: =D16*(1+$H$7)^(F16-2015) -> 46.879271 | K16: SO2 | L16: 3427 | M16: 6159 | N16: 8352 | O16: 4543 | P16: 8245 | Q16: 11317 | R16: 5753 | S16: 10439 | T16: 14382
B17: =B16+1 -> 2021 | C17: 9.25 | D17: 43.36 | F17: =F16+1 -> 2021 | G17: =C17*(1+$H$7)^(F17-2015) -> 10.417002 | H17: =D17*(1+$H$7)^(F17-2015) -> 48.830402
B18: =B17+1 -> 2022 | C18: 9.46 | D18: 44.26 | F18: =F17+1 -> 2022 | G18: =C18*(1+$H$7)^(F18-2015) -> 10.866566 | H18: =D18*(1+$H$7)^(F18-2015) -> 50.840828 | K18: Escalated values (Urban)
B19: =B18+1 -> 2023 | C19: 9.66 | D19: 45.16 | F19: =F18+1 -> 2023 | G19: =C19*(1+$H$7)^(F19-2015) -> 11.31823 | H19: =D19*(1+$H$7)^(F19-2015) -> 52.912138 | L19: NOx | N19: PM2.5
B20: =B19+1 -> 2024 | C20: 9.87 | D20: 46.06 | F20: =F19+1 -> 2024 | G20: =C20*(1+$H$7)^(F20-2015) -> 11.795564 | H20: =D20*(1+$H$7)^(F20-2015) -> 55.045964 | L20: Low | M20: High | N20: Low | O20: High
B21: =B20+1 -> 2025 | C21: 10.07 | D21: 46.96 | F21: =F20+1 -> 2025 | G21: =C21*(1+$H$7)^(F21-2015) -> 12.275274 | H21: =D21*(1+$H$7)^(F21-2015) -> 57.243978 | K21: =B16 -> 2020 | L21: =R$15*(1+$H$7)^(K21-2014) -> 3108.2083 | M21: =T$15*(1+$H$7)^(K21-2014) -> 8888.8 | N21: =R$14*(1+$H$7)^(K21-2014) -> 11332.572 | O21: =T$14*(1+$H$7)^(K21-2014) -> 28308.345
B22: =B21+1 -> 2026 | C22: 10.28 | D22: 47.86 | F22: =F21+1 -> 2026 | G22: =C22*(1+$H$7)^(F22-2015) -> 12.781888 | H22: =D22*(1+$H$7)^(F22-2015) -> 59.507894 | K22: =B17 -> 2021 | L22: =R$15*(1+$H$7)^(K22-2014) -> 3170.3724 | M22: =T$15*(1+$H$7)^(K22-2014) -> 9066.576 | N22: =R$14*(1+$H$7)^(K22-2014) -> 11559.224 | O22: =T$14*(1+$H$7)^(K22-2014) -> 28874.512
B23: =B22+1 -> 2027 | C23: 10.48 | D23: 48.77 | F23: =F22+1 -> 2027 | G23: =C23*(1+$H$7)^(F23-2015) -> 13.291174 | H23: =D23*(1+$H$7)^(F23-2015) -> 61.852152 | K23: =B18 -> 2022 | L23: =R$15*(1+$H$7)^(K23-2014) -> 3233.7799 | M23: =T$15*(1+$H$7)^(K23-2014) -> 9247.9075 | N23: =R$14*(1+$H$7)^(K23-2014) -> 11790.408 | O23: =T$14*(1+$H$7)^(K23-2014) -> 29452.002
B24: =B23+1 -> 2028 | C24: 10.69 | D24: 49.67 | F24: =F23+1 -> 2028 | G24: =C24*(1+$H$7)^(F24-2015) -> 13.828655 | H24: =D24*(1+$H$7)^(F24-2015) -> 64.253441 | K24: =B19 -> 2023 | L24: =R$15*(1+$H$7)^(K24-2014) -> 3298.4555 | M24: =T$15*(1+$H$7)^(K24-2014) -> 9432.8656 | N24: =R$14*(1+$H$7)^(K24-2014) -> 12026.217 | O24: =T$14*(1+$H$7)^(K24-2014) -> 30041.042
B25: =B24+1 -> 2029 | C25: 10.89 | D25: 50.57 | F25: =F24+1 -> 2029 | G25: =C25*(1+$H$7)^(F25-2015) -> 14.369124 | H25: =D25*(1+$H$7)^(F25-2015) -> 66.726041 | K25: =B20 -> 2024 | L25: =R$15*(1+$H$7)^(K25-2014) -> 3364.4246 | M25: =T$15*(1+$H$7)^(K25-2014) -> 9621.523 | N25: =R$14*(1+$H$7)^(K25-2014) -> 12266.741 | O25: =T$14*(1+$H$7)^(K25-2014) -> 30641.863
B26: =B25+1 -> 2030 | C26: 11.1 | D26: 51.47 | F26: =F25+1 -> 2030 | G26: =C26*(1+$H$7)^(F26-2015) -> 14.939139 | H26: =D26*(1+$H$7)^(F26-2015) -> 69.271843 | K26: =B21 -> 2025 | L26: =R$15*(1+$H$7)^(K26-2014) -> 3431.7131 | M26: =T$15*(1+$H$7)^(K26-2014) -> 9813.9534 | N26: =R$14*(1+$H$7)^(K26-2014) -> 12512.076 | O26: =T$14*(1+$H$7)^(K26-2014) -> 31254.7
B27: =B26+1 -> 2031 | C27: 11.3 | D27: 52.37 | F27: =F26+1 -> 2031 | G27: =C27*(1+$H$7)^(F27-2015) -> 15.512478 | H27: =D27*(1+$H$7)^(F27-2015) -> 71.892787 | K27: =B22 -> 2026 | L27: =R$15*(1+$H$7)^(K27-2014) -> 3500.3474 | M27: =T$15*(1+$H$7)^(K27-2014) -> 10010.232 | N27: =R$14*(1+$H$7)^(K27-2014) -> 12762.317 | O27: =T$14*(1+$H$7)^(K27-2014) -> 31879.794
B28: =B27+1 -> 2032 | C28: 11.51 | D28: 53.27 | F28: =F27+1 -> 2032 | G28: =C28*(1+$H$7)^(F28-2015) -> 16.116779 | H28: =D28*(1+$H$7)^(F28-2015) -> 74.59086 | K28: =B23 -> 2027 | L28: =R$15*(1+$H$7)^(K28-2014) -> 3570.3543 | M28: =T$15*(1+$H$7)^(K28-2014) -> 10210.437 | N28: =R$14*(1+$H$7)^(K28-2014) -> 13017.564 | O28: =T$14*(1+$H$7)^(K28-2014) -> 32517.39
B29: =B28+1 -> 2033 | C29: 11.71 | D29: 54.17 | F29: =F28+1 -> 2033 | G29: =C29*(1+$H$7)^(F29-2015) -> 16.724764 | H29: =D29*(1+$H$7)^(F29-2015) -> 77.368099 | K29: =B24 -> 2028 | L29: =R$15*(1+$H$7)^(K29-2014) -> 3641.7614 | M29: =T$15*(1+$H$7)^(K29-2014) -> 10414.646 | N29: =R$14*(1+$H$7)^(K29-2014) -> 13277.915 | O29: =T$14*(1+$H$7)^(K29-2014) -> 33167.738
B30: =B29+1 -> 2034 | C30: 11.92 | D30: 55.07 | F30: =F29+1 -> 2034 | G30: =C30*(1+$H$7)^(F30-2015) -> 17.365189 | H30: =D30*(1+$H$7)^(F30-2015) -> 80.226591 | K30: =B25 -> 2029 | L30: =R$15*(1+$H$7)^(K30-2014) -> 3714.5966 | M30: =T$15*(1+$H$7)^(K30-2014) -> 10622.939 | N30: =R$14*(1+$H$7)^(K30-2014) -> 13543.473 | O30: =T$14*(1+$H$7)^(K30-2014) -> 33831.092
B31: =B30+1 -> 2035 | C31: 12.12 | D31: 55.97 | F31: =F30+1 -> 2035 | G31: =C31*(1+$H$7)^(F31-2015) -> 18.009682 | H31: =D31*(1+$H$7)^(F31-2015) -> 83.168476 | K31: =B26 -> 2030 | L31: =R$15*(1+$H$7)^(K31-2014) -> 3788.8885 | M31: =T$15*(1+$H$7)^(K31-2014) -> 10835.398 | N31: =R$14*(1+$H$7)^(K31-2014) -> 13814.343 | O31: =T$14*(1+$H$7)^(K31-2014) -> 34507.714
B32: =B31+1 -> 2036 | C32: 12.33 | D32: 56.87 | F32: =F31+1 -> 2036 | G32: =C32*(1+$H$7)^(F32-2015) -> 18.688166 | H32: =D32*(1+$H$7)^(F32-2015) -> 86.195945
B33: =B32+1 -> 2037 | C33: 12.53 | D33: 57.77 | F33: =F32+1 -> 2037 | G33: =C33*(1+$H$7)^(F33-2015) -> 19.371125 | H33: =D33*(1+$H$7)^(F33-2015) -> 89.311246 | I33: 1
B34: =B33+1 -> 2038 | C34: 12.74 | D34: 58.67 | F34: =F33+1 -> 2038 | G34: =C34*(1+$H$7)^(F34-2015) -> 20.089697 | H34: =D34*(1+$H$7)^(F34-2015) -> 92.51668 | I34: 2
B35: =B34+1 -> 2039 | C35: 12.94 | D35: 59.58 | F35: =F34+1 -> 2039 | G35: =C35*(1+$H$7)^(F35-2015) -> 20.813178 | H35: =D35*(1+$H$7)^(F35-2015) -> 95.830691 | I35: 3
B36: =B35+1 -> 2040 | C36: 13.15 | D36: 60.48 | F36: =F35+1 -> 2040 | G36: =C36*(1+$H$7)^(F36-2015) -> 21.573969 | H36: =D36*(1+$H$7)^(F36-2015) -> 99.223851
B37: =B36+1 -> 2041 | C37: 13.35 | D37: 61.38 | F37: =F36+1 -> 2041 | G37: =C37*(1+$H$7)^(F37-2015) -> 22.340132 | H37: =D37*(1+$H$7)^(F37-2015) -> 102.7144
B38: =B37+1 -> 2042 | C38: 13.56 | D38: 62.28 | F38: =F37+1 -> 2042 | G38: =C38*(1+$H$7)^(F38-2015) -> 23.145381 | H38: =D38*(1+$H$7)^(F38-2015) -> 106.30489
B39: =B38+1 -> 2043 | C39: 13.76 | D39: 63.18 | F39: =F38+1 -> 2043 | G39: =C39*(1+$H$7)^(F39-2015) -> 23.956493 | H39: =D39*(1+$H$7)^(F39-2015) -> 109.99791
B40: =B39+1 -> 2044 | C40: 13.97 | D40: 64.08 | F40: =F39+1 -> 2044 | G40: =C40*(1+$H$7)^(F40-2015) -> 24.80855 | H40: =D40*(1+$H$7)^(F40-2015) -> 113.79613
B41: =B40+1 -> 2045 | C41: 14.17 | D41: 64.98 | F41: =F40+1 -> 2045 | G41: =C41*(1+$H$7)^(F41-2015) -> 25.666994 | H41: =D41*(1+$H$7)^(F41-2015) -> 117.70228
B42: =B41+1 -> 2046 | C42: 14.38 | D42: 65.88 | F42: =F41+1 -> 2046 | G42: =C42*(1+$H$7)^(F42-2015) -> 26.568327 | H42: =D42*(1+$H$7)^(F42-2015) -> 121.71915
B43: =B42+1 -> 2047 | C43: 14.58 | D43: 66.78 | F43: =F42+1 -> 2047 | G43: =C43*(1+$H$7)^(F43-2015) -> 27.476602 | H43: =D43*(1+$H$7)^(F43-2015) -> 125.84962
B44: =B43+1 -> 2048 | C44: 14.79 | D44: 67.68 | F44: =F43+1 -> 2048 | G44: =C44*(1+$H$7)^(F44-2015) -> 28.429802 | H44: =D44*(1+$H$7)^(F44-2015) -> 130.09662
B45: =B44+1 -> 2049 | C45: 14.99 | D45: 68.58 | F45: =F44+1 -> 2049 | G45: =C45*(1+$H$7)^(F45-2015) -> 29.390534 | H45: =D45*(1+$H$7)^(F45-2015) -> 134.46316
B46: =B45+1 -> 2050 | C46: 15.2 | D46: 69.48 | F46: =F45+1 -> 2050 | G46: =C46*(1+$H$7)^(F46-2015) -> 30.398321 | H46: =D46*(1+$H$7)^(F46-2015) -> 138.95233
A49: 1 | B49: For criteria pollutants, used Urban values since Xcel Energy service territory largely urban
A50: 2 | B50: Note these values are designed for stationary emission sources, and calculate damages based on exposed population in relation to location of source.
A51: 3 | B51: We believe they are conservative estimates of damages, since mobile sources (vehicles) will generally be closer to impacted populations than power plants.

Sheet Societal benefit
A1: EV Home Service Societal Benefit Analysis
A3: Step three: estimate a range of societal benefit per EV per year
A4: Per conventional gasoline/diesel passenger vehicle replaced with an EV
B6: Basis | D6: CO2 | E6: NOx | F6: PM2.5 | G6: Total
A7: Low end | B7: Lowest avoided emission * low end of externality range | C7: 2020 | D7: ='Avoided emissions'!$B$26*'Externality values'!G16 -> 14.424072 | E7: ='Avoided emissions'!O38/2000*'Externality values'!L21 -> 27.992524 | F7: ='Avoided emissions'!P38/2000*'Externality values'!N21 -> 7.7231481 | G7: =SUM(D7:F7) -> 50.139744
C8: =C7+1 -> 2021 | D8: ='Avoided emissions'!$B$26*'Externality values'!G17 -> 15.037693 | E8: ='Avoided emissions'!O39/2000*'Externality values'!L22 -> 28.775885 | F8: ='Avoided emissions'!P39/2000*'Externality values'!N22 -> 7.8949499 | G8: =SUM(D8:F8) -> 51.708529
C9: =C8+1 -> 2022 | D9: ='Avoided emissions'!$B$26*'Externality values'!G18 -> 15.686671 | E9: ='Avoided emissions'!O40/2000*'Externality values'!L23 -> 29.37404 | F9: ='Avoided emissions'!P40/2000*'Externality values'!N23 -> 8.0587441 | G9: =SUM(D9:F9) -> 53.119455
C10: =C9+1 -> 2023 | D10: ='Avoided emissions'!$B$26*'Externality values'!G19 -> 16.33868 | E10: ='Avoided emissions'!O41/2000*'Externality values'!L24 -> 29.70589 | F10: ='Avoided emissions'!P41/2000*'Externality values'!N24 -> 8.1898534 | G10: =SUM(D10:F10) -> 54.234423
C11: =C10+1 -> 2024 | D11: ='Avoided emissions'!$B$26*'Externality values'!G20 -> 17.027746 | E11: ='Avoided emissions'!O42/2000*'Externality values'!L25 -> 31.099059 | F11: ='Avoided emissions'!P42/2000*'Externality values'!N25 -> 8.4211176 | G11: =SUM(D11:F11) -> 56.547922
C12: =C11+1 -> 2025 | D12: ='Avoided emissions'!$B$26*'Externality values'!G21 -> 17.720242 | E12: ='Avoided emissions'!O43/2000*'Externality values'!L26 -> 32.254671 | F12: ='Avoided emissions'!P43/2000*'Externality values'!N26 -> 8.6270762 | G12: =SUM(D12:F12) -> 58.601989
C13: =C12+1 -> 2026 | D13: ='Avoided emissions'!$B$26*'Externality values'!G22 -> 18.451576 | E13: ='Avoided emissions'!O44/2000*'Externality values'!L27 -> 33.020527 | F13: ='Avoided emissions'!P44/2000*'Externality values'!N27 -> 8.8251423 | G13: =SUM(D13:F13) -> 60.297245
C14: =C13+1 -> 2027 | D14: ='Avoided emissions'!$B$26*'Externality values'!G23 -> 19.186767 | E14: ='Avoided emissions'!O45/2000*'Externality values'!L28 -> 34.280757 | F14: ='Avoided emissions'!P45/2000*'Externality values'!N28 -> 8.9886276 | G14: =SUM(D14:F14) -> 62.456151
C15: =C14+1 -> 2028 | D15: ='Avoided emissions'!$B$26*'Externality values'!G24 -> 19.962659 | E15: ='Avoided emissions'!O46/2000*'Externality values'!L29 -> 35.97514 | F15: ='Avoided emissions'!P46/2000*'Externality values'!N29 -> 9.2281508 | G15: =SUM(D15:F15) -> 65.16595
C16: =C15+1 -> 2029 | D16: ='Avoided emissions'!$B$26*'Externality values'!G25 -> 20.742865 | E16: ='Avoided emissions'!O47/2000*'Externality values'!L30 -> 36.772649 | F16: ='Avoided emissions'!P47/2000*'Externality values'!N30 -> 9.4194855 | G16: =SUM(D16:F16) -> 66.935
C17: =C16+1 -> 2030 | D17: ='Avoided emissions'!$B$26*'Externality values'!G26 -> 21.565722 | E17: ='Avoided emissions'!O48/2000*'Externality values'!L31 -> 37.508102 | F17: ='Avoided emissions'!P48/2000*'Externality values'!N31 -> 9.6078752 | G17: =SUM(D17:F17) -> 68.6817
C18: Total 2020-2030, per EV | G18: =SUM(G7:G17) -> 647.88811
A20: High end | B20: Highest avoided emission * high end of externality range | C20: =C7 -> 2020 | D20: ='Avoided emissions'!$B$31*'Externality values'!H16 -> 244.42147 | E20: ='Avoided emissions'!O38/2000*'Externality values'!M21 -> 80.052533 | F20: ='Avoided emissions'!P38/2000*'Externality values'!O21 -> 19.292137 | G20: =SUM(D20:F20) -> 343.76614
C21: =C8 -> 2021 | D21: ='Avoided emissions'!$B$31*'Externality values'!H17 -> 254.59438 | E21: ='Avoided emissions'!O39/2000*'Externality values'!M22 -> 82.292777 | F21: ='Avoided emissions'!P39/2000*'Externality values'!O22 -> 19.721291 | G21: =SUM(D21:F21) -> 356.60845
C22: =C9 -> 2022 | D22: ='Avoided emissions'!$B$31*'Externality values'!H18 -> 265.07644 | E22: ='Avoided emissions'!O40/2000*'Externality values'!M23 -> 84.003368 | F22: ='Avoided emissions'!P40/2000*'Externality values'!O23 -> 20.130443 | G22: =SUM(D22:F22) -> 369.21025
C23: =C10 -> 2023 | D23: ='Avoided emissions'!$B$31*'Externality values'!H19 -> 275.87594 | E23: ='Avoided emissions'!O41/2000*'Externality values'!M24 -> 84.952388 | F23: ='Avoided emissions'!P41/2000*'Externality values'!O24 -> 20.45795 | G23: =SUM(D23:F23) -> 381.28627
C24: =C11 -> 2024 | D24: ='Avoided emissions'!$B$31*'Externality values'!H20 -> 287.00138 | E24: ='Avoided emissions'!O42/2000*'Externality values'!M25 -> 88.936547 | F24: ='Avoided emissions'!P42/2000*'Externality values'!O25 -> 21.035639 | G24: =SUM(D24:F24) -> 396.97357
C25: =C12 -> 2025 | D25: ='Avoided emissions'!$B$31*'Externality values'!H21 -> 298.4615 | E25: ='Avoided emissions'!O43/2000*'Externality values'!M26 -> 92.241348 | F25: ='Avoided emissions'!P43/2000*'Externality values'!O26 -> 21.550116 | G25: =SUM(D25:F25) -> 412.25296
C26: =C13 -> 2026 | D26: ='Avoided emissions'!$B$31*'Externality values'!H22 -> 310.26522 | E26: ='Avoided emissions'!O44/2000*'Externality values'!M27 -> 94.431528 | F26: ='Avoided emissions'!P44/2000*'Externality values'!O27 -> 22.044878 | G26: =SUM(D26:F26) -> 426.74163
C27: =C14 -> 2027 | D27: ='Avoided emissions'!$B$31*'Externality values'!H23 -> 322.48783 | E27: ='Avoided emissions'!O45/2000*'Externality values'!M28 -> 98.035512 | F27: ='Avoided emissions'!P45/2000*'Externality values'!O28 -> 22.453258 | G27: =SUM(D27:F27) -> 442.9766
C28: =C15 -> 2028 | D28: ='Avoided emissions'!$B$31*'Externality values'!H24 -> 335.00779 | E28: ='Avoided emissions'!O46/2000*'Externality values'!M29 -> 102.88108 | F28: ='Avoided emissions'!P46/2000*'Externality values'!O29 -> 23.051578 | G28: =SUM(D28:F28) -> 460.94045
C29: =C16 -> 2029 | D29: ='Avoided emissions'!$B$31*'Externality values'!H25 -> 347.89955 | E29: ='Avoided emissions'!O47/2000*'Externality values'!M30 -> 105.16178 | F29: ='Avoided emissions'!P47/2000*'Externality values'!O30 -> 23.529525 | G29: =SUM(D29:F29) -> 476.59086
C30: =C17 -> 2030 | D30: ='Avoided emissions'!$B$31*'Externality values'!H26 -> 361.17298 | E30: ='Avoided emissions'!O48/2000*'Externality values'!M31 -> 107.26502 | F30: ='Avoided emissions'!P48/2000*'Externality values'!O31 -> 24.000115 | G30: =SUM(D30:F30) -> 492.43812
C31: Total 2020-2030, per EV | G31: =SUM(G20:G30) -> 4559.7853

Sheet Participant Bens
B1: EV Home Service Participant Benefit Analysis
B3: Benefits
B4: Annual Miles Traveled | C4: (A) | D4: ='Participant Assump'!B5 -> 12933.17 | E4: 1
B5: Average ICE Fuel Efficiency (MPG) | C5: (B) | D5: ='Participant Assump'!B4 -> 24.2 | E5: 2
B6: Average Fuel Price / Gallon of Gas | C6: ( C) | D6: ='Participant Assump'!B9 -> 3.326 | E6: 3
B7: Avoided ICE Fuel Costs | C7: (D = A / B * C) | D7: =(D4/D5)*D6 -> 1777.5092
B8: Annual Miles Traveled | C8: ( E) | D8: ='Participant Assump'!B5 -> 12933.17 | E8: 4
B9: Average Maintenance Cost / Mile for ICE | C9: (F) | D9: ='Participant Assump'!B10 -> 0.1506 | E9: 5
B10: Avoided ICE Maintenance Costs | C10: (G = E * F) | D10: =D8*D9 -> 1947.7354
B11: Total Benefit | C11: (H = D + G) | D11: =SUM(D7,D10) -> 3725.2446
B13: Costs
B14: EV Home Charging Costs | C14: (I) | D14: ='Participant Assump'!B12 -> 452.44897
B15: Annual Miles Traveled | C15: (J) | D15: ='Participant Assump'!B5 -> 12933.17 | E15: 6
B16: Average Maintenance Cost / Mile for EV | C16: (K) | D16: ='Participant Assump'!B11 -> 0.0919 | E16: 7
B17: EV Maintenance Costs | C17: (L = J * K) | D17: =D15*D16 -> 1188.5583
B18: Total Costs | C18: (M = I + L) | D18: =SUM(D14,D17) -> 1641.0073
B20: Annual Participant Cost Benefit | C20: (N = H - M) | D20: =D11-D18 -> 2084.2373
A23: 1 | B23: Based on blended forecast of national driving data and actual usage experienced on the Company’s Residential Electric Vehicle Service.
A24: 2 | B24: Alternative Fuels Data Center. 2018. "Average Fuel Economy of Major Vehicle Categories." Retrieved 7/2/19: https://afdc.energy.gov/data/10310
A25: 3 | B25: U.S. Energy Information Administration. 2019. "Weekly Retail Gasoline and Diesel Prices." Retrieved 7/2/19: https://www.eia.gov/dnav/pet/PET_PRI_GND_A_EPMRU_PTE_DPGAL_W.htm
A26: 4 | B26: Based on blended forecast of national driving data and actual usage experienced on the Company’s Residential Electric Vehicle Service
A27: 5 | B27: AAA Exchange. 2018. "Your Driving Costs. How much are you really paying to drive? 2018 Edition." Retrieved 7/24/19: https://exchange.aaa.com/wp-content/uploads/2018/09/18-0090_2018-Your-Driving-Costs-Brochure_FNL-Lo-5-2.pdf
A28: 6 | B28: Based on blended forecast of national driving data and actual usage experienced on the Company’s Residential Electric Vehicle Service
A29: 7 | B29: AAA Exchange. 2018. "Your Driving Costs. How much are you really paying to drive? 2018 Edition." Retrieved 7/24/19: https://exchange.aaa.com/wp-content/uploads/2018/09/18-0090_2018-Your-Driving-Costs-Brochure_FNL-Lo-5-2.pdf

Sheet MN TEP CBA (2024)
B1: TEP Inputs | K1: 2024 ARR Values | M1: Gasoline Cost | N1: Gasoline Externalities | O1: Diesel Cost | P1: Diesel Externalities | Q1: Societal Carbon Benefit | R1: Utility T&D | S1: Societal T&D | T1: Utility Generation | U1: Societal Generation | V1: Utility Marginal Energy | W1: Societal Marginal Energy | X1: Electric Environmental externalities | Y1: RIM Bill Reduction | Z1: Participant Bill Reduction | AA1: Electric Carbon impact | AB1: Gasoline Carbon intensity | AC1: Gasoline Source energy conversion | AD1: Diesel Carbon intensity | AE1: Diesel Source energy conversion | AF1: Societal Discount Rate
B2: Product Lifetime | C2: kWh Savings (EV kWh) | D2: Peak kW Savings | E2: Gasoline Savings (gallons) | F2: Diesel Savings (gallons) | G2: O&M Savings | H2: Rebates | I2: EV Incremental Cost | L2: 1 | M2: 3.41544 | N2: 0.45121521 | O2: 4.20831 | P2: 0.51686405 | Q2: 0.45121521 | R2: 11.36 | S2: 11.36 | T2: 104.107 | U2: 104.107 | V2: 0.031834926 | W2: 0.031834926 | X2: 0.013716964 | Y2: 0.14701659 | Z2: 0.14701659 | AA2: 0.59561286 | AB2: 19.592497 | AC2: 120286 | AD2: 22.44 | AF2: 0.033 | AI2: Electric Vehicles | AL2: Transportation Electrification Plan | AP2: 2024 | AQ2: GOAL
A3: LD EVs | B3: 10 | C3: =-1*'Participant Assump'!B6 -> -3801.8923 | D3: =C3/8760*'Participant Assump'!B8 -> -0.53402916 | E3: ='Participant Assump'!B5/'Participant Assump'!B4 -> 534.42851 | F3: 0 | G3: ='Participant Assump'!B5*('Participant Assump'!B10-'Participant Assump'!B11) -> 759.17708 | H3: 0 | I3: ='Participant Assump'!B13 -> 17000 | L3: 2 | M3: 6.7763255 | N3: 0.89655097 | O3: 8.3494011 | P3: 1.0269932 | Q3: 0.89655097 | R3: 22.393854 | S3: 22.616027 | T3: 204.52906 | U3: 206.55111 | V3: 0.074632466 | W3: 0.07557327 | X3: 0.022643014 | Y3: 0.2885669 | Z3: 0.29167855 | AA3: 0.98831342 | AI3: 2024 Net Present Cost Benefit Summary Analysis For All Participants Benefits (Positive Values) Costs (Negative Values)
A4: EBus | B4: 10 | C4: =-1*'Participant Assump'!B16 -> -7500 | D4: =C4/8760*'Participant Assump'!B17 -> -1.0534803 | E4: 0 | F4: ='Participant Assump'!B15/'Participant Assump'!B14 -> 2500 | G4: ='Participant Assump'!B15*('Participant Assump'!B20-'Participant Assump'!B21) -> 5835 | H4: 0 | I4: ='Participant Assump'!B22 -> 250000 | L4: 3 | M4: 10.083528 | N4: 1.3359224 | O4: 12.424347 | P4: 1.5302904 | Q4: 1.3359224 | R4: 33.111498 | S4: 33.769627 | T4: 301.39661 | U4: 307.35889 | V4: 0.11583551 | W4: 0.11860773 | X4: 0.031090204 | Y4: 0.42599476 | Z4: 0.43521488 | AA4: 1.3649914 | AL4: Electric Rate
L5: 4 | M5: 13.337905 | N5: 1.7693451 | O5: 16.434204 | P5: 2.0267731 | Q5: 1.7693451 | R5: 43.521994 | S5: 44.821732 | T5: 394.83546 | U5: 406.55648 | V5: 0.15457949 | W5: 0.15996338 | X5: 0.039180208 | Y5: 0.5590814 | Z5: 0.57727267 | AA5: 1.730693 | AJ5: Participant | AK5: Utility | AL5: Impact | AM5: Societal | AN5: Minnesota
L6: 5 | M6: 16.5403 | N6: 2.1966645 | O6: 20.380012 | P6: 2.5162648 | Q6: 2.1966645 | R6: 53.634143 | S6: 55.773267 | T6: 484.96698 | U6: 504.1696 | V6: 0.19036956 | W6: 0.19900579 | X6: 0.046675229 | Y6: 0.68707662 | Z6: 0.71689918 | AA6: 2.074338 | AJ6: Test | AK6: Test | AL6: Test | AM6: Test | AN6: Test
L7: 6 | M7: 19.691543 | N7: 2.6178284 | O7: 24.262795 | P7: 2.9987052 | Q7: 2.6178284 | R7: 63.456497 | S7: 66.625146 | T7: 571.90823 | U7: 600.22355 | V7: 0.22406241 | W7: 0.23656837 | X7: 0.053611062 | Y7: 0.80949701 | Z7: 0.85337994 | AA7: 2.3969922 | AJ7: ($Total) | AK7: ($Total) | AL7: ($Total) | AM7: ($Total) | AN7: ($Total)
B8: MN TEP Revenue Requirements | C8: 2024 | D8: 2025 | E8: 2026 | F8: 2027 | G8: Total | L8: 7 | M8: 22.792453 | N8: 3.032794 | O8: 28.083558 | P8: 3.4740455 | Q8: 3.032794 | R8: 72.99736 | S8: 77.378276 | T8: 655.77213 | U8: 694.74324 | V8: 0.25303648 | W8: 0.26958029 | X8: 0.058177886 | Y8: 0.92661055 | Z8: 0.98681448 | AA8: 2.6126137 | AI8: Electric System Impacts
B9: CAPEX | C9: ='TEP Filing Inputs'!E74 -> 9915209.7 | D9: ='TEP Filing Inputs'!E75 -> 16078387 | E9: ='TEP Filing Inputs'!E76 -> 3248081.6 | F9: ='TEP Filing Inputs'!E77 -> 4484372.3 | G9: =SUM(C9:F9) -> 33726051 | L9: 8 | M9: 25.843831 | N9: 3.4415274 | O9: 31.843292 | P9: 3.942247 | Q9: 3.4415274 | R9: 82.264799 | S9: 88.033555 | T9: 736.66761 | U9: 787.75318 | V9: 0.28058177 | W9: 0.3016542 | X9: 0.06247083 | Y9: 1.0394056 | Z9: 1.1181538 | AA9: 2.8183945 | AI9: TEP Program Costs (CapEx Revenue Requirements) | AJ9: N/A | AK9: =-C9 -> -9915209.7 | AL9: =AK9 -> -9915209.7 | AM9: =AL9 -> -9915209.7 | AN9: =AM9 -> -9915209.7
B10: O&M | C10: ='TEP Filing Inputs'!H32 -> 3796708.2 | D10: ='TEP Filing Inputs'!I32 -> 5681556.6 | E10: ='TEP Filing Inputs'!J32 -> 3574045.4 | F10: ='TEP Filing Inputs'!K32 -> 4496479.5 | G10: =SUM(C10:F10) -> 17548790 | L10: 9 | M10: 28.84647 | N10: 3.8440033 | O10: 35.542972 | P10: 4.4032805 | Q10: 3.8440033 | R10: 91.26665 | S10: 98.591875 | T10: 814.69974 | U10: 879.27748 | V10: 0.30568663 | W10: 0.33152908 | X10: 0.066143975 | Y10: 1.148102 | Z10: 1.2475028 | AA10: 2.9972029 | AI10: Generation Capacity | AJ10: N/A | AK10: {=INDEX($T$2:$T$21,$B$3)*$AQ$24} -> -6882979 | AL10: =AK10 -> -6882979 | AM10: {=INDEX($U$2:$U$21,$B$3)*$AQ$24} -> -7496822.5 | AN10: =AM10 -> -7496822.5
B11: Total | C11: =SUM(C9:C10) -> 13711918 | D11: =SUM(D9:D10) -> 21759944 | E11: =SUM(E9:E10) -> 6822126.9 | F11: =SUM(F9:F10) -> 8980851.8 | G11: =SUM(C11:F11) -> 51274841 | L11: 10 | M11: 31.801149 | N11: 4.2402045 | O11: 39.183558 | P11: 4.8571263 | Q11: 4.2402045 | R11: 100.01052 | S11: 109.05412 | T11: 889.96986 | U11: 969.33988 | V11: 0.33235756 | W11: 0.36396527 | X11: 0.071218445 | Y11: 1.2528724 | Z11: 1.3749208 | AA11: 3.2481399 | AI11: Transmission and Distribution Capacity | AJ11: N/A | AK11: {=INDEX($R$2:$R$21,$B$3)*$AQ$24} -> -773476.02 | AL11: =AK11 -> -773476.02 | AM11: {=INDEX($S$2:$S$21,$B$3)*$AQ$24} -> -843418.67 | AN11: =AM11 -> -843418.67
L12: 11 | M12: 34.708632 | N12: 4.630121 | O12: 42.765993 | P12: 5.3037731 | Q12: 4.630121 | R12: 108.50381 | S12: 119.42116 | T12: 962.57574 | U12: 1057.9637 | V12: 0.35761937 | W12: 0.39536312 | X12: 0.076575467 | Y12: 1.353922 | Z12: 1.5005151 | AA12: 3.5173191 | AI12: Energy Generation | AJ12: N/A | AK12: {=INDEX($V$2:$V$21,$B$3)*$AQ$26} -> -17991735 | AL12: =AK12 -> -17991735 | AM12: {=INDEX($W$2:$W$21,$B$3)*$AQ$26} -> -19702777 | AN12: =AM12 -> -19702777
B13: Incremental EVs | C13: ='TEP Filing Inputs'!C57-'TEP Filing Inputs'!C56 -> 13099 | D13: ='TEP Filing Inputs'!C58-'TEP Filing Inputs'!C57 -> 14310 | E13: ='TEP Filing Inputs'!C59-'TEP Filing Inputs'!C58 -> 18832 | F13: ='TEP Filing Inputs'!C60-'TEP Filing Inputs'!C59 -> 24738 | G13: =SUM(C13:F13) -> 70979 | L13: 12 | M13: 37.569675 | N13: 5.0137501 | O13: 46.291207 | P13: 5.7432178 | Q13: 5.0137501 | R13: 116.7537 | S13: 129.69386 | T13: 1032.6117 | U13: 1145.172 | V13: 0.38311589 | W13: 0.42774929 | X13: 0.08260957 | Y13: 1.4512926 | Z13: 1.6241972 | AA13: 3.8254896 | AI13: Market Effects and Ancillary Services | AJ13: N/A | AK13: =SUM(AK10:AK12)*0.02 -> -512963.8 | AL13: =AK13 -> -512963.8 | AM13: =SUM(AM10:AM12)*0.02 -> -560860.36 | AN13: =AM13 -> -560860.36
B14: School Bus Participants | C14: 0 | D14: 0 | E14: 2 | F14: 0 | G14: =SUM(C14:F14) -> 2 | L14: 13 | M14: 40.385018 | N14: 5.3910956 | O14: 49.760112 | P14: 6.1754646 | Q14: 5.3910956 | R14: 124.76716 | S14: 139.87308 | T14: 1100.1687 | U14: 1230.9873 | V14: 0.40683112 | W14: 0.45853504 | X14: 0.088116683 | Y14: 1.5452214 | Z14: 1.7461301 | AA14: 4.1114294 | AI14: Subtotal | AJ14: N/A | AK14: =SUM(AK9:AK13) -> -36076364 | AL14: =SUM(AL9:AL13) -> -36076364 | AM14: =SUM(AM9:AM13) -> -38519088 | AN14: =SUM(AN9:AN13) -> -38519088
B15: EVSI Program Participants | C15: 756 | D15: 1352 | E15: 1902 | F15: 2652 | G15: =SUM(C15:F15) -> 6662 | L15: 14 | M15: 43.155393 | N15: 5.7621675 | O15: 53.173609 | P15: 6.6005249 | Q15: 5.7621675 | R15: 132.55097 | S15: 149.95967 | T15: 1165.3344 | U15: 1315.4318 | V15: 0.42962186 | W15: 0.48877104 | X15: 0.093078761 | Y15: 1.6359587 | Z15: 1.8665094 | AA15: 4.3734258
B16: EVSE Program Participants | C16: 605 | D16: 1082 | E16: 1383 | F16: 2040 | G16: =SUM(C16:F16) -> 5110 | L16: 15 | M16: 45.881516 | N16: 6.1269814 | O16: 56.532583 | P16: 7.0184168 | Q16: 6.1269814 | R16: 140.11172 | S16: 159.95448 | T16: 1228.1936 | U16: 1398.5276 | V16: 0.45157573 | W16: 0.51853704 | X16: 0.097815571 | Y16: 1.7234196 | Z16: 1.9850926 | AA16: 4.6278183
B17: Participation Rate | C17: =(C15+C16)/C13 -> 0.10390106 | D17: =(D15+D16)/D13 -> 0.17009085 | E17: =(E15+E16)/E13 -> 0.17443713 | F17: =(F15+F16)/F13 -> 0.18966772 | G17: =(G15+G16)/G13 -> 0.16585187 | L17: 16 | M17: 48.564096 | N17: 6.4856187 | O17: 59.837904 | P17: 7.4292335 | Q17: 6.4856187 | R17: 147.45578 | S17: 169.85834 | T17: 1288.8278 | U17: 1480.296 | V17: 0.47238757 | W17: 0.54737493 | X17: 0.10238452 | Y17: 1.8069677 | Z17: 2.100861 | AA17: 4.877422
B18: TOU Off-Peak rate ($/kWh) | C18: 0.0417 | L18: 17 | M18: 51.203827 | N18: 6.8380435 | O18: 63.090429 | P18: 7.8329338 | Q18: 6.8380435 | R18: 154.58937 | S18: 179.67208 | T18: 1347.3158 | U18: 1560.7584 | V18: 0.49208562 | W18: 0.57526951 | X18: 0.10705963 | Y18: 1.8870916 | Z18: 2.2143251 | AA18: 5.1373273
B19: Flat rate ($/kWh) | C19: =(4*0.10301+8*0.08803)/12 -> 0.093023333 | D19: Summer/non-summer blended | L19: 18 | M19: 53.801393 | N19: 7.1842866 | O19: 66.291002 | P19: 8.229553 | Q19: 7.1842866 | R19: 161.51853 | S19: 189.39652 | T19: 1403.7336 | U19: 1639.9356 | V19: 0.51170885 | W19: 0.60366899 | X19: 0.11165372 | Y19: 1.9644403 | Z19: 2.326267 | AA19: 5.397288 | AP19: Beneficial Electrification Impacts
B20: Off-peak/Flate rate ratio | C20: =C18/C19 -> 0.44827463 | L20: 19 | M20: 56.357469 | N20: 7.5243835 | O20: 69.440453 | P20: 8.6191317 | Q20: 7.5243835 | R20: 168.24912 | S20: 199.03246 | T20: 1458.1545 | U20: 1717.8481 | V20: 0.52991289 | W20: 0.63059373 | X20: 0.11587826 | Y20: 2.0388745 | Z20: 2.4363591 | AA20: 5.6406578 | AP20: Lifetime (Weighted on Generator kWh) | AQ20: =B3 -> 10
L21: 20 | M21: 58.872717 | N21: 7.8583734 | O21: 72.539598 | P21: 9.001715 | Q21: 7.8583734 | R21: 174.78681 | S21: 208.58073 | T21: 1510.6491 | U21: 1794.5161 | V21: 0.54755679 | W21: 0.65726364 | X21: 0.11980346 | Y21: 2.1101256 | Z21: 2.5440598 | AA21: 5.870918 | AI21: Environmental Externalities and Non-Energy Impacts
AI22: Electric Environmental Externalities | AJ22: N/A | AK22: N/A | AL22: N/A | AM22: {=INDEX($X$2:$X$21,$B$3)*$AQ$26} -> -3855316 | AN22: =AM22 -> -3855316 | AP22: T & D Loss Factor (Energy) | AQ22: 0.087
AI23: Gas Environmental Externalities | AJ23: N/A | AK23: N/A | AL23: N/A | AM23: 0 | AN23: 0 | AP23: T & D Loss Factor (Demand) | AQ23: 0.1056
K24: 2025 ARR Values | M24: Gasoline Cost | N24: Gasoline Externalities | O24: Diesel Cost | P24: Diesel Externalities | Q24: Societal Carbon Benefit | R24: Utility T&D | S24: Societal T&D | T24: Utility Generation | U24: Societal Generation | V24: Utility Marginal Energy | W24: Societal Marginal Energy | X24: Electric Environmental externalities | Y24: RIM Bill Reduction | Z24: Participant Bill Reduction | AA24: Electric Carbon impact | AB24: Gasoline Carbon intensity | AC24: Gasoline Source energy conversion | AD24: Diesel Carbon intensity | AE24: Diesel Source energy conversion | AF24: Societal Discount Rate | AI24: Other Fuels Environmental Externalities | AJ24: N/A | AK24: N/A | AL24: N/A | AM24: {=INDEX($N$2:$N$21,$B$3)*$AQ$27+INDEX($P$2:$P$21,$B$3)*$AQ$28} -> 29683463 | AN24: =AM24 -> 29683463 | AP24: System Coincident kW Saved at Generator | AQ24: =D3*(1+AQ23)*C13+D4*(1+AQ23)*C14 -> -7733.9462
L25: 1 | M25: 3.41544 | N25: 0.46003183 | O25: 4.2777471 | P25: 0.52696344 | Q25: 0.45121521 | R25: 11.627476 | S25: 11.627476 | T25: 105.82477 | U25: 105.82477 | V25: 0.045230965 | W25: 0.045230965 | X25: 0.009220609 | Y25: 0.14959872 | Z25: 0.14959872 | AA25: 0.39270055 | AB25: 19.592497 | AC25: 120286 | AD25: 22.44 | AF25: 0.033 | AI25: Electric Non-Energy Benefits | AJ25: N/A | AK25: N/A | AL25: N/A | AM25: 0 | AN25: 0 | AP25: Annual kWh Saved at Customer | AQ25: =C3*C13+C4*C14 -> -49800987
L26: 2 | M26: 6.7763255 | N26: 0.91390256 | O26: 8.4871662 | P26: 1.0468694 | Q26: 0.89655097 | R26: 22.921729 | S26: 23.149144 | T26: 207.90379 | U26: 209.9592 | V26: 0.088776778 | W26: 0.089734031 | X26: 0.017946557 | Y26: 0.29484059 | Z26: 0.29803339 | AA26: 0.76937854 | AI26: Gas Non-Energy Benefits | AJ26: N/A | AK26: N/A | AL26: N/A | AM26: 0 | AN26: 0 | AP26: Annual kWh Saved at Generator | AQ26: =AQ25*(1+AQ22) -> -54133673
L27: 3 | M27: 10.083528 | N27: 1.3616281 | O27: 12.629349 | P27: 1.5597361 | Q27: 1.3359224 | R27: 33.892309 | S27: 34.565969 | T27: 306.36965 | U27: 312.43031 | V27: 0.1297237 | W27: 0.13250098 | X27: 0.02630353 | Y27: 0.4354944 | Z27: 0.44493907 | AA27: 1.1350802 | AI27: Other Fuels Benefits | AJ27: {=INDEX($M$2:$M$21,$B$3)*$AQ$27+INDEX($O$2:$O$21,$B$3)*$AQ$28} -> 2.2262328e+08 | AK27: N/A | AL27: N/A | AM27: =AJ27 -> 2.2262328e+08 | AN27: =AJ27 -> 2.2262328e+08 | AP27: Annual Gallons of Gasoline Saved | AQ27: =E3*C13 -> 7000479.1
L28: 4 | M28: 13.337905 | N28: 1.8030491 | O28: 16.705369 | P28: 2.0653809 | Q28: 1.7693451 | R28: 44.548492 | S28: 45.878905 | T28: 401.35025 | U28: 413.26466 | V28: 0.16754876 | W28: 0.17287577 | X28: 0.034045887 | Y28: 0.5707673 | Z28: 0.58933049 | AA28: 1.4787251 | AI28: Utility Performance Incentives | AJ28: N/A | AK28: 0 | AL28: 0 | AM28: 0 | AN28: 0 | AP28: Annual Gallons of Diesel Saved | AQ28: =F4*C14 -> 0
L29: 5 | M29: 16.5403 | N29: 2.2381115 | O29: 20.716283 | P29: 2.5637419 | Q29: 2.1966645 | R29: 54.899289 | S29: 57.088896 | T29: 492.96893 | U29: 512.48839 | V29: 0.20315735 | W29: 0.21172021 | X29: 0.041210603 | Y29: 0.70014841 | Z29: 0.73046882 | AA29: 1.8013793 | AI29: Utility Non-Energy Benefits | AJ29: N/A | AK29: 0 | AL29: 0 | AM29: 0 | AN29: 0 | AP29: Incremental Evs | AQ29: =C13 -> 13099
L30: 6 | M30: 19.691543 | N30: 2.6667709 | O30: 24.663131 | P30: 3.0547685 | Q30: 2.6178284 | R30: 64.95345 | S30: 68.196879 | T30: 581.34471 | U30: 610.12724 | V30: 0.23377886 | W30: 0.2458587 | X30: 0.045928132 | Y30: 0.8239209 | Z30: 0.86845697 | AA30: 2.0170008 | AI30: Subtotal | AJ30: =SUM(AJ22:AJ29) -> 2.2262328e+08 | AK30: =SUM(AK22:AK29) -> 0 | AL30: =SUM(AL22:AL29) -> 0 | AM30: =SUM(AM22:AM29) -> 2.4845142e+08 | AN30: =SUM(AN22:AN29) -> 2.4845142e+08 | AP30: Incremental EBuss | AQ30: =C14 -> 0
L31: 7 | M31: 22.792453 | N31: 3.0889925 | O31: 28.546936 | P31: 3.5384205 | Q31: 3.032794 | R31: 74.719477 | S31: 79.203782 | T31: 666.59237 | U31: 706.2065 | V31: 0.26289034 | W31: 0.27902718 | X31: 0.050362743 | Y31: 0.94312936 | Z31: 1.0042784 | AA31: 2.2227816 | AI31: Participant Impacts
L32: 8 | M32: 25.843831 | N32: 3.5047501 | O32: 32.368706 | P32: 4.0146682 | Q32: 3.4415274 | R32: 84.205628 | S32: 90.110527 | T32: 748.82262 | U32: 800.75111 | V32: 0.28942265 | W32: 0.30992157 | X32: 0.054157102 | Y32: 1.0580061 | Z32: 1.1380416 | AA32: 2.40159 | AI32: Electric Bill | AJ32: {=(INDEX($Z$2:$Z$21,$B$3)*$AQ$26)*(1-C17)+(INDEX($Z$2:$Z$21,$B$3)*$AQ$26)*(C17)*C20} -> -70162850 | AK32: N/A | AL32: {=(INDEX($Y$2:$Y$21,$B$3)*$AQ$26*-1)*(1-C17)+(INDEX($Y$2:$Y$21,$B$3)*$AQ$26*-1)*C17*C20} -> 63934664 | AM32: N/A | AN32: N/A | AP32: First year Carbon Emissions Reductions
L33: 9 | M33: 28.84647 | N33: 3.9140259 | O33: 36.129431 | P33: 4.4834909 | Q33: 3.8440033 | R33: 93.419923 | S33: 100.91802 | T33: 828.14228 | U33: 893.78556 | V33: 0.31761005 | W33: 0.34346468 | X33: 0.059399029 | Y33: 1.1687337 | Z33: 1.2698078 | AA33: 2.652527 | AI33: Gas Bill | AJ33: 0 | AK33: N/A | AL33: N/A | AM33: N/A | AN33: N/A
L34: 10 | M34: 31.801149 | N34: 4.3168097 | O34: 39.830087 | P34: 4.9448771 | Q34: 4.2402045 | R34: 102.37015 | S34: 111.62717 | T34: 904.65436 | U34: 985.33398 | V34: 0.34430823 | W34: 0.37593401 | X34: 0.064932833 | Y34: 1.2755289 | Z34: 1.3996882 | AA34: 2.9217063 | AI34: Participant Rebates and Incentives | AJ34: =-1*AK44 -> 0 | AK34: N/A | AL34: N/A | AM34: =AJ34 -> 0 | AN34: N/A
L35: 11 | M35: 34.708632 | N35: 4.7130986 | O35: 43.471632 | P35: 5.3988234 | Q35: 4.630121 | R35: 111.06388 | S35: 122.23887 | T35: 978.45824 | U35: 1075.4201 | V35: 0.37125445 | W35: 0.4094254 | X35: 0.071166061 | Y35: 1.3784359 | Z35: 1.5275911 | AA35: 3.2298767 | AI35: Incremental Capital | AJ35: =(I3*C13+I4*C14)*-1 -> -222683000 | AK35: N/A | AL35: N/A | AM35: =AJ35 -> -222683000 | AN35: N/A | AP35: Electric Electrification | AQ35: =$AA$2*$AQ$26/2000 -> -16121.356
L36: 12 | M36: 37.569675 | N36: 5.1028965 | O36: 47.055012 | P36: 5.8453343 | Q36: 5.0137501 | R36: 119.50847 | S36: 132.75401 | T36: 1049.6498 | U36: 1164.0673 | V36: 0.39631811 | W36: 0.44126175 | X36: 0.07685491 | Y36: 1.4777053 | Z36: 1.6536851 | AA36: 3.5158165 | AI36: Incremental O&M | AJ36: =PV(AF2,B3,-G3)*C13+PV(AF2,B4,-G4)*C14 -> 83544181 | AK36: N/A | AL36: N/A | AM36: =AJ36 -> 83544181 | AN36: N/A
L37: 13 | M37: 40.385018 | N37: 5.4862137 | O37: 50.581154 | P37: 6.2844216 | Q37: 5.3910956 | R37: 127.71105 | S37: 143.17346 | T37: 1118.3214 | U37: 1251.2985 | V37: 0.4204047 | W37: 0.47252959 | X37: 0.081980736 | Y37: 1.5736019 | Z37: 1.7781725 | AA37: 3.777813 | AI37: Subtotal | AJ37: =SUM(AJ32:AJ36) -> -2.0930167e+08 | AK37: N/A | AL37: =AL32 -> 63934664 | AM37: =SUM(AM34:AM36) -> -1.3913882e+08 | AN37: N/A | AP37: Other Fuel Electrification | AQ37: =AQ27*AB2/2000+AQ28*AD2/2000 -> 68578.434
L38: 14 | M38: 43.155393 | N38: 5.8630664 | O38: 54.050974 | P38: 6.716104 | Q38: 5.7621675 | R38: 135.67856 | S38: 153.4981 | T38: 1184.5624 | U38: 1337.1365 | V38: 0.44360685 | W38: 0.50331139 | X38: 0.08687386 | Y38: 1.6660357 | Z38: 1.9008025 | AA38: 4.0322055 | AI38: Utility Impacts | AP38: TOTAL | AQ38: =SUM(AQ35:AQ37) -> 52457.078
L39: 15 | M39: 45.881516 | N39: 6.2335388 | O39: 57.46537 | P39: 7.1404776 | Q39: 6.1269814 | R39: 143.41773 | S39: 163.72879 | T39: 1248.4588 | U39: 1421.6033 | V39: 0.46560203 | W39: 0.53313341 | X39: 0.091593588 | Y39: 1.7543343 | Z39: 2.0205216 | AA39: 4.2818091 | AI39: Utility Project Costs
L40: 16 | M40: 48.564096 | N40: 6.5975936 | O40: 60.825229 | P40: 7.5575 | Q40: 6.4856187 | R40: 150.93511 | S40: 173.86638 | T40: 1310.0934 | U40: 1504.7209 | V40: 0.4864201 | W40: 0.56197992 | X40: 0.096422976 | Y40: 1.839014 | Z40: 2.1378578 | AA40: 4.5417144 | AI40: TEP Program Costs (O&M Revenue Requirements) | AJ40: N/A | AK40: =C10 -> 3796708.2 | AL40: =AK40 -> 3796708.2 | AM40: =AL40 -> 3796708.2 | AN40: =AM40 -> 3796708.2 | AP40: Lifetime Carbon Emissions Reductions
L41: 17 | M41: 51.203827 | N41: 6.9552628 | O41: 64.131421 | P41: 7.9672077 | Q41: 6.8380435 | R41: 158.23706 | S41: 183.91172 | T41: 1369.5465 | U41: 1586.5109 | V41: 0.50715908 | W41: 0.59134857 | X41: 0.10116867 | Y41: 1.9207606 | Z41: 2.2536199 | AA41: 4.8016751 | AI41: Project Administration | AJ41: N/A | AK41: =C7*-1 -> 0 | AL41: =AK41 -> 0 | AM41: =AL41 -> 0 | AN41: =AM41 -> 0
L42: 18 | M42: 53.801393 | N42: 7.3065828 | O42: 67.384804 | P42: 8.3696425 | Q42: 7.1842866 | R42: 165.32975 | S42: 193.86566 | T42: 1426.8952 | U42: 1666.9945 | V42: 0.52639819 | W42: 0.61919214 | X42: 0.10553262 | Y42: 1.9994271 | Z42: 2.3674689 | AA42: 5.0450449 | AI42: Advertising & Promotion | AJ42: N/A | AK42: =D7*-1 -> 0 | AL42: =AK42 -> 0 | AM42: =AL42 -> 0 | AN42: =AM42 -> 0
L43: 19 | M43: 56.357469 | N43: 7.6515944 | O43: 70.586221 | P43: 8.764851 | Q43: 7.5243835 | R43: 172.21917 | S43: 203.72901 | T43: 1482.214 | U43: 1746.1926 | V43: 0.5450453 | W43: 0.64677219 | X43: 0.10958735 | Y43: 2.0747295 | Z43: 2.4788451 | AA43: 5.2753051 | AI43: Measurement & Verification | AJ43: N/A | AK43: =E7*-1 -> 0 | AL43: =AK43 -> 0 | AM43: =AL43 -> 0 | AN43: =AM43 -> 0 | AP43: Electric Electrification | AQ43: {=INDEX($AA$2:$AA$21,$B$3)*$AQ$26/2000} -> -87916.871
L44: 20 | M44: 58.872717 | N44: 7.9903419 | O44: 73.736501 | P44: 9.1528841 | Q44: 7.8583734 | R44: 178.91116 | S44: 213.50261 | T44: 1535.5748 | U44: 1824.1256 | V44: 0.56345984 | W44: 0.67460698 | X44: 0.11375397 | Y44: 2.1468634 | Z44: 2.5878803 | AA44: 5.5162941 | AI44: Rebates | AJ44: N/A | AK44: =-H3*C15 -> 0 | AL44: =AK44 -> 0 | AM44: =AL44 -> 0 | AN44: =AM44 -> 0
AI45: Other | AJ45: N/A | AK45: =F7*-1 -> 0 | AL45: =AK45 -> 0 | AM45: =AL45 -> 0 | AN45: =AM45 -> 0 | AP45: Other Fuel Electrification | AQ45: =AQ27*AB2*B3/2000+AQ28*AD2*B4/2000 -> 685784.34
AI46: Subtotal | AJ46: N/A | AK46: =SUM(AK40:AK45) -> 3796708.2 | AL46: =SUM(AL40:AL45) -> 3796708.2 | AM46: =SUM(AM40:AM45) -> 3796708.2 | AN46: =SUM(AN40:AN45) -> 3796708.2 | AP46: TOTAL | AQ46: =SUM(AQ43:AQ45) -> 597867.46
K48: 2026 ARR Values | M48: Gasoline Cost | N48: Gasoline Externalities | O48: Diesel Cost | P48: Diesel Externalities | Q48: Societal Carbon Benefit | R48: Utility T&D | S48: Societal T&D | T48: Utility Generation | U48: Societal Generation | V48: Utility Marginal Energy | W48: Societal Marginal Energy | X48: Electric Environmental externalities | Y48: RIM Bill Reduction | Z48: Participant Bill Reduction | AA48: Electric Carbon impact | AB48: Gasoline Carbon intensity | AC48: Gasoline Source energy conversion | AD48: Diesel Carbon intensity | AE48: Diesel Source energy conversion | AF48: Societal Discount Rate | AI48: Benefits | AJ48: =SUMIF(AJ10:AJ13,">0")+SUMIF(AJ16:AJ19,">0")+SUMIF(AJ22:AJ29,">0")+SUMIF(AJ32:AJ36,">0")+SUMIF(AJ40:AJ45,">0") -> 3.0616746e+08 | AK48: =SUMIF(AK10:AK13,">0")+SUMIF(AK16:AK19,">0")+SUMIF(AK22:AK29,">0")+SUMIF(AK32:AK36,">0")+SUMIF(AK40:AK45,">0") -> 3796708.2 | AL48: =SUMIF(AL10:AL13,">0")+SUMIF(AL16:AL19,">0")+SUMIF(AL22:AL29,">0")+SUMIF(AL32:AL36,">0")+SUMIF(AL40:AL45,">0") -> 67731372 | AM48: =SUMIF(AM10:AM13,">0")+SUMIF(AM16:AM19,">0")+SUMIF(AM22:AM29,">0")+SUMIF(AM32:AM36,">0")+SUMIF(AM40:AM45,">0") -> 3.3964763e+08 | AN48: =SUMIF(AN10:AN13,">0")+SUMIF(AN16:AN19,">0")+SUMIF(AN22:AN29,">0")+SUMIF(AN32:AN36,">0")+SUMIF(AN40:AN45,">0") -> 2.5610345e+08
L49: 1 | M49: 3.5290794 | N49: 0.46884846 | O49: 4.3483299 | P49: 0.53706282 | Q49: 0.45121521 | R49: 11.901884 | S49: 11.901884 | T49: 107.57087 | U49: 107.57087 | V49: 0.046021785 | W49: 0.046021785 | X49: 0.0090139042 | Y49: 0.04 | Z49: 0.04 | AA49: 0.37667798 | AB49: 19.592497 | AC49: 120286 | AD49: 22.44 | AF49: 0.033 | AI49: Costs | AJ49: =SUMIF(AJ10:AJ13,"<0")+SUMIF(AJ16:AJ19,"<0")+SUMIF(AJ22:AJ29,"<0")+SUMIF(AJ32:AJ36,"<0")+SUMIF(AJ40:AJ45,"<0") -> -2.9284585e+08 | AK49: =SUMIF(AK10:AK13,"<0")+SUMIF(AK16:AK19,"<0")+SUMIF(AK22:AK29,"<0")+SUMIF(AK32:AK36,"<0")+SUMIF(AK40:AK45,"<0") -> -26161154 | AL49: =SUMIF(AL10:AL13,"<0")+SUMIF(AL16:AL19,"<0")+SUMIF(AL22:AL29,"<0")+SUMIF(AL32:AL36,"<0")+SUMIF(AL40:AL45,"<0") -> -26161154 | AM49: =SUMIF(AM10:AM13,"<0")+SUMIF(AM16:AM19,"<0")+SUMIF(AM22:AM29,"<0")+SUMIF(AM32:AM36,"<0")+SUMIF(AM40:AM45,"<0") -> -2.5514219e+08 | AN49: =SUMIF(AN10:AN13,"<0")+SUMIF(AN16:AN19,"<0")+SUMIF(AN22:AN29,"<0")+SUMIF(AN32:AN36,"<0")+SUMIF(AN40:AN45,"<0") -> -32459194
L50: 2 | M50: 7.0017891 | N50: 0.93134899 | O50: 8.6272045 | P50: 1.0668541 | Q50: 0.89655097 | R50: 23.462681 | S50: 23.695464 | T50: 211.3342 | U50: 213.42353 | V50: 0.089296904 | W50: 0.090248207 | X50: 0.017646658 | Y50: =Y3*$Y$49/$Y$2 -> 0.078512743 | Z50: =Z3*$Z$49/$Z$2 -> 0.079359356 | AA50: 0.74237962 | AI50: Net Benefit (Cost) | AJ50: =AJ48+AJ49 -> 13321607 | AK50: =AK48+AK49 -> -22364446 | AL50: =AL48+AL49 -> 41570218 | AM50: =AM48+AM49 -> 84505434 | AN50: =AN48+AN49 -> 2.2364425e+08
L51: 3 | M51: 10.41903 | N51: 1.3873369 | O51: 12.837733 | P51: 1.5891853 | Q51: 1.3359224 | R51: 34.692167 | S51: 35.381726 | T51: 311.42475 | U51: 317.58541 | V51: 0.12927266 | W51: 0.13200083 | X51: 0.025644512 | Y51: =Y4*$Y$49/$Y$2 -> 0.11590386 | Z51: =Z4*$Z$49/$Z$2 -> 0.11841245 | AA51: 1.0860246 | AI51: Benefit/Cost Ratio | AJ51: =ABS(AJ48/AJ49) -> 1.0454902 | AK51: =ABS(AK48/AK49) -> 0.1451277 | AL51: =ABS(AL48/AL49) -> 2.5890055 | AM51: =ABS(AM48/AM49) -> 1.3312092 | AN51: =ABS(AN48/AN49) -> 7.8900125
L52: 4 | M52: 13.781687 | N52: 1.8367563 | O52: 16.981007 | P52: 2.1039922 | Q52: 1.7693451 | R52: 45.599837 | S52: 46.961647 | T52: 407.97252 | U52: 420.08353 | V52: 0.16690592 | W52: 0.17217088 | X52: 0.033045663 | Y52: =Y5*$Y$49/$Y$2 -> 0.15211382 | Z52: =Z5*$Z$49/$Z$2 -> 0.15706327 | AA52: 1.4086787 | AI52: Note: Dollar values represent present value of impacts accumulated over the lifetime of the measures.
L53: 5 | M53: 17.090633 | N53: 2.2795614 | O53: 21.058101 | P53: 2.6112226 | Q53: 2.1966645 | R53: 56.194912 | S53: 58.436193 | T53: 501.10292 | U53: 520.94445 | V53: 0.19926854 | W53: 0.20747439 | X53: 0.037918871 | Y53: =Y6*$Y$49/$Y$2 -> 0.18693852 | Z53: =Z6*$Z$49/$Z$2 -> 0.19505259 | AA53: 1.6243002
L54: 6 | M54: 20.346725 | N54: 2.7157163 | O54: 25.070072 | P54: 3.1108352 | Q54: 2.6178284 | R54: 66.486351 | S54: 69.806325 | T54: 590.9369 | U54: 620.19434 | V54: 0.23003528 | W54: 0.24177478 | X54: 0.042499825 | Y54: =Y7*$Y$49/$Y$2 -> 0.22024644 | Z54: =Z7*$Z$49/$Z$2 -> 0.23218602 | AA54: 1.8300811
L55: 7 | M55: 23.550809 | N55: 3.145194 | O55: 29.017961 | P55: 3.602799 | Q55: 3.032794 | R55: 76.482857 | S55: 81.072992 | T55: 677.59114 | U55: 717.85891 | V55: 0.25807618 | W55: 0.27372348 | X55: 0.046419398 | Y55: =Y8*$Y$49/$Y$2 -> 0.25211047 | Z55: =Z8*$Z$49/$Z$2 -> 0.26849064 | AA55: 2.0088895
L56: 8 | M56: 26.703713 | N56: 3.5679759 | O56: 32.90279 | P56: 4.0870929 | Q56: 3.4415274 | R56: 86.192881 | S56: 92.237135 | T56: 761.1782 | U56: 813.9635 | V56: 0.28786629 | W56: 0.30841128 | X56: 0.051834308 | Y56: =Y9*$Y$49/$Y$2 -> 0.28279953 | Z56: =Z9*$Z$49/$Z$2 -> 0.3042252 | AA56: 2.2598265
L57: 9 | M57: 29.806257 | N57: 3.9840515 | O57: 36.725567 | P57: 4.5637048 | Q57: 3.8440033 | R57: 95.624633 | S57: 103.29969 | T57: 841.80663 | U57: 908.53302 | V57: 0.3160825 | W57: 0.34198867 | X57: 0.057550727 | Y57: =Y10*$Y$49/$Y$2 -> 0.31237344 | Z57: =Z10*$Z$49/$Z$2 -> 0.33941825 | AA57: 2.5290057
L58: 10 | M58: 32.859244 | N58: 4.3934179 | O58: 40.487283 | P58: 5.0326313 | Q58: 4.2402045 | R58: 104.78609 | S58: 114.26157 | T58: 919.58116 | U58: 1001.592 | V58: 0.34456086 | W58: 0.376623 | X58: 0.063989652 | Y58: =Y11*$Y$49/$Y$2 -> 0.34087918 | Z58: =Z11*$Z$49/$Z$2 -> 0.37408587 | AA58: 2.8371762
L59: 11 | M59: 35.863467 | N59: 4.7960792 | O59: 44.188914 | P59: 5.4938771 | Q59: 4.630121 | R59: 113.68499 | S59: 125.12371 | T59: 994.6028 | U59: 1093.1645 | V59: 0.37104961 | W59: 0.4095458 | X59: 0.069866233 | Y59: =Y12*$Y$49/$Y$2 -> 0.36837258 | Z59: =Z12*$Z$49/$Z$2 -> 0.40825735 | AA59: 3.123116
L60: 12 | M60: 38.819703 | N60: 5.1920458 | O60: 47.831419 | P60: 5.9474543 | Q60: 5.0137501 | R60: 122.32887 | S60: 135.88701 | T60: 1066.969 | U60: 1183.2744 | V60: 0.39650575 | W60: 0.44188068 | X60: 0.075161211 | Y60: =Y13*$Y$49/$Y$2 -> 0.39486499 | Z60: =Z13*$Z$49/$Z$2 -> 0.44190853 | AA60: 3.3851124
L61: 13 | M61: 41.728719 | N61: 5.5813347 | O61: 51.415743 | P61: 6.3933822 | Q61: 5.3910956 | R61: 130.72503 | S61: 146.55236 | T61: 1136.7738 | U61: 1271.945 | V61: 0.42102715 | W61: 0.47371295 | X61: 0.080215809 | Y61: =Y14*$Y$49/$Y$2 -> 0.42042095 | Z61: =Z14*$Z$49/$Z$2 -> 0.47508381 | AA61: 3.6395049
L62: 14 | M62: 44.59127 | N62: 5.9640327 | O62: 54.942815 | P62: 6.8317602 | Q62: 5.7621675 | R62: 138.88057 | S62: 157.12066 | T62: 1204.1077 | U62: 1359.1992 | V62: 0.44427295 | W62: 0.50455268 | X62: 0.085091287 | Y62: =Y15*$Y$49/$Y$2 -> 0.44510859 | Z62: =Z15*$Z$49/$Z$2 -> 0.50783639 | AA62: 3.8891086
L63: 15 | M63: 47.408098 | N63: 6.3401013 | O63: 58.413549 | P63: 7.2625443 | Q63: 6.1269814 | R63: 146.80239 | S63: 167.59279 | T63: 1269.0583 | U63: 1445.0597 | V63: 0.46627471 | W63: 0.53438361 | X63: 0.090080045 | Y63: =Y16*$Y$49/$Y$2 -> 0.46890478 | Z63: =Z16*$Z$49/$Z$2 -> 0.54010028 | AA63: 4.1490139
L64: 16 | M64: 50.179932 | N64: 6.7095736 | O64: 61.828845 | P64: 7.6857723 | Q64: 6.4856187 | R64: 154.49718 | S64: 177.96963 | T64: 1331.71 | U64: 1529.5488 | V64: 0.48819289 | W64: 0.5647545 | X64: 0.094982344 | Y64: =Y17*$Y$49/$Y$2 -> 0.49163641 | Z64: =Z17*$Z$49/$Z$2 -> 0.57159833 | AA64: 4.4089746
... L68: 20 | M68: 60.831545 | N68: 8.1223156 | O68: 74.953154 | P68: 9.3040591 | Q68: 7.8583734 | R68: 183.13346 | S68: 218.54127 | T68: 1560.9117 | U68: 1854.2237 | V68: 0.56609401 | W68: 0.67866574 | X68: 0.11206557 | Y68: =Y21*$Y$49/$Y$2 -> 0.57411904 | Z68: =Z21*$Z$49/$Z$2 -> 0.69218305 | AA68: 5.356453

Sheet MN TEP CBA (2025)
B1: TEP Inputs | K1: 2025 ARR Values | M1: Gasoline Cost | N1: Gasoline Externalities | O1: Diesel Cost | P1: Diesel Externalities | Q1: Societal Carbon Benefit | R1: Utility T&D | S1: Societal T&D | T1: Utility Generation | U1: Societal Generation | V1: Utility Marginal Energy | W1: Societal Marginal Energy | X1: Electric Environmental externalities | Y1: RIM Bill Reduction | Z1: Participant Bill Reduction | AA1: Electric Carbon impact | AB1: Gasoline Carbon intensity | AC1: Gasoline Source energy conversion | AD1: Diesel Carbon intensity | AE1: Diesel Source energy conversion | AF1: Societal Discount Rate
B2: Product Lifetime | C2: kWh Savings (EV kWh) | D2: Peak kW Savings | E2: Gasoline Savings (gallons) | F2: Diesel Savings (gallons) | G2: O&M Savings | H2: Rebates | I2: EV Incremental Cost | L2: 1 | M2: 3.41544 | N2: 0.46003183 | O2: 4.2777471 | P2: 0.52696344 | Q2: 0.45121521 | R2: 11.627476 | S2: 11.627476 | T2: 105.82477 | U2: 105.82477 | V2: 0.045230965 | W2: 0.045230965 | X2: 0.009220609 | Y2: 0.14959872 | Z2: 0.14959872 | AA2: 0.39270055 | AB2: 19.592497 | AC2: 120286 | AD2: 22.44 | AF2: 0.033 | AI2: Electric Vehicles | AL2: Transportation Electrification Plan | AP2: 2025 | AQ2: GOAL
A3: LD EVs | B3: ='MN TEP CBA (2024)'!B3 -> 10 | C3: ='MN TEP CBA (2024)'!C3 -> -3801.8923 | D3: ='MN TEP CBA (2024)'!D3 -> -0.53402916 | E3: ='MN TEP CBA (2024)'!E3 -> 534.42851 | F3: ='MN TEP CBA (2024)'!F3 -> 0 | G3: ='MN TEP CBA (2024)'!G3 -> 759.17708 | H3: ='MN TEP CBA (2024)'!H3 -> 0 | I3: ='MN TEP CBA (2024)'!I3 -> 17000 | L3: 2 | M3: 6.7763255 | N3: 0.91390256 | O3: 8.4871662 | P3: 1.0468694 | Q3: 0.89655097 | R3: 22.921729 | S3: 23.149144 | T3: 207.90379 | U3: 209.9592 | V3: 0.088776778 | W3: 0.089734031 | X3: 0.017946557 | Y3: 0.29484059 | Z3: 0.29803339 | AA3: 0.76937854 | AI3: 2025 Net Present Cost Benefit Summary Analysis For All Participants Benefits (Positive Values) Costs (Negative Values)
A4: EBus | B4: ='MN TEP CBA (2024)'!B4 -> 10 | C4: ='MN TEP CBA (2024)'!C4 -> -7500 | D4: ='MN TEP CBA (2024)'!D4 -> -1.0534803 | E4: ='MN TEP CBA (2024)'!E4 -> 0 | F4: ='MN TEP CBA (2024)'!F4 -> 2500 | G4: ='MN TEP CBA (2024)'!G4 -> 5835 | H4: ='MN TEP CBA (2024)'!H4 -> 0 | I4: ='MN TEP CBA (2024)'!I4 -> 250000 | L4: 3 | M4: 10.083528 | N4: 1.3616281 | O4: 12.629349 | P4: 1.5597361 | Q4: 1.3359224 | R4: 33.892309 | S4: 34.565969 | T4: 306.36965 | U4: 312.43031 | V4: 0.1297237 | W4: 0.13250098 | X4: 0.02630353 | Y4: 0.4354944 | Z4: 0.44493907 | AA4: 1.1350802 | AL4: Electric Rate
